Workbook
Name \4: #REF!
Name \a: #REF!
Name \a: #REF!
Name \a: #REF!
Name \a: #REF!
Name \a: #REF!
Name \a: #REF!
Name \a: #REF!
Name \a: #REF!
Name \a: #REF!
Name \b: #REF!
Name \b: #REF!
Name \b: #REF!
Name \b: #REF!
Name \b: #REF!
Name \b: #REF!
Name \b: #REF!
Name \b: #REF!
Name \b: #REF!
Name \c: #REF!
Name \c: #REF!
Name \c: #REF!
Name \c: #REF!
Name \c: #REF!
Name \c: #REF!
Name \c: #REF!
Name \c: #REF!
Name \c: #REF!
Name \d: #REF!
Name \d: #REF!
Name \d: #REF!
Name \d: #REF!
Name \d: #REF!
Name \d: #REF!
Name \d: #REF!
Name \d: #REF!
Name \d: #REF!
Name \l: #REF!
Name \l: #REF!
Name \l: #REF!
Name \l: #REF!
Name \l: #REF!
Name \l: #REF!
Name \l: #REF!
Name \l: #REF!
Name \l: #REF!
Name \p: #REF!
Name \p: #REF!
Name \p: #REF!
Name \p: #REF!
Name \p: #REF!
Name \p: #REF!
Name \p: #REF!
Name \p: #REF!
Name \p: #REF!
Name \R: #REF!
Name \S: #REF!
Name \V: #REF!
Name \w: #REF!
Name \w: #REF!

Sheet Rate Changes
C1: Note: Rate % adjustments in this tab flow to following tabs to adjust individual charges. | I1: Effective date | J1: 46082 | L1: Final Revenue Requirement | O1: Note: This is where rate changes flow through to Proof of Revenue
C2: Rates in those tabs flow to Proof of Revenue, H-4 Bill Impact and other | L2: Gross Revenue Increase | O2: and feed back to this file to balance the Revenue Requirement to revenues collected.
L3: Other Revenues
C4: Margin | E4: Direct Across the Board Increase | F4: 0.05 | L4: Net Revenue Increase
F5: Note: For reference, not used after Direct Case | N5: Proof of Revenue | O5: Proof of Revenue | P5: CCOSS | Q5: Proof of Revenue | S5: Proof of Revenue
N6: Revenue from | O6: Margin Rev | P6: Class/System | Q6: Proposed
D7: Note: Adjust rates & charges here as % of current. | I7: Average bill imapct | N7: Sales | O7: from Sales | P7: ROR | Q7: Revenue | S7: Adjusted Therms | T7: $/therm
E8: Customer | F8: Delivery | I8: $ | J8: % | M8: Residential | N8: =Summary!N8 -> 83845184 | O8: =Summary!O8 -> 54362763 | P8: 0.066417208 | Q8: =Summary!O8 -> 54362763 | R8: 0 | S8: =Summary!N8 -> 83845184 | T8: =O8/S8 -> 0.64837073
C9: 0.35572871 | D9: Residential | E9: 1.94 | F9: =G16 -> 0.0367 | G9: ROO | H9: GRRES | I9: =GRRES!R20 -> 4.6036111 | J9: =GRRES!S20 -> 0.10307424 | M9: Small Non-Res Service | N9: =Summary!N9 -> 36221648 | O9: =Summary!O9 -> 15860448 | P9: 0.081314683 | Q9: =Summary!O9 -> 15860448 | R9: 0 | S9: =Summary!N9 -> 36221648 | T9: =O9/S9 -> 0.43787208
D10: Small | E10: 8.32 | F10: =G13 -> 0.0297 | H10: GRRESC | I10: =GRRES!R20 -> 4.6036111 | J10: =GRRES!S20 -> 0.10307424 | M10: Large Non-Res Service | N10: =Summary!N10 -> 42588363 | O10: =Summary!O10 -> 7170903.8 | P10: -0.0090874491 | Q10: =Summary!O10 -> 7170903.8 | R10: 0 | S10: =Summary!N10 -> 42588363 | T10: =O10/S10 -> 0.16837707
D11: Large | E11: 60.73 | F11: =G14 -> -0.0484 | H11: GGSVS | I11: =GGSVS!R20 -> 22.335453 | J11: =GGSVS!S20 -> 0.10592916 | M11: TOTAL | N11: =SUM(N8:N10) -> 1.6265519e+08 | O11: =SUM(O8:O10) -> 77394115 | P11: 0.04907368 | Q11: =SUM(Q8:Q10) -> 77394115 | R11: 0 | S11: =SUM(S8:S10) -> 1.6265519e+08 | T11: =O11/S11 -> 0.47581705
H12: GILVS | I12: =GILVS!R20 -> 1299.1247 | J12: =GILVS!S20 -> 0.11145836 | L12: From RR Model: | O12: RR Margin from Sales
E13: 0.2837 | F13: 0.3134 | G13: =F13-E13 -> 0.0297 | L13: Revenue Requirement | M13: =S13 -> 78719110 | O13: =M13-M14-M15 -> 77402499 | R13: 77402499 | S13: =SUM(R13:R14) -> 78719110
E14: 0.2104 | F14: 0.162 | G14: =F14-E14 -> -0.0484 | L14: Other Revenue | M14: ='Schedule G-2 Proposed Rates'!D30 -> 1316611.2 | N14: Difference | O14: =O13-O11 -> 8384.1969 | R14: =M14 -> 1316611.2
L15: Purchased Gas Expense | M15: 0 | O15: =O14/O13 -> 0.00010831946
E16: 0.3434 | F16: 0.3801 | G16: =F16-E16 -> 0.0367 | R16: Target
N17: ROO | O17: State and Federal Tax | Q17: =[6]C3!$J$17 -> 0.24867559 | R17: 4184258
L18: res | M18: 0.70207401 | N18: 54746061 | Q18: Residential | R18: Small Volume General Service | S18: Large Volume General Service
L19: svs | M19: 0.20483276 | N19: 15972371
A20: Effective 5-1-2012 | B20: Current Rates | L20: lvs | M20: 0.093093231 | N20: 7259188.7 | O20: Income tax expense | Q20: =R17-R20-S20 -> 2059258 | R20: =1450000 -> 1450000 | S20: =675000 -> 675000 | T20: =R17-SUM(Q20:S20) -> 0
D21: CUSTOMER | E21: DELIVERY | N21: Final | O21: Operating income | Q21: 12301326 | R21: 8646057.9 | S21: 4036604.6
B22: GRRES | D22: =VLOOKUP(B22,'UNSG - ALL RATES'!$F$2:$AP$22,8,0) -> 10 | E22: =VLOOKUP(B22,'UNSG - ALL RATES'!$F$3:$DF$22,41,0) -> 0.3434 | L22: res | M22: =N22/$N$25 -> 0.70241468 | N22: =O8 -> 54362763 | Q22: =Q21*$Q$17 -> 3059039.5 | R22: =R21*$Q$17 -> 2150063.5 | S22: =S21*$Q$17 -> 1003805
B23: GRRESC | D23: =VLOOKUP(B23,'UNSG - ALL RATES'!$F$2:$AP$22,8,0) -> 7 | E23: =VLOOKUP(B23,'UNSG - ALL RATES'!$F$3:$DF$22,41,0) -> 0.3434 | L23: svs | M23: =N23/$N$25 -> 0.20493094 | N23: =O9 -> 15860448 | O23: Proposed income tax expense net interest credits, etc. | Q23: =Q20/Q21 -> 0.1674013 | R23: =R20/R21 -> 0.16770649 | S23: =S20/S21 -> 0.16721975
B24: GGLVS | D24: =VLOOKUP(B24,'UNSG - ALL RATES'!$F$2:$AP$22,8,0) -> 225 | E24: =VLOOKUP(B24,'UNSG - ALL RATES'!$F$3:$DF$22,41,0) -> 0.2104 | L24: lvs | M24: =N24/$N$25 -> 0.092654381 | N24: =O10 -> 7170903.8
B25: GGSVS | D25: =VLOOKUP(B25,'UNSG - ALL RATES'!$F$2:$AP$22,8,0) -> 20 | E25: =VLOOKUP(B25,'UNSG - ALL RATES'!$F$3:$DF$22,41,0) -> 0.2837 | N25: =SUM(N22:N24) -> 77394115
B26: GISVS | D26: =VLOOKUP(B26,'UNSG - ALL RATES'!$F$2:$AP$22,8,0) -> 20 | E26: =VLOOKUP(B26,'UNSG - ALL RATES'!$F$3:$DF$22,41,0) -> 0.3061 | L26: Difference | M26: =M18-M22 -> -0.00034066941
B27: GILVS | D27: =VLOOKUP(B27,'UNSG - ALL RATES'!$F$2:$AP$22,8,0) -> 225 | E27: =VLOOKUP(B27,'UNSG - ALL RATES'!$F$3:$DF$22,41,0) -> 0.1248 | M27: =M19-M23 -> -9.8180646e-05
B28: GPSVS | D28: =VLOOKUP(B28,'UNSG - ALL RATES'!$F$2:$AP$22,8,0) -> 20 | E28: =VLOOKUP(B28,'UNSG - ALL RATES'!$F$3:$DF$22,41,0) -> 0.2841 | M28: =M20-M24 -> 0.00043885005
B29: GPLVS | D29: =VLOOKUP(B29,'UNSG - ALL RATES'!$F$2:$AP$22,8,0) -> 225 | E29: =VLOOKUP(B29,'UNSG - ALL RATES'!$F$3:$DF$22,41,0) -> 0.1527
B30: GPCNGSV | D30: =VLOOKUP(B30,'UNSG - ALL RATES'!$F$2:$AP$22,8,0) -> 20 | E30: =VLOOKUP(B30,'UNSG - ALL RATES'!$F$3:$DF$22,41,0) -> 0.2841
B31: GRCNG | D31: =VLOOKUP(B31,'UNSG - ALL RATES'!$F$2:$AP$22,8,0) -> 10 | E31: =VLOOKUP(B31,'UNSG - ALL RATES'!$F$3:$DF$22,41,0) -> 0.3434
B32: GGIRS | D32: =VLOOKUP(B32,'UNSG - ALL RATES'!$F$2:$AP$22,8,0) -> 20 | E32: =VLOOKUP(B32,'UNSG - ALL RATES'!$F$3:$DF$22,41,0) -> 0.3532
B33: GTGLVS | D33: =VLOOKUP(B33,'UNSG - ALL RATES'!$F$2:$AP$22,8,0) -> 225 | E33: =VLOOKUP(B33,'UNSG - ALL RATES'!$F$3:$DF$22,41,0) -> 0.2104
B34: GTILVS | D34: =VLOOKUP(B34,'UNSG - ALL RATES'!$F$2:$AP$22,8,0) -> 225 | E34: =VLOOKUP(B34,'UNSG - ALL RATES'!$F$3:$DF$22,41,0) -> 0.1248
B35: GTPLVS | D35: =VLOOKUP(B35,'UNSG - ALL RATES'!$F$2:$AP$22,8,0) -> 225 | E35: =VLOOKUP(B35,'UNSG - ALL RATES'!$F$3:$DF$22,41,0) -> 0.1527
B36: GTNILVS | D36: =VLOOKUP(B36,'UNSG - ALL RATES'!$F$2:$AP$22,8,0) -> 225 | E36: =VLOOKUP(B36,'UNSG - ALL RATES'!$F$3:$DF$22,41,0) -> 0.1248
B37: GTNGLVS | D37: =VLOOKUP(B37,'UNSG - ALL RATES'!$F$2:$AP$22,8,0) -> 225 | E37: =VLOOKUP(B37,'UNSG - ALL RATES'!$F$3:$DF$22,41,0) -> 0.2104
B38: GCNGLVS | D38: =VLOOKUP(B38,'UNSG - ALL RATES'!$F$2:$AP$22,8,0) -> 225 | E38: =VLOOKUP(B38,'UNSG - ALL RATES'!$F$3:$DF$22,41,0) -> 0.2104
B39: GTCNGGLV | D39: =VLOOKUP(B39,'UNSG - ALL RATES'!$F$2:$AP$22,8,0) -> 225 | E39: =VLOOKUP(B39,'UNSG - ALL RATES'!$F$3:$DF$22,41,0) -> 0.2104
B40: GTGSVS | D40: =VLOOKUP(B40,'UNSG - ALL RATES'!$F$2:$AP$22,8,0) -> 20 | E40: =VLOOKUP(B40,'UNSG - ALL RATES'!$F$3:$DF$22,41,0) -> 0.2841
A42: Lookup | C42: Proposed
D43: CUSTOMER | E43: DELIVERY
D44: BASIC_SERVICE_CHARGE | E44: THERM_DELIVERY_TIER1
A45: =$J$1&B45 -> 46082GRRES | B45: GRRES | C45: Residential | D45: =ROUND(D22+INDEX($D$9:$F$11,MATCH($C45,$D$9:$D$11,0),MATCH($D$43,$D$8:$F$8,0)),6) -> 11.94 | E45: =ROUND(E22+INDEX($D$9:$F$14,MATCH($C45,$D$9:$D$14,0),MATCH($E$43,$D$8:$F$8,0)),4) -> 0.3801
A46: =$J$1&B46 -> 46082GRRESC | B46: GRRESC | C46: Residential | D46: =D45 -> 11.94 | E46: =E45 -> 0.3801
A47: =$J$1&B47 -> 46082GGLVS | B47: GGLVS | C47: Large | D47: =D50 -> 285.73 | E47: =E50 -> 0.162
A48: =$J$1&B48 -> 46082GGSVS | B48: GGSVS | C48: Small | D48: =ROUND(D25+INDEX($D$9:$F$14,MATCH($C48,$D$9:$D$14,0),MATCH($D$43,$D$8:$F$8,0)),6) -> 28.32 | E48: =ROUND(E25+INDEX($D$9:$F$14,MATCH($C48,$D$9:$D$14,0),MATCH($E$43,$D$8:$F$8,0)),4) -> 0.3134
A49: =$J$1&B49 -> 46082GISVS | B49: GISVS | C49: Small | D49: =D48 -> 28.32 | E49: =E48 -> 0.3134
A50: =$J$1&B50 -> 46082GILVS | B50: GILVS | C50: Large | D50: =ROUND(D27+INDEX($D$9:$F$14,MATCH($C50,$D$9:$D$14,0),MATCH($D$43,$D$8:$F$8,0)),6) -> 285.73 | E50: =ROUND(E24+INDEX($D$9:$F$14,MATCH($C50,$D$9:$D$14,0),MATCH($E$43,$D$8:$F$8,0)),4) -> 0.162
A51: =$J$1&B51 -> 46082GPSVS | B51: GPSVS | C51: Small | D51: =D48 -> 28.32 | E51: =E48 -> 0.3134
A52: =$J$1&B52 -> 46082GPLVS | B52: GPLVS | C52: Large | D52: =D50 -> 285.73 | E52: =E50 -> 0.162
A53: =$J$1&B53 -> 46082GPCNGSV | B53: GPCNGSV | C53: Small | D53: =D48 -> 28.32 | E53: =E48 -> 0.3134
A54: =$J$1&B54 -> 46082GRCNG | B54: GRCNG | C54: Residential | D54: =D45 -> 11.94 | E54: =E45 -> 0.3801
A55: =$J$1&B55 -> 46082GGIRS | B55: GGIRS | C55: Small | D55: =D48 -> 28.32 | E55: =E48 -> 0.3134
A56: =$J$1&B56 -> 46082GTGLVS | B56: GTGLVS | C56: Large | D56: =D57 -> 285.73 | E56: =E57 -> 0.162
A57: =$J$1&B57 -> 46082GTILVS | B57: GTILVS | C57: Large | D57: =ROUND(D34+INDEX($D$9:$F$14,MATCH($C57,$D$9:$D$14,0),MATCH($D$43,$D$8:$F$8,0)),6) -> 285.73 | E57: =ROUND(E37+INDEX($D$9:$F$14,MATCH($C57,$D$9:$D$14,0),MATCH($E$43,$D$8:$F$8,0)),4) -> 0.162
A58: =$J$1&B58 -> 46082GTPLVS | B58: GTPLVS | C58: Large | D58: =D57 -> 285.73 | E58: =E57 -> 0.162
A59: =$J$1&B59 -> 46082GTNILVS | B59: GTNILVS | C59: Large | D59: =ROUND(D36+INDEX($D$9:$F$14,MATCH($C59,$D$9:$D$14,0),MATCH($D$43,$D$8:$F$8,0)),6) -> 285.73 | E59: =ROUND(E37+INDEX($D$9:$F$14,MATCH($C59,$D$9:$D$14,0),MATCH($E$43,$D$8:$F$8,0)),4) -> 0.162
A60: =$J$1&B60 -> 46082GTNGLVS | B60: GTNGLVS | C60: Large | D60: =D59 -> 285.73 | E60: =E59 -> 0.162
A61: =$J$1&B61 -> 46082GCNGLVS | B61: GCNGLVS | C61: Large | D61: =D59 -> 285.73 | E61: =E59 -> 0.162
A62: =$J$1&B62 -> 46082GTCNGGLV | B62: GTCNGGLV | C62: Large | D62: =D59 -> 285.73 | E62: =E59 -> 0.162
A63: =$J$1&B63 -> 46082GTGSVS | B63: GTGSVS | C63: Small | D63: =D48 -> 28.32 | E63: =E48 -> 0.3134

Sheet Summary
B1: 1 | C1: =B1+1 -> 2 | D1: =C1+1 -> 3 | E1: =D1+1 -> 4 | F1: =E1+1 -> 5 | G1: =F1+1 -> 6 | H1: =G1+1 -> 7 | I1: =H1+1 -> 8 | J1: =I1+1 -> 9 | ... S1: =R1+1 -> 18
C2: 6 | D2: =C2+1 -> 7 | E2: =D2+1 -> 8 | F2: =E2+1 -> 9 | G2: =F2+1 -> 10 | H2: =G2+1 -> 11 | I2: =H2+1 -> 12 | J2: =I2+1 -> 13 | K2: =J2+1 -> 14 | ... S2: =R2+1 -> 22
C3: TEST YEAR UNADJUSTED | H3: TEST YEAR ADJUSTED | M3: PROPOSED
A5: Distribution Id | B5: Rate Description | C5: Basic Service Charges | D5: Sales (T) | E5: Margin Revenues | F5: Total Margin Revenues from Sales | H5: Basic Service Charges | I5: Sales (T) | J5: Margin Revenues | K5: Total Revenues from Sales | M5: Basic Service Charges | N5: Sales (T) | O5: Margin Revenues | P5: Total Revenues from Sales | Q5: Average Margin Rates | R5: Average $/T
B7: Class Summary
B8: Residential | C8: =SUM(C15:C16,C24) -> 1878084 | D8: =SUM(D15:D16,D24) -> 84422640 | E8: =SUM(E15:E16,E24) -> 47259624 | F8: =E8 -> 47259624 | H8: =SUM(H15:H16,H24) -> 1883853.3 | I8: =SUM(I15:I16,I24) -> 83845184 | J8: =SUM(J15:J16,J24) -> 47630969 | K8: =J8 -> 47630969 | M8: =SUM(M15:M16,M24) -> 1883853.3 | N8: =SUM(N15:N16,N24) -> 83845184 | O8: =SUM(O15:O16,O24) -> 54362763 | P8: =O8 -> 54362763 | Q8: =IFERROR(O8/N8,0) -> 0.64837073 | R8: =IFERROR(P8/N8,0) -> 0.64837073 | U8: TY Margin for non Transport | V8: =SUM(O15:O26) -> 71510560 | X8: TY Margin for Transport | Y8: =SUM(O27:O29) -> 5883554.7
B9: Small Volume General Service | C9: =+SUM(C17:C19,C23,C25) -> 158883 | D9: =+SUM(D17:D19,D23,D25) -> 39557016 | E9: =+SUM(E17:E19,E23,E25) -> 14422190 | F9: =E9 -> 14422190 | H9: =+SUM(H17:H19,H23,H25) -> 159218.41 | I9: =+SUM(I17:I19,I23,I25) -> 39416904 | J9: =+SUM(J17:J19,J23,J25) -> 14389763 | K9: =J9 -> 14389763 | M9: =+SUM(M17:M19,M23,M25) -> 159201.41 | N9: =+SUM(N17:N19,N23,N25) -> 36221648 | O9: =+SUM(O17:O19,O23,O25) -> 15860448 | P9: =O9 -> 15860448 | Q9: =IFERROR(O9/N9,0) -> 0.43787208 | R9: =IFERROR(P9/N9,0) -> 0.43787208 | X9: Unadjusted TY Transport | Y9: ='[1]Rev-Gas Summary'!$C$14 -> 6779086.6
B10: Large Volume General Service | C10: =SUM(C20:C22,C26:C30) -> 927 | D10: =SUM(D20:D22,D26:D30) -> 39440231 | E10: =SUM(E20:E22,E26:E30) -> 5651915 | F10: =E10 -> 5651915 | H10: =SUM(H20:H22,H26:H30) -> 933.50926 | I10: =SUM(I20:I22,I26:I30) -> 39393107 | J10: =SUM(J20:J22,J26:J30) -> 5645219.6 | K10: =J10 -> 5645219.6 | M10: =SUM(M20:M22,M26:M30) -> 950.50926 | N10: =SUM(N20:N22,N26:N30) -> 42588363 | O10: =SUM(O20:O22,O26:O30) -> 7170903.8 | P10: =SUM(P20:P22,P26:P30) -> 7170903.8 | Q10: =IFERROR(O10/N10,0) -> 0.16837707 | R10: =IFERROR(P10/N10,0) -> 0.16837707 | U10: Net Sales to Ultimate Customers | V10: ='[2]A3-06'!$C$10 -> 56939230 | X10: Golden Valley Pipeline | Y10: ='[1]Rev-Gas Summary'!$E$14 -> -824366.36
B11: Total Company | C11: =SUM(C8:C10) -> 2037894 | D11: =SUM(D8:D10)+D31 -> 163383766 | E11: =SUM(E8:E10)+E31 -> 67397028 | F11: =SUM(E11:E11) -> 67397028 | H11: =SUM(H8:H10) -> 2044005.2 | I11: =SUM(I8:I10) -> 1.6265519e+08 | J11: =SUM(J8:J10) -> 67665952 | K11: =SUM(K8:K10) -> 67665952 | M11: =SUM(M8:M10) -> 2044005.2 | N11: =SUM(N8:N10) -> 1.6265519e+08 | O11: =SUM(O8:O10) -> 77394115 | P11: =SUM(O11:O11) -> 77394115 | Q11: =IFERROR(O11/N11,0) -> 0.47581705 | R11: =IFERROR(P11/N11,0) -> 0.47581705 | U11: TCJA / LFCR | V11: ='[2]A3-06'!$F$10 -> 2264574.7 | X11: Adjustment | Y11: =Y8-SUM(Y9:Y10) -> -71165.576
B12: Checks | D12: =SUM('[3]Total Sales'!$AU$244:$AU$255)-(D11)+SUM(D26:D30) -> 0 | E12: =E11-[4]Summary!$G$226-E31 -> -5.835318e-09 | I12: =I11-[4]Summary!$F$212 -> 0 | J12: =J11-[4]Summary!$M$226 -> 0 | K12: =K11-[4]Summary!$M$226 -> 0 | N12: =N11-I11 -> 0 | U12: Cares Discount | V12: ='[2]A3-06'!$G$10 -> 339852.2
U13: Miscellaneous Service Fee Revenues | V13: 0
B14: RATE ID
B15: GRRES | C15: =VLOOKUP($B15&" "&C$5,'Revenue Proof Breakout'!$L$1:$Y$108,MATCH("TY Billing Determinants",'Revenue Proof Breakout'!$L$1:$Y$1,0),0) -> 1804456 | D15: =VLOOKUP($B15&" "&D$5,'Revenue Proof Breakout'!$L$1:$Y$108,MATCH("TY Billing Determinants",'Revenue Proof Breakout'!$L$1:$Y$1,0),0) -> 81711283 | E15: =VLOOKUP($B15&" "&E$5,'Revenue Proof Breakout'!$L$1:$Y$835,MATCH("TY Revenues",'Revenue Proof Breakout'!$L$1:$Y$1,0),0) -> 46104215 | F15: =SUM(E15:E15) -> 46104215 | H15: =VLOOKUP($B15&" "&H$5,'Revenue Proof Breakout'!$L$1:$Y$835,MATCH("Adjusted Billing Determinants",'Revenue Proof Breakout'!$L$1:$Y$1,0),0) -> 1814143.6 | I15: =VLOOKUP($B15&" "&I$5,'Revenue Proof Breakout'!$L$1:$Y$999,MATCH("Adjusted Billing Determinants",'Revenue Proof Breakout'!$L$1:$Y$1,0),0) -> 81350019 | J15: =VLOOKUP($B15&" "&J$5,'Revenue Proof Breakout'!$L$1:$Y$835,MATCH("Adjusted TY Revenues",'Revenue Proof Breakout'!$L$1:$Y$1,0),0) -> 46077033 | K15: =SUM(J15:J15) -> 46077033 | M15: =VLOOKUP($B15&" "&M$5,'Revenue Proof Breakout'!$L$1:$Y$835,MATCH("Proposed Billing Determinants",'Revenue Proof Breakout'!$L$1:$Y$1,0),0) -> 1814167.6 | N15: =VLOOKUP($B15&" "&N$5,'Revenue Proof Breakout'!$L$1:$Y$108,MATCH("Proposed Billing Determinants",'Revenue Proof Breakout'!$L$1:$Y$1,0),0) -> 81350797 | O15: =VLOOKUP($B15&" "&O$5,'Revenue Proof Breakout'!$L$1:$Y$835,MATCH("Proposed Revenues",'Revenue Proof Breakout'!$L$1:$Y$1,0),0) -> 52582599 | P15: =SUM(O15:O15) -> 52582599 | Q15: =IFERROR(O15/N15,0) -> 0.64636858 | R15: =IFERROR(P15/N15,0) -> 0.64636858 | U15: Adjustment | V15: =V8-SUM(V10:V13) -> 11966903
B16: GRRESC | C16: =VLOOKUP($B16&" "&C$5,'Revenue Proof Breakout'!$L$1:$Y$108,MATCH("TY Billing Determinants",'Revenue Proof Breakout'!$L$1:$Y$1,0),0) -> 73604 | D16: =VLOOKUP($B16&" "&D$5,'Revenue Proof Breakout'!$L$1:$Y$108,MATCH("TY Billing Determinants",'Revenue Proof Breakout'!$L$1:$Y$1,0),0) -> 2710566 | E16: =VLOOKUP($B16&" "&E$5,'Revenue Proof Breakout'!$L$1:$Y$835,MATCH("TY Revenues",'Revenue Proof Breakout'!$L$1:$Y$1,0),0) -> 1154897.8 | F16: =SUM(E16:E16) -> 1154897.8 | H16: =VLOOKUP($B16&" "&H$5,'Revenue Proof Breakout'!$L$1:$Y$835,MATCH("Adjusted Billing Determinants",'Revenue Proof Breakout'!$L$1:$Y$1,0),0) -> 69685.695 | I16: =VLOOKUP($B16&" "&I$5,'Revenue Proof Breakout'!$L$1:$Y$999,MATCH("Adjusted Billing Determinants",'Revenue Proof Breakout'!$L$1:$Y$1,0),0) -> 2494386.7 | J16: =VLOOKUP($B16&" "&J$5,'Revenue Proof Breakout'!$L$1:$Y$835,MATCH("Adjusted TY Revenues",'Revenue Proof Breakout'!$L$1:$Y$1,0),0) -> 1553429.4 | K16: =SUM(J16:J16) -> 1553429.4 | M16: =VLOOKUP($B16&" "&M$5,'Revenue Proof Breakout'!$L$1:$Y$835,MATCH("Proposed Billing Determinants",'Revenue Proof Breakout'!$L$1:$Y$1,0),0) -> 69685.695 | N16: =VLOOKUP($B16&" "&N$5,'Revenue Proof Breakout'!$L$1:$Y$108,MATCH("Proposed Billing Determinants",'Revenue Proof Breakout'!$L$1:$Y$1,0),0) -> 2494386.7 | O16: =VLOOKUP($B16&" "&O$5,'Revenue Proof Breakout'!$L$1:$Y$835,MATCH("Proposed Revenues",'Revenue Proof Breakout'!$L$1:$Y$1,0),0) -> 1780163.6 | P16: =SUM(O16:O16) -> 1780163.6 | Q16: =IFERROR(O16/N16,0) -> 0.71366784 | R16: =IFERROR(P16/N16,0) -> 0.71366784
B17: GGSVS | C17: =VLOOKUP($B17&" "&C$5,'Revenue Proof Breakout'!$L$1:$Y$108,MATCH("TY Billing Determinants",'Revenue Proof Breakout'!$L$1:$Y$1,0),0) -> 146178 | D17: =VLOOKUP($B17&" "&D$5,'Revenue Proof Breakout'!$L$1:$Y$108,MATCH("TY Billing Determinants",'Revenue Proof Breakout'!$L$1:$Y$1,0),0) -> 33936462 | E17: =VLOOKUP($B17&" "&E$5,'Revenue Proof Breakout'!$L$1:$Y$835,MATCH("TY Revenues",'Revenue Proof Breakout'!$L$1:$Y$1,0),0) -> 12551334 | F17: =SUM(E17:E17) -> 12551334 | H17: =VLOOKUP($B17&" "&H$5,'Revenue Proof Breakout'!$L$1:$Y$835,MATCH("Adjusted Billing Determinants",'Revenue Proof Breakout'!$L$1:$Y$1,0),0) -> 146536.54 | I17: =VLOOKUP($B17&" "&I$5,'Revenue Proof Breakout'!$L$1:$Y$999,MATCH("Adjusted Billing Determinants",'Revenue Proof Breakout'!$L$1:$Y$1,0),0) -> 33757920 | J17: =VLOOKUP($B17&" "&J$5,'Revenue Proof Breakout'!$L$1:$Y$835,MATCH("Adjusted TY Revenues",'Revenue Proof Breakout'!$L$1:$Y$1,0),0) -> 12507853 | K17: =SUM(J17:J17) -> 12507853 | M17: =VLOOKUP($B17&" "&M$5,'Revenue Proof Breakout'!$L$1:$Y$835,MATCH("Proposed Billing Determinants",'Revenue Proof Breakout'!$L$1:$Y$1,0),0) -> 159201.41 | N17: =VLOOKUP($B17&" "&N$5,'Revenue Proof Breakout'!$L$1:$Y$108,MATCH("Proposed Billing Determinants",'Revenue Proof Breakout'!$L$1:$Y$1,0),0) -> 36221648 | O17: =VLOOKUP($B17&" "&O$5,'Revenue Proof Breakout'!$L$1:$Y$835,MATCH("Proposed Revenues",'Revenue Proof Breakout'!$L$1:$Y$1,0),0) -> 15860448 | P17: =SUM(O17:O17) -> 15860448 | Q17: =IFERROR(O17/N17,0) -> 0.43787208 | R17: =IFERROR(P17/N17,0) -> 0.43787208
B18: GISVS | C18: =VLOOKUP($B18&" "&C$5,'Revenue Proof Breakout'!$L$1:$Y$108,MATCH("TY Billing Determinants",'Revenue Proof Breakout'!$L$1:$Y$1,0),0) -> 267 | D18: =VLOOKUP($B18&" "&D$5,'Revenue Proof Breakout'!$L$1:$Y$108,MATCH("TY Billing Determinants",'Revenue Proof Breakout'!$L$1:$Y$1,0),0) -> 883556 | E18: =VLOOKUP($B18&" "&E$5,'Revenue Proof Breakout'!$L$1:$Y$835,MATCH("TY Revenues",'Revenue Proof Breakout'!$L$1:$Y$1,0),0) -> 275796.49 | F18: =SUM(E18:E18) -> 275796.49 | H18: =VLOOKUP($B18&" "&H$5,'Revenue Proof Breakout'!$L$1:$Y$835,MATCH("Adjusted Billing Determinants",'Revenue Proof Breakout'!$L$1:$Y$1,0),0) -> 277.10433 | I18: =VLOOKUP($B18&" "&I$5,'Revenue Proof Breakout'!$L$1:$Y$999,MATCH("Adjusted Billing Determinants",'Revenue Proof Breakout'!$L$1:$Y$1,0),0) -> 914226.09 | J18: =VLOOKUP($B18&" "&J$5,'Revenue Proof Breakout'!$L$1:$Y$835,MATCH("Adjusted TY Revenues",'Revenue Proof Breakout'!$L$1:$Y$1,0),0) -> 285386.69 | K18: =SUM(J18:J18) -> 285386.69 | M18: =VLOOKUP($B18&" "&M$5,'Revenue Proof Breakout'!$L$1:$Y$835,MATCH("Proposed Billing Determinants",'Revenue Proof Breakout'!$L$1:$Y$1,0),0) -> 0 | N18: =VLOOKUP($B18&" "&N$5,'Revenue Proof Breakout'!$L$1:$Y$108,MATCH("Proposed Billing Determinants",'Revenue Proof Breakout'!$L$1:$Y$1,0),0) -> 0 | O18: =VLOOKUP($B18&" "&O$5,'Revenue Proof Breakout'!$L$1:$Y$835,MATCH("Proposed Revenues",'Revenue Proof Breakout'!$L$1:$Y$1,0),0) -> 0 | P18: =SUM(O18:O18) -> 0 | Q18: =IFERROR(O18/N18,0) -> 0 | R18: =IFERROR(P18/N18,0) -> 0
B19: GPSVS | C19: =VLOOKUP($B19&" "&C$5,'Revenue Proof Breakout'!$L$1:$Y$108,MATCH("TY Billing Determinants",'Revenue Proof Breakout'!$L$1:$Y$1,0),0) -> 12355 | D19: =VLOOKUP($B19&" "&D$5,'Revenue Proof Breakout'!$L$1:$Y$108,MATCH("TY Billing Determinants",'Revenue Proof Breakout'!$L$1:$Y$1,0),0) -> 4729503 | E19: =VLOOKUP($B19&" "&E$5,'Revenue Proof Breakout'!$L$1:$Y$835,MATCH("TY Revenues",'Revenue Proof Breakout'!$L$1:$Y$1,0),0) -> 1590751.8 | F19: =SUM(E19:E19) -> 1590751.8 | H19: =VLOOKUP($B19&" "&H$5,'Revenue Proof Breakout'!$L$1:$Y$835,MATCH("Adjusted Billing Determinants",'Revenue Proof Breakout'!$L$1:$Y$1,0),0) -> 12321.763 | I19: =VLOOKUP($B19&" "&I$5,'Revenue Proof Breakout'!$L$1:$Y$999,MATCH("Adjusted Billing Determinants",'Revenue Proof Breakout'!$L$1:$Y$1,0),0) -> 4738352.1 | J19: =VLOOKUP($B19&" "&J$5,'Revenue Proof Breakout'!$L$1:$Y$835,MATCH("Adjusted TY Revenues",'Revenue Proof Breakout'!$L$1:$Y$1,0),0) -> 1592601.1 | K19: =SUM(J19:J19) -> 1592601.1 | M19: =VLOOKUP($B19&" "&M$5,'Revenue Proof Breakout'!$L$1:$Y$835,MATCH("Proposed Billing Determinants",'Revenue Proof Breakout'!$L$1:$Y$1,0),0) -> 0 | N19: =VLOOKUP($B19&" "&N$5,'Revenue Proof Breakout'!$L$1:$Y$108,MATCH("Proposed Billing Determinants",'Revenue Proof Breakout'!$L$1:$Y$1,0),0) -> 0 | O19: =VLOOKUP($B19&" "&O$5,'Revenue Proof Breakout'!$L$1:$Y$835,MATCH("Proposed Revenues",'Revenue Proof Breakout'!$L$1:$Y$1,0),0) -> 0 | P19: =SUM(O19:O19) -> 0 | Q19: =IFERROR(O19/N19,0) -> 0 | R19: =IFERROR(P19/N19,0) -> 0
B20: GGLVS | C20: =VLOOKUP($B20&" "&C$5,'Revenue Proof Breakout'!$L$1:$Y$108,MATCH("TY Billing Determinants",'Revenue Proof Breakout'!$L$1:$Y$1,0),0) -> 314 | D20: =VLOOKUP($B20&" "&D$5,'Revenue Proof Breakout'!$L$1:$Y$108,MATCH("TY Billing Determinants",'Revenue Proof Breakout'!$L$1:$Y$1,0),0) -> 1168672 | E20: =VLOOKUP($B20&" "&E$5,'Revenue Proof Breakout'!$L$1:$Y$835,MATCH("TY Revenues",'Revenue Proof Breakout'!$L$1:$Y$1,0),0) -> 316538.59 | F20: =SUM(E20:E20) -> 316538.59 | H20: =VLOOKUP($B20&" "&H$5,'Revenue Proof Breakout'!$L$1:$Y$835,MATCH("Adjusted Billing Determinants",'Revenue Proof Breakout'!$L$1:$Y$1,0),0) -> 319.42593 | I20: =VLOOKUP($B20&" "&I$5,'Revenue Proof Breakout'!$L$1:$Y$999,MATCH("Adjusted Billing Determinants",'Revenue Proof Breakout'!$L$1:$Y$1,0),0) -> 1149625 | J20: =VLOOKUP($B20&" "&J$5,'Revenue Proof Breakout'!$L$1:$Y$835,MATCH("Adjusted TY Revenues",'Revenue Proof Breakout'!$L$1:$Y$1,0),0) -> 313751.94 | K20: =SUM(J20:J20) -> 313751.94 | M20: =VLOOKUP($B20&" "&M$5,'Revenue Proof Breakout'!$L$1:$Y$835,MATCH("Proposed Billing Determinants",'Revenue Proof Breakout'!$L$1:$Y$1,0),0) -> 0 | N20: =VLOOKUP($B20&" "&N$5,'Revenue Proof Breakout'!$L$1:$Y$108,MATCH("Proposed Billing Determinants",'Revenue Proof Breakout'!$L$1:$Y$1,0),0) -> 0 | O20: =VLOOKUP($B20&" "&O$5,'Revenue Proof Breakout'!$L$1:$Y$835,MATCH("Proposed Revenues",'Revenue Proof Breakout'!$L$1:$Y$1,0),0) -> 0 | P20: =SUM(O20:O20) -> 0 | Q20: =IFERROR(O20/N20,0) -> 0 | R20: =IFERROR(P20/N20,0) -> 0
B21: GILVS | C21: =VLOOKUP($B21&" "&C$5,'Revenue Proof Breakout'!$L$1:$Y$108,MATCH("TY Billing Determinants",'Revenue Proof Breakout'!$L$1:$Y$1,0),0) -> 86 | D21: =VLOOKUP($B21&" "&D$5,'Revenue Proof Breakout'!$L$1:$Y$108,MATCH("TY Billing Determinants",'Revenue Proof Breakout'!$L$1:$Y$1,0),0) -> 1699928 | E21: =VLOOKUP($B21&" "&E$5,'Revenue Proof Breakout'!$L$1:$Y$835,MATCH("TY Revenues",'Revenue Proof Breakout'!$L$1:$Y$1,0),0) -> 231501.01 | F21: =SUM(E21:E21) -> 231501.01 | H21: =VLOOKUP($B21&" "&H$5,'Revenue Proof Breakout'!$L$1:$Y$835,MATCH("Adjusted Billing Determinants",'Revenue Proof Breakout'!$L$1:$Y$1,0),0) -> 87.083333 | I21: =VLOOKUP($B21&" "&I$5,'Revenue Proof Breakout'!$L$1:$Y$999,MATCH("Adjusted Billing Determinants",'Revenue Proof Breakout'!$L$1:$Y$1,0),0) -> 1695093.5 | J21: =VLOOKUP($B21&" "&J$5,'Revenue Proof Breakout'!$L$1:$Y$835,MATCH("Adjusted TY Revenues",'Revenue Proof Breakout'!$L$1:$Y$1,0),0) -> 231141.41 | K21: =SUM(J21:J21) -> 231141.41 | M21: =VLOOKUP($B21&" "&M$5,'Revenue Proof Breakout'!$L$1:$Y$835,MATCH("Proposed Billing Determinants",'Revenue Proof Breakout'!$L$1:$Y$1,0),0) -> 506.50926 | N21: =VLOOKUP($B21&" "&N$5,'Revenue Proof Breakout'!$L$1:$Y$108,MATCH("Proposed Billing Determinants",'Revenue Proof Breakout'!$L$1:$Y$1,0),0) -> 7053235.7 | O21: =VLOOKUP($B21&" "&O$5,'Revenue Proof Breakout'!$L$1:$Y$835,MATCH("Proposed Revenues",'Revenue Proof Breakout'!$L$1:$Y$1,0),0) -> 1287349.1 | P21: =SUM(O21:O21) -> 1287349.1 | Q21: =IFERROR(O21/N21,0) -> 0.18251894 | R21: =IFERROR(P21/N21,0) -> 0.18251894
B22: GPLVS | C22: =VLOOKUP($B22&" "&C$5,'Revenue Proof Breakout'!$L$1:$Y$108,MATCH("TY Billing Determinants",'Revenue Proof Breakout'!$L$1:$Y$1,0),0) -> 83 | D22: =VLOOKUP($B22&" "&D$5,'Revenue Proof Breakout'!$L$1:$Y$108,MATCH("TY Billing Determinants",'Revenue Proof Breakout'!$L$1:$Y$1,0),0) -> 1036504 | E22: =VLOOKUP($B22&" "&E$5,'Revenue Proof Breakout'!$L$1:$Y$835,MATCH("TY Revenues",'Revenue Proof Breakout'!$L$1:$Y$1,0),0) -> 176949.16 | F22: =SUM(E22:E22) -> 176949.16 | H22: =VLOOKUP($B22&" "&H$5,'Revenue Proof Breakout'!$L$1:$Y$835,MATCH("Adjusted Billing Determinants",'Revenue Proof Breakout'!$L$1:$Y$1,0),0) -> 83 | I22: =VLOOKUP($B22&" "&I$5,'Revenue Proof Breakout'!$L$1:$Y$999,MATCH("Adjusted Billing Determinants",'Revenue Proof Breakout'!$L$1:$Y$1,0),0) -> 1013261.8 | J22: =VLOOKUP($B22&" "&J$5,'Revenue Proof Breakout'!$L$1:$Y$835,MATCH("Adjusted TY Revenues",'Revenue Proof Breakout'!$L$1:$Y$1,0),0) -> 173400.07 | K22: =SUM(J22:J22) -> 173400.07 | M22: =VLOOKUP($B22&" "&M$5,'Revenue Proof Breakout'!$L$1:$Y$835,MATCH("Proposed Billing Determinants",'Revenue Proof Breakout'!$L$1:$Y$1,0),0) -> 0 | N22: =VLOOKUP($B22&" "&N$5,'Revenue Proof Breakout'!$L$1:$Y$108,MATCH("Proposed Billing Determinants",'Revenue Proof Breakout'!$L$1:$Y$1,0),0) -> 0 | O22: =VLOOKUP($B22&" "&O$5,'Revenue Proof Breakout'!$L$1:$Y$835,MATCH("Proposed Revenues",'Revenue Proof Breakout'!$L$1:$Y$1,0),0) -> 0 | P22: =SUM(O22:O22) -> 0 | Q22: =IFERROR(O22/N22,0) -> 0 | R22: =IFERROR(P22/N22,0) -> 0
B23: GPCNGSV | C23: =VLOOKUP($B23&" "&C$5,'Revenue Proof Breakout'!$L$1:$Y$108,MATCH("TY Billing Determinants",'Revenue Proof Breakout'!$L$1:$Y$1,0),0) -> 36 | D23: =VLOOKUP($B23&" "&D$5,'Revenue Proof Breakout'!$L$1:$Y$108,MATCH("TY Billing Determinants",'Revenue Proof Breakout'!$L$1:$Y$1,0),0) -> 0 | E23: =VLOOKUP($B23&" "&E$5,'Revenue Proof Breakout'!$L$1:$Y$835,MATCH("TY Revenues",'Revenue Proof Breakout'!$L$1:$Y$1,0),0) -> 720 | F23: =SUM(E23:E23) -> 720 | H23: =VLOOKUP($B23&" "&H$5,'Revenue Proof Breakout'!$L$1:$Y$835,MATCH("Adjusted Billing Determinants",'Revenue Proof Breakout'!$L$1:$Y$1,0),0) -> 36 | I23: =VLOOKUP($B23&" "&I$5,'Revenue Proof Breakout'!$L$1:$Y$999,MATCH("Adjusted Billing Determinants",'Revenue Proof Breakout'!$L$1:$Y$1,0),0) -> 0 | J23: =VLOOKUP($B23&" "&J$5,'Revenue Proof Breakout'!$L$1:$Y$835,MATCH("Adjusted TY Revenues",'Revenue Proof Breakout'!$L$1:$Y$1,0),0) -> 720 | K23: =SUM(J23:J23) -> 720 | M23: =VLOOKUP($B23&" "&M$5,'Revenue Proof Breakout'!$L$1:$Y$835,MATCH("Proposed Billing Determinants",'Revenue Proof Breakout'!$L$1:$Y$1,0),0) -> 0 | N23: =VLOOKUP($B23&" "&N$5,'Revenue Proof Breakout'!$L$1:$Y$108,MATCH("Proposed Billing Determinants",'Revenue Proof Breakout'!$L$1:$Y$1,0),0) -> 0 | O23: =VLOOKUP($B23&" "&O$5,'Revenue Proof Breakout'!$L$1:$Y$835,MATCH("Proposed Revenues",'Revenue Proof Breakout'!$L$1:$Y$1,0),0) -> 0 | P23: =SUM(O23:O23) -> 0 | Q23: =IFERROR(O23/N23,0) -> 0 | R23: =IFERROR(P23/N23,0) -> 0
B24: GRCNG | C24: =VLOOKUP($B24&" "&C$5,'Revenue Proof Breakout'!$L$1:$Y$108,MATCH("TY Billing Determinants",'Revenue Proof Breakout'!$L$1:$Y$1,0),0) -> 24 | D24: =VLOOKUP($B24&" "&D$5,'Revenue Proof Breakout'!$L$1:$Y$108,MATCH("TY Billing Determinants",'Revenue Proof Breakout'!$L$1:$Y$1,0),0) -> 791 | E24: =VLOOKUP($B24&" "&E$5,'Revenue Proof Breakout'!$L$1:$Y$835,MATCH("TY Revenues",'Revenue Proof Breakout'!$L$1:$Y$1,0),0) -> 511.6294 | F24: =SUM(E24:E24) -> 511.6294 | H24: =VLOOKUP($B24&" "&H$5,'Revenue Proof Breakout'!$L$1:$Y$835,MATCH("Adjusted Billing Determinants",'Revenue Proof Breakout'!$L$1:$Y$1,0),0) -> 24 | I24: =VLOOKUP($B24&" "&I$5,'Revenue Proof Breakout'!$L$1:$Y$999,MATCH("Adjusted Billing Determinants",'Revenue Proof Breakout'!$L$1:$Y$1,0),0) -> 777.65685 | J24: =VLOOKUP($B24&" "&J$5,'Revenue Proof Breakout'!$L$1:$Y$835,MATCH("Adjusted TY Revenues",'Revenue Proof Breakout'!$L$1:$Y$1,0),0) -> 507.04736 | K24: =SUM(J24:J24) -> 507.04736 | M24: =VLOOKUP($B24&" "&M$5,'Revenue Proof Breakout'!$L$1:$Y$835,MATCH("Proposed Billing Determinants",'Revenue Proof Breakout'!$L$1:$Y$1,0),0) -> 0 | N24: =VLOOKUP($B24&" "&N$5,'Revenue Proof Breakout'!$L$1:$Y$108,MATCH("Proposed Billing Determinants",'Revenue Proof Breakout'!$L$1:$Y$1,0),0) -> 0 | O24: =VLOOKUP($B24&" "&O$5,'Revenue Proof Breakout'!$L$1:$Y$835,MATCH("Proposed Revenues",'Revenue Proof Breakout'!$L$1:$Y$1,0),0) -> 0 | P24: =SUM(O24:O24) -> 0 | Q24: =IFERROR(O24/N24,0) -> 0 | R24: =IFERROR(P24/N24,0) -> 0
B25: GGIRS | C25: =VLOOKUP($B25&" "&C$5,'Revenue Proof Breakout'!$L$1:$Y$108,MATCH("TY Billing Determinants",'Revenue Proof Breakout'!$L$1:$Y$1,0),0) -> 47 | D25: =VLOOKUP($B25&" "&D$5,'Revenue Proof Breakout'!$L$1:$Y$108,MATCH("TY Billing Determinants",'Revenue Proof Breakout'!$L$1:$Y$1,0),0) -> 7495 | E25: =VLOOKUP($B25&" "&E$5,'Revenue Proof Breakout'!$L$1:$Y$835,MATCH("TY Revenues",'Revenue Proof Breakout'!$L$1:$Y$1,0),0) -> 3587.234 | F25: =SUM(E25:E25) -> 3587.234 | H25: =VLOOKUP($B25&" "&H$5,'Revenue Proof Breakout'!$L$1:$Y$835,MATCH("Adjusted Billing Determinants",'Revenue Proof Breakout'!$L$1:$Y$1,0),0) -> 47 | I25: =VLOOKUP($B25&" "&I$5,'Revenue Proof Breakout'!$L$1:$Y$999,MATCH("Adjusted Billing Determinants",'Revenue Proof Breakout'!$L$1:$Y$1,0),0) -> 6405.3024 | J25: =VLOOKUP($B25&" "&J$5,'Revenue Proof Breakout'!$L$1:$Y$835,MATCH("Adjusted TY Revenues",'Revenue Proof Breakout'!$L$1:$Y$1,0),0) -> 3202.3528 | K25: =SUM(J25:J25) -> 3202.3528 | M25: =VLOOKUP($B25&" "&M$5,'Revenue Proof Breakout'!$L$1:$Y$835,MATCH("Proposed Billing Determinants",'Revenue Proof Breakout'!$L$1:$Y$1,0),0) -> 0 | N25: =VLOOKUP($B25&" "&N$5,'Revenue Proof Breakout'!$L$1:$Y$108,MATCH("Proposed Billing Determinants",'Revenue Proof Breakout'!$L$1:$Y$1,0),0) -> 0 | O25: =VLOOKUP($B25&" "&O$5,'Revenue Proof Breakout'!$L$1:$Y$835,MATCH("Proposed Revenues",'Revenue Proof Breakout'!$L$1:$Y$1,0),0) -> 0 | P25: =SUM(O25:O25) -> 0 | Q25: =IFERROR(O25/N25,0) -> 0 | R25: =IFERROR(P25/N25,0) -> 0
B26: GTGLVS | C26: =VLOOKUP($B26&" "&C$5,'Revenue Proof Breakout'!$L$1:$Y$108,MATCH("TY Billing Determinants",'Revenue Proof Breakout'!$L$1:$Y$1,0),0) -> 96 | D26: =VLOOKUP($B26&" "&D$5,'Revenue Proof Breakout'!$L$1:$Y$118,MATCH("TY Billing Determinants",'Revenue Proof Breakout'!$L$1:$Y$1,0),0) -> 1545731 | E26: =VLOOKUP($B26&" "&E$5,'Revenue Proof Breakout'!$L$1:$Y$835,MATCH("TY Revenues",'Revenue Proof Breakout'!$L$1:$Y$1,0),0) -> 346821.8 | F26: =SUM(E26:E26) -> 346821.8 | H26: =VLOOKUP($B26&" "&H$5,'Revenue Proof Breakout'!$L$1:$Y$835,MATCH("Adjusted Billing Determinants",'Revenue Proof Breakout'!$L$1:$Y$1,0),0) -> 96 | I26: =VLOOKUP($B26&" "&I$5,'Revenue Proof Breakout'!$L$1:$Y$999,MATCH("Adjusted Billing Determinants",'Revenue Proof Breakout'!$L$1:$Y$1,0),0) -> 1545731 | J26: =VLOOKUP($B26&" "&J$5,'Revenue Proof Breakout'!$L$1:$Y$835,MATCH("Adjusted TY Revenues",'Revenue Proof Breakout'!$L$1:$Y$1,0),0) -> 346821.8 | K26: =SUM(J26:J26) -> 346821.8 | M26: =VLOOKUP($B26&" "&M$5,'Revenue Proof Breakout'!$L$1:$Y$835,MATCH("Proposed Billing Determinants",'Revenue Proof Breakout'!$L$1:$Y$1,0),0) -> 0 | N26: =VLOOKUP($B26&" "&N$5,'Revenue Proof Breakout'!$L$1:$Y$108,MATCH("Proposed Billing Determinants",'Revenue Proof Breakout'!$L$1:$Y$1,0),0) -> 0 | O26: =VLOOKUP($B26&" "&O$5,'Revenue Proof Breakout'!$L$1:$Y$835,MATCH("Proposed Revenues",'Revenue Proof Breakout'!$L$1:$Y$1,0),0) -> 0 | P26: =SUM(O26:O26) -> 0 | Q26: =IFERROR(O26/N26,0) -> 0 | R26: =IFERROR(P26/N26,0) -> 0
B27: GTILVS | C27: =VLOOKUP($B27&" "&C$5,'Revenue Proof Breakout'!$L$1:$Y$108,MATCH("TY Billing Determinants",'Revenue Proof Breakout'!$L$1:$Y$1,0),0) -> 96 | D27: =VLOOKUP($B27&" "&D$5,'Revenue Proof Breakout'!$L$1:$Y$108,MATCH("TY Billing Determinants",'Revenue Proof Breakout'!$L$1:$Y$1,0),0) -> 14114075 | E27: =VLOOKUP($B27&" "&E$5,'Revenue Proof Breakout'!$L$1:$Y$835,MATCH("TY Revenues",'Revenue Proof Breakout'!$L$1:$Y$1,0),0) -> 1783036.6 | F27: =SUM(E27:E27) -> 1783036.6 | H27: =VLOOKUP($B27&" "&H$5,'Revenue Proof Breakout'!$L$1:$Y$835,MATCH("Adjusted Billing Determinants",'Revenue Proof Breakout'!$L$1:$Y$1,0),0) -> 96 | I27: =VLOOKUP($B27&" "&I$5,'Revenue Proof Breakout'!$L$1:$Y$999,MATCH("Adjusted Billing Determinants",'Revenue Proof Breakout'!$L$1:$Y$1,0),0) -> 14114075 | J27: =VLOOKUP($B27&" "&J$5,'Revenue Proof Breakout'!$L$1:$Y$835,MATCH("Adjusted TY Revenues",'Revenue Proof Breakout'!$L$1:$Y$1,0),0) -> 1783036.6 | K27: =SUM(J27:J27) -> 1783036.6 | M27: =VLOOKUP($B27&" "&M$5,'Revenue Proof Breakout'!$L$1:$Y$835,MATCH("Proposed Billing Determinants",'Revenue Proof Breakout'!$L$1:$Y$1,0),0) -> 276 | N27: =VLOOKUP($B27&" "&N$5,'Revenue Proof Breakout'!$L$1:$Y$108,MATCH("Proposed Billing Determinants",'Revenue Proof Breakout'!$L$1:$Y$1,0),0) -> 20564752 | O27: =VLOOKUP($B27&" "&O$5,'Revenue Proof Breakout'!$L$1:$Y$835,MATCH("Proposed Revenues",'Revenue Proof Breakout'!$L$1:$Y$1,0),0) -> 3410351.3 | P27: =SUM(O27:O27) -> 3410351.3 | Q27: =IFERROR(O27/N27,0) -> 0.16583479 | R27: =IFERROR(P27/N27,0) -> 0.16583479
B28: GTPLVS | C28: =VLOOKUP($B28&" "&C$5,'Revenue Proof Breakout'!$L$1:$Y$108,MATCH("TY Billing Determinants",'Revenue Proof Breakout'!$L$1:$Y$1,0),0) -> 84 | D28: =VLOOKUP($B28&" "&D$5,'Revenue Proof Breakout'!$L$1:$Y$108,MATCH("TY Billing Determinants",'Revenue Proof Breakout'!$L$1:$Y$1,0),0) -> 4904946 | E28: =VLOOKUP($B28&" "&E$5,'Revenue Proof Breakout'!$L$1:$Y$835,MATCH("TY Revenues",'Revenue Proof Breakout'!$L$1:$Y$1,0),0) -> 767885.25 | F28: =SUM(E28:E28) -> 767885.25 | H28: =VLOOKUP($B28&" "&H$5,'Revenue Proof Breakout'!$L$1:$Y$835,MATCH("Adjusted Billing Determinants",'Revenue Proof Breakout'!$L$1:$Y$1,0),0) -> 84 | I28: =VLOOKUP($B28&" "&I$5,'Revenue Proof Breakout'!$L$1:$Y$999,MATCH("Adjusted Billing Determinants",'Revenue Proof Breakout'!$L$1:$Y$1,0),0) -> 4904946 | J28: =VLOOKUP($B28&" "&J$5,'Revenue Proof Breakout'!$L$1:$Y$835,MATCH("Adjusted TY Revenues",'Revenue Proof Breakout'!$L$1:$Y$1,0),0) -> 767885.25 | K28: =SUM(J28:J28) -> 767885.25 | M28: =VLOOKUP($B28&" "&M$5,'Revenue Proof Breakout'!$L$1:$Y$835,MATCH("Proposed Billing Determinants",'Revenue Proof Breakout'!$L$1:$Y$1,0),0) -> 0 | N28: =VLOOKUP($B28&" "&N$5,'Revenue Proof Breakout'!$L$1:$Y$108,MATCH("Proposed Billing Determinants",'Revenue Proof Breakout'!$L$1:$Y$1,0),0) -> 0 | O28: =VLOOKUP($B28&" "&O$5,'Revenue Proof Breakout'!$L$1:$Y$835,MATCH("Proposed Revenues",'Revenue Proof Breakout'!$L$1:$Y$1,0),0) -> 0 | P28: =SUM(O28:O28) -> 0 | Q28: =IFERROR(O28/N28,0) -> 0 | R28: =IFERROR(P28/N28,0) -> 0
B29: GTNILVS | C29: =VLOOKUP($B29&" "&C$5,'Revenue Proof Breakout'!$L$1:$Y$118,MATCH("TY Billing Determinants",'Revenue Proof Breakout'!$L$1:$Y$1,0),0) -> 96 | D29: =VLOOKUP($B29&" "&D$5,'Revenue Proof Breakout'!$L$1:$Y$118,MATCH("TY Billing Determinants",'Revenue Proof Breakout'!$L$1:$Y$1,0),0) -> 13532527 | E29: =VLOOKUP($B29&" "&E$5,'Revenue Proof Breakout'!$L$1:$Y$835,MATCH("TY Revenues",'Revenue Proof Breakout'!$L$1:$Y$1,0),0) -> 1710459.4 | F29: =SUM(E29:E29) -> 1710459.4 | H29: =VLOOKUP($B29&" "&H$5,'Revenue Proof Breakout'!$L$1:$Y$835,MATCH("Adjusted Billing Determinants",'Revenue Proof Breakout'!$L$1:$Y$1,0),0) -> 96 | I29: =VLOOKUP($B29&" "&I$5,'Revenue Proof Breakout'!$L$1:$Y$999,MATCH("Adjusted Billing Determinants",'Revenue Proof Breakout'!$L$1:$Y$1,0),0) -> 13532527 | J29: =VLOOKUP($B29&" "&J$5,'Revenue Proof Breakout'!$L$1:$Y$835,MATCH("Adjusted TY Revenues",'Revenue Proof Breakout'!$L$1:$Y$1,0),0) -> 1710459.4 | K29: =SUM(J29:J29) -> 1710459.4 | M29: =VLOOKUP($B29&" "&M$5,'Revenue Proof Breakout'!$L$1:$Y$835,MATCH("Proposed Billing Determinants",'Revenue Proof Breakout'!$L$1:$Y$1,0),0) -> 168 | N29: =VLOOKUP($B29&" "&N$5,'Revenue Proof Breakout'!$L$1:$Y$118,MATCH("Proposed Billing Determinants",'Revenue Proof Breakout'!$L$1:$Y$1,0),0) -> 14970375 | O29: =VLOOKUP($B29&" "&O$5,'Revenue Proof Breakout'!$L$1:$Y$835,MATCH("Proposed Revenues",'Revenue Proof Breakout'!$L$1:$Y$1,0),0) -> 2473203.4 | P29: =SUM(O29:O29) -> 2473203.4 | Q29: =IFERROR(O29/N29,0) -> 0.16520651 | R29: =IFERROR(P29/N29,0) -> 0.16520651
B30: GTNGLVS | C30: =VLOOKUP($B30&" "&C$5,'Revenue Proof Breakout'!$L$1:$Y$118,MATCH("TY Billing Determinants",'Revenue Proof Breakout'!$L$1:$Y$1,0),0) -> 72 | D30: =VLOOKUP($B30&" "&D$5,'Revenue Proof Breakout'!$L$1:$Y$118,MATCH("TY Billing Determinants",'Revenue Proof Breakout'!$L$1:$Y$1,0),0) -> 1437848 | E30: =VLOOKUP($B30&" "&E$5,'Revenue Proof Breakout'!$L$1:$Y$835,MATCH("TY Revenues",'Revenue Proof Breakout'!$L$1:$Y$1,0),0) -> 318723.22 | F30: =SUM(E30:E30) -> 318723.22 | H30: =VLOOKUP($B30&" "&H$5,'Revenue Proof Breakout'!$L$1:$Y$835,MATCH("Adjusted Billing Determinants",'Revenue Proof Breakout'!$L$1:$Y$1,0),0) -> 72 | I30: =VLOOKUP($B30&" "&I$5,'Revenue Proof Breakout'!$L$1:$Y$999,MATCH("Adjusted Billing Determinants",'Revenue Proof Breakout'!$L$1:$Y$1,0),0) -> 1437848 | J30: =VLOOKUP($B30&" "&J$5,'Revenue Proof Breakout'!$L$1:$Y$835,MATCH("Adjusted TY Revenues",'Revenue Proof Breakout'!$L$1:$Y$1,0),0) -> 318723.22 | K30: =SUM(J30:J30) -> 318723.22 | M30: =VLOOKUP($B30&" "&M$5,'Revenue Proof Breakout'!$L$1:$Y$835,MATCH("Proposed Billing Determinants",'Revenue Proof Breakout'!$L$1:$Y$1,0),0) -> 0 | N30: =VLOOKUP($B30&" "&N$5,'Revenue Proof Breakout'!$L$1:$Y$118,MATCH("Proposed Billing Determinants",'Revenue Proof Breakout'!$L$1:$Y$1,0),0) -> 0 | O30: =VLOOKUP($B30&" "&O$5,'Revenue Proof Breakout'!$L$1:$Y$835,MATCH("Proposed Revenues",'Revenue Proof Breakout'!$L$1:$Y$1,0),0) -> 0 | P30: =SUM(O30:O30) -> 0 | Q30: =IFERROR(O30/N30,0) -> 0 | R30: =IFERROR(P30/N30,0) -> 0
B31: Unbilled | D31: =D34 -> -36121 | E31: =E34 -> 63298.78 | Q31: =IFERROR(O31/N31,0) -> 0 | R31: =IFERROR(P31/N31,0) -> 0
A33: Checks | C33: =C11-SUM(C15:C30)-C31 -> 0 | D33: =D11-SUM(D15:D30)-D31 -> 3.8926373e-09 | E33: =E11-SUM(E15:E30)-E31 -> 9.0658432e-09 | H33: =H11-SUM(H15:H31) -> 0 | I33: =I11-SUM(I15:I31) -> 0 | J33: =J11-SUM(J15:J31) -> 0 | K33: =K11-SUM(K15:K31) -> 0 | M33: =M11-SUM(M15:M31) -> 0 | N33: =N11-SUM(N15:N31) -> 0 | O33: =O11-SUM(O15:O31) -> 0 | P33: =P11-SUM(P15:P31) -> 0
B34: Total Company Unbilled | D34: =SUM('[5]TY Billing Determinants'!$K$2:$K$133) -> -36121 | E34: =SUM([4]Summary!$H$212) -> 63298.78
E256: =Summary!C9*#REF! -> #REF!

Sheet Revenue Proof Breakout
A1: Current Effective Date | B1: Proposed Effective Date | C1: Subaccount | D1: Rate ID | E1: Current Lookup | F1: Proposed Lookup | G1: Billing Determinants lookup Billed | H1: Billing Determinants Lookup Adjusted | I1: Rate Component lookup | J1: H5 Lookup Billed | K1: H5 Lookup Adjusted | L1: Summary lookup | M1: Sub Account | N1: Rate Id | O1: Rate Description and UOM | P1: Current Rates | Q1: TY Billing Determinants | R1: TY Revenues | T1: Adjusted Billing Determinants | U1: Adjusted TY Revenues | W1: Proposed Rates | X1: Proposed Billing Determinants | Y1: Proposed Revenues
J4: 5 | K4: 6
A5: 41030 | B5: ='UNSG - ALL RATES'!$B$25 -> 46082 | C5: =M5 -> 5751 | D5: =N5 -> GRRES | E5: =IF(D5="","",A5&$D5) -> 41030GRRES | F5: =IF(E5="","",B5&$D5) -> 46082GRRES | I5: =IFERROR(IF(VLOOKUP(O5,Lookup!$A$1:$B$200,2,0)="","",VLOOKUP(O5,Lookup!$A$1:$B$200,2,0)),"") | M5: =VLOOKUP(N5,'UNSG - ALL RATES'!$E$25:$F$41,2,0) -> 5751 | N5: ='UNSG - ALL RATES'!F15 -> GRRES | O5: =VLOOKUP($N5,'UNSG - ALL RATES'!$F$2:$G$383,2,0) -> Residential Gas Service
A6: 41030 | B6: ='UNSG - ALL RATES'!$B$25 -> 46082 | C6: =C5 -> 5751 | D6: =IF(N6="",D5,IF(N7<>D5,N6)) -> GRRES | E6: =IF(D6="","",A6&$D6) -> 41030GRRES | F6: =IF(E6="","",B6&$D6) -> 46082GRRES | G6: =IFERROR(IF(VLOOKUP($O6,Lookup!$G$1:$I$182,2,0)="","",VLOOKUP($O6,Lookup!$G$1:$I$182,2,0)),"") -> total_bill_count | H6: =IFERROR(IF(VLOOKUP($O6,Lookup!$G$1:$I$182,3,0)="","",VLOOKUP($O6,Lookup!$G$1:$I$182,3,0)),"") -> total_adjusted_bill_count | I6: =IFERROR(IF(VLOOKUP(O6,Lookup!$A$1:$B$200,2,0)="","",VLOOKUP(O6,Lookup!$A$1:$B$200,2,0)),"") -> BASIC_SERVICE_CHARGE | J6: =C6&D6&G6 -> 5751GRREStotal_bill_count | K6: =C6&D6&H6 -> 5751GRREStotal_adjusted_bill_count | L6: =D6&" "&IFERROR(IF(VLOOKUP(O6,Lookup!$D$1:$E$201,2,0)="","",VLOOKUP(O6,Lookup!$D$1:$E$201,2,0)),"") -> GRRES Basic Service Charges | O6: Basic Service Charge Per Month | P6: =VLOOKUP(E6,'UNSG - ALL RATES'!$A$2:$DF$83,MATCH($I6,'UNSG - ALL RATES'!$A$3:$DF$3,0),0) -> 10 | Q6: =VLOOKUP($C6&$D6,'[4]Billed Annual Billing Det'!$A$2:$N$16,4,0) -> 1804456 | R6: =$P6*Q6 -> 18044560 | T6: =VLOOKUP($C6&$D6,'[4]Adjusted Annual Billing Det'!$A$2:$L$16,4,0) -> 1814143.6 | U6: =$P6*T6 -> 18141436 | W6: =VLOOKUP(F6,'UNSG - ALL RATES'!$A$2:$CG$83,MATCH($I6,'UNSG - ALL RATES'!$A$3:$CG$3,0),0) -> 11.94 | X6: =VLOOKUP($C6&$D6,'[4]Proposed Annual Billing Det'!$A$2:$N$16,4,0) -> 1814167.6 | Y6: =$W6*X6 -> 21661161
A7: 41030 | B7: ='UNSG - ALL RATES'!$B$25 -> 46082 | C7: =C6 -> 5751 | D7: =IF(N7="",D6,IF(N8<>D6,N7)) -> GRRES | E7: =IF(D7="","",A7&$D7) -> 41030GRRES | F7: =IF(E7="","",B7&$D7) -> 46082GRRES | H7: =IFERROR(IF(VLOOKUP($O7,Lookup!$G$1:$I$182,3,0)="","",VLOOKUP($O7,Lookup!$G$1:$I$182,3,0)),"") | I7: =IFERROR(IF(VLOOKUP(O7,Lookup!$A$1:$B$200,2,0)="","",VLOOKUP(O7,Lookup!$A$1:$B$200,2,0)),"") -> LFCR_FIXED_UNSG | J7: =C7&D7&G8 -> 5751GRREStotal_billed_therms | K7: =C7&D7&H7 -> 5751GRRES | L7: =D7&" "&IFERROR(IF(VLOOKUP(O7,Lookup!$D$1:$E$201,2,0)="","",VLOOKUP(O7,Lookup!$D$1:$E$201,2,0)),"") -> GRRES | O7: Basic Service Charge Per Month Adder, w/ LFCR | P7: =VLOOKUP(E7,'UNSG - ALL RATES'!$A$2:$DF$83,MATCH($I7,'UNSG - ALL RATES'!$A$3:$DF$3,0),0) -> 1.5 | Q7: 0 | R7: =$P7*Q7 -> 0 | T7: 0 | U7: =$P7*T7 -> 0 | W7: =VLOOKUP(F7,'UNSG - ALL RATES'!$A$2:$CG$83,MATCH($I7,'UNSG - ALL RATES'!$A$3:$CG$3,0),0) -> 0 | X7: 0
A8: 41030 | B8: ='UNSG - ALL RATES'!$B$25 -> 46082 | C8: =C7 -> 5751 | D8: =IF(N8="",D7,IF(N9<>D7,N8)) -> GRRES | E8: =IF(D8="","",A8&$D8) -> 41030GRRES | F8: =IF(E8="","",B8&$D8) -> 46082GRRES | G8: =IFERROR(IF(VLOOKUP($O8,Lookup!$G$1:$I$182,2,0)="","",VLOOKUP($O8,Lookup!$G$1:$I$182,2,0)),"") -> total_billed_therms | H8: =IFERROR(IF(VLOOKUP($O8,Lookup!$G$1:$I$182,3,0)="","",VLOOKUP($O8,Lookup!$G$1:$I$182,3,0)),"") -> total_adjusted_therms | I8: =IFERROR(IF(VLOOKUP(O8,Lookup!$A$1:$B$200,2,0)="","",VLOOKUP(O8,Lookup!$A$1:$B$200,2,0)),"") -> THERM_DELIVERY_TIER1 | L8: =D8&" "&IFERROR(IF(VLOOKUP(O8,Lookup!$D$1:$E$201,2,0)="","",VLOOKUP(O8,Lookup!$D$1:$E$201,2,0)),"") -> GRRES | O8: Delivery Charge, per Therm | P8: =VLOOKUP(E8,'UNSG - ALL RATES'!$A$2:$DF$83,MATCH($I8,'UNSG - ALL RATES'!$A$3:$DF$3,0),0) -> 0.3434 | Q8: =VLOOKUP($C8&$D8,'[4]Billed Annual Billing Det'!$A$2:$N$16,5,0) -> 81711283 | R8: =$P8*Q8 -> 28059655 | T8: =VLOOKUP($C8&$D8,'[4]Adjusted Annual Billing Det'!$A$2:$L$16,5,0) -> 81350019 | U8: =$P8*T8 -> 27935597 | W8: =VLOOKUP(F8,'UNSG - ALL RATES'!$A$2:$CG$83,MATCH($I8,'UNSG - ALL RATES'!$A$3:$CG$3,0),0) -> 0.3801 | X8: =VLOOKUP($C8&$D8,'[4]Proposed Annual Billing Det'!$A$2:$N$16,5,0) -> 81350797 | Y8: =$W8*X8 -> 30921438
A9: 41030 | B9: ='UNSG - ALL RATES'!$B$25 -> 46082 | C9: =C8 -> 5751 | D9: =IF(N9="",D8,IF(N10<>D8,N9)) -> GRRES | E9: =IF(D9="","",A9&$D9) -> 41030GRRES | F9: =IF(E9="","",B9&$D9) -> 46082GRRES | G9: =IFERROR(IF(VLOOKUP($O9,Lookup!$G$1:$I$182,2,0)="","",VLOOKUP($O9,Lookup!$G$1:$I$182,2,0)),"") | H9: =IFERROR(IF(VLOOKUP($O9,Lookup!$G$1:$I$182,3,0)="","",VLOOKUP($O9,Lookup!$G$1:$I$182,3,0)),"") | I9: =IFERROR(IF(VLOOKUP(O9,Lookup!$A$1:$B$200,2,0)="","",VLOOKUP(O9,Lookup!$A$1:$B$200,2,0)),"") | J9: =C9&D9&G9 -> 5751GRRES | K9: =C9&D9&H9 -> 5751GRRES | L9: =D9&" "&IFERROR(IF(VLOOKUP(O9,Lookup!$D$1:$E$201,2,0)="","",VLOOKUP(O9,Lookup!$D$1:$E$201,2,0)),"") -> GRRES Margin Revenues | O9: Subtotal Delivery (Margin) Revenue | R9: =SUM(R6:R8) -> 46104215 | U9: =SUM(U6:U8) -> 46077033 | Y9: =SUM(Y6:Y8) -> 52582599
A10: 41030 | B10: ='UNSG - ALL RATES'!$B$25 -> 46082 | C10: =C9 -> 5751 | D10: =IF(N10="",D9,IF(N11<>D9,N10)) -> GRRES | E10: =IF(D10="","",A10&$D10) -> 41030GRRES | F10: =IF(E10="","",B10&$D10) -> 46082GRRES | G10: =IFERROR(IF(VLOOKUP($O10,Lookup!$G$1:$I$182,2,0)="","",VLOOKUP($O10,Lookup!$G$1:$I$182,2,0)),"") | H10: =IFERROR(IF(VLOOKUP($O10,Lookup!$G$1:$I$182,3,0)="","",VLOOKUP($O10,Lookup!$G$1:$I$182,3,0)),"") | I10: =IFERROR(IF(VLOOKUP(O10,Lookup!$A$1:$B$200,2,0)="","",VLOOKUP(O10,Lookup!$A$1:$B$200,2,0)),"") | J10: =C10&D10&G10 -> 5751GRRES | K10: =C10&D10&H10 -> 5751GRRES | L10: =D10&" "&IFERROR(IF(VLOOKUP(O10,Lookup!$D$1:$E$201,2,0)="","",VLOOKUP(O10,Lookup!$D$1:$E$201,2,0)),"") -> GRRES Sales (T) | O10: Sales (T) | Q10: =Q8 -> 81711283 | T10: =T8 -> 81350019 | X10: =X8 -> 81350797
A11: 41030 | B11: ='UNSG - ALL RATES'!$B$25 -> 46082 | C11: =C10 -> 5751 | D11: =IF(N11="",D10,IF(N12<>D10,N11)) -> GRRES | E11: =IF(D11="","",A11&$D11) -> 41030GRRES | F11: =IF(E11="","",B11&$D11) -> 46082GRRES | G11: =IFERROR(IF(VLOOKUP($O11,Lookup!$G$1:$I$182,2,0)="","",VLOOKUP($O11,Lookup!$G$1:$I$182,2,0)),"") | H11: =IFERROR(IF(VLOOKUP($O11,Lookup!$G$1:$I$182,3,0)="","",VLOOKUP($O11,Lookup!$G$1:$I$182,3,0)),"") | I11: =IFERROR(IF(VLOOKUP(O11,Lookup!$A$1:$B$200,2,0)="","",VLOOKUP(O11,Lookup!$A$1:$B$200,2,0)),"") | J11: =C11&D11&G11 -> 5751GRRES | K11: =C11&D11&H11 -> 5751GRRES | L11: =D11&" "&IFERROR(IF(VLOOKUP(O11,Lookup!$D$1:$E$201,2,0)="","",VLOOKUP(O11,Lookup!$D$1:$E$201,2,0)),"") -> GRRES
A12: 41030 | B12: ='UNSG - ALL RATES'!$B$25 -> 46082 | C12: =M12 -> 5752 | D12: =IF(N12="",D11,IF(N13<>D11,N12)) -> GRRESC | E12: =IF(D12="","",A12&$D12) -> 41030GRRESC | F12: =IF(E12="","",B12&$D12) -> 46082GRRESC | G12: =IFERROR(IF(VLOOKUP($O12,Lookup!$G$1:$I$182,2,0)="","",VLOOKUP($O12,Lookup!$G$1:$I$182,2,0)),"") | H12: =IFERROR(IF(VLOOKUP($O12,Lookup!$G$1:$I$182,3,0)="","",VLOOKUP($O12,Lookup!$G$1:$I$182,3,0)),"") | I12: =IFERROR(IF(VLOOKUP(O12,Lookup!$A$1:$B$200,2,0)="","",VLOOKUP(O12,Lookup!$A$1:$B$200,2,0)),"") | J12: =C12&D12&G12 -> 5752GRRESC | K12: =C12&D12&H12 -> 5752GRRESC | L12: =D12&" "&IFERROR(IF(VLOOKUP(O12,Lookup!$D$1:$E$201,2,0)="","",VLOOKUP(O12,Lookup!$D$1:$E$201,2,0)),"") -> GRRESC | M12: =VLOOKUP(N12,'UNSG - ALL RATES'!$E$25:$F$41,2,0) -> 5752 | N12: ='UNSG - ALL RATES'!F16 -> GRRESC | O12: =VLOOKUP($N12,'UNSG - ALL RATES'!$F$2:$G$383,2,0) -> Residential CARES Gas Service
A13: 41030 | B13: ='UNSG - ALL RATES'!$B$25 -> 46082 | C13: =C12 -> 5752 | D13: =IF(N13="",D12,IF(N14<>D12,N13)) -> GRRESC | E13: =IF(D13="","",A13&$D13) -> 41030GRRESC | F13: =IF(E13="","",B13&$D13) -> 46082GRRESC | G13: =IFERROR(IF(VLOOKUP($O13,Lookup!$G$1:$I$182,2,0)="","",VLOOKUP($O13,Lookup!$G$1:$I$182,2,0)),"") -> total_bill_count | H13: =IFERROR(IF(VLOOKUP($O13,Lookup!$G$1:$I$182,3,0)="","",VLOOKUP($O13,Lookup!$G$1:$I$182,3,0)),"") -> total_adjusted_bill_count | I13: =IFERROR(IF(VLOOKUP(O13,Lookup!$A$1:$B$200,2,0)="","",VLOOKUP(O13,Lookup!$A$1:$B$200,2,0)),"") -> BASIC_SERVICE_CHARGE | J13: =C13&D13&G13 -> 5752GRRESCtotal_bill_count | K13: =C13&D13&H13 -> 5752GRRESCtotal_adjusted_bill_count | L13: =D13&" "&IFERROR(IF(VLOOKUP(O13,Lookup!$D$1:$E$201,2,0)="","",VLOOKUP(O13,Lookup!$D$1:$E$201,2,0)),"") -> GRRESC Basic Service Charges | O13: Basic Service Charge Per Month | P13: 10 | Q13: =VLOOKUP($C13&$D13,'[4]Billed Annual Billing Det'!$A$2:$N$16,4,0) -> 73604 | R13: =$P13*Q13 -> 736040 | T13: =VLOOKUP($C13&$D13,'[4]Adjusted Annual Billing Det'!$A$2:$L$16,4,0) -> 69685.695 | U13: =$P13*T13 -> 696856.95 | W13: =VLOOKUP(F13,'UNSG - ALL RATES'!$A$2:$CG$83,MATCH($I13,'UNSG - ALL RATES'!$A$3:$CG$3,0),0) -> 11.94 | X13: =VLOOKUP($C13&$D13,'[4]Proposed Annual Billing Det'!$A$2:$N$16,4,0) -> 69685.695 | Y13: =$W13*X13 -> 832047.2
A14: 41030 | B14: ='UNSG - ALL RATES'!$B$25 -> 46082 | C14: =C13 -> 5752 | D14: =IF(N14="",D13,IF(N15<>D13,N14)) -> GRRESC | E14: =IF(D14="","",A14&$D14) -> 41030GRRESC | F14: =IF(E14="","",B14&$D14) -> 46082GRRESC | G14: =IFERROR(IF(VLOOKUP($O14,Lookup!$G$1:$I$182,2,0)="","",VLOOKUP($O14,Lookup!$G$1:$I$182,2,0)),"") | H14: =IFERROR(IF(VLOOKUP($O14,Lookup!$G$1:$I$182,3,0)="","",VLOOKUP($O14,Lookup!$G$1:$I$182,3,0)),"") | I14: =IFERROR(IF(VLOOKUP(O14,Lookup!$A$1:$B$200,2,0)="","",VLOOKUP(O14,Lookup!$A$1:$B$200,2,0)),"") -> LFCR_FIXED_UNSG | J14: =C14&D14&G14 -> 5752GRRESC | K14: =C14&D14&H14 -> 5752GRRESC | L14: =D14&" "&IFERROR(IF(VLOOKUP(O14,Lookup!$D$1:$E$201,2,0)="","",VLOOKUP(O14,Lookup!$D$1:$E$201,2,0)),"") -> GRRESC | O14: Basic Service Charge Per Month Adder, w/ LFCR | P14: =VLOOKUP(E14,'UNSG - ALL RATES'!$A$2:$CG$83,MATCH($I14,'UNSG - ALL RATES'!$A$3:$CG$3,0),0) -> 1.5 | Q14: 0 | R14: =$P14*Q14 -> 0 | T14: 0 | U14: =$P14*T14 -> 0 | W14: =VLOOKUP(F14,'UNSG - ALL RATES'!$A$2:$CG$83,MATCH($I14,'UNSG - ALL RATES'!$A$3:$CG$3,0),0) -> 0 | X14: 0 | Y14: =$W14*X14 -> 0
A15: 41030 | B15: ='UNSG - ALL RATES'!$B$25 -> 46082 | C15: =C14 -> 5752 | D15: =IF(N15="",D14,IF(#REF!<>D14,N15)) -> GRRESC | E15: =IF(D15="","",A15&$D15) -> 41030GRRESC | F15: =IF(E15="","",B15&$D15) -> 46082GRRESC | G15: =IFERROR(IF(VLOOKUP($O15,Lookup!$G$1:$I$182,2,0)="","",VLOOKUP($O15,Lookup!$G$1:$I$182,2,0)),"") -> total_billed_therms | H15: =IFERROR(IF(VLOOKUP($O15,Lookup!$G$1:$I$182,3,0)="","",VLOOKUP($O15,Lookup!$G$1:$I$182,3,0)),"") -> total_adjusted_therms | I15: =IFERROR(IF(VLOOKUP(O15,Lookup!$A$1:$B$200,2,0)="","",VLOOKUP(O15,Lookup!$A$1:$B$200,2,0)),"") -> THERM_DELIVERY_TIER1 | J15: =C15&D15&G15 -> 5752GRRESCtotal_billed_therms | K15: =C15&D15&H15 -> 5752GRRESCtotal_adjusted_therms | L15: =D15&" "&IFERROR(IF(VLOOKUP(O15,Lookup!$D$1:$E$201,2,0)="","",VLOOKUP(O15,Lookup!$D$1:$E$201,2,0)),"") -> GRRESC | O15: Delivery Charge, per Therm | P15: =VLOOKUP(E15,'UNSG - ALL RATES'!$A$2:$DF$83,MATCH($I15,'UNSG - ALL RATES'!$A$3:$DF$3,0),0) -> 0.3434 | Q15: =VLOOKUP($C15&$D15,'[4]Billed Annual Billing Det'!$A$2:$N$16,5,0) -> 2710566 | R15: =$P15*Q15 -> 930808.36 | T15: =VLOOKUP($C15&$D15,'[4]Adjusted Annual Billing Det'!$A$2:$L$16,5,0) -> 2494386.7 | U15: =$P15*T15 -> 856572.4 | W15: =VLOOKUP(F15,'UNSG - ALL RATES'!$A$2:$CG$83,MATCH($I15,'UNSG - ALL RATES'!$A$3:$CG$3,0),0) -> 0.3801 | X15: =VLOOKUP($C15&$D15,'[4]Proposed Annual Billing Det'!$A$2:$N$16,5,0) -> 2494386.7 | Y15: =$W15*X15 -> 948116.39
A16: 41030 | B16: ='UNSG - ALL RATES'!$B$25 -> 46082 | C16: =C15 -> 5752 | D16: =IF(N16="",D15,IF(#REF!<>D15,N16)) -> GRRESC | E16: =IF(D16="","",A16&$D16) -> 41030GRRESC | F16: =IF(E16="","",B16&$D16) -> 46082GRRESC | G16: =IFERROR(IF(VLOOKUP($O16,Lookup!$G$1:$I$182,2,0)="","",VLOOKUP($O16,Lookup!$G$1:$I$182,2,0)),"") | H16: =IFERROR(IF(VLOOKUP($O16,Lookup!$G$1:$I$182,3,0)="","",VLOOKUP($O16,Lookup!$G$1:$I$182,3,0)),"") | I16: =IFERROR(IF(VLOOKUP(O16,Lookup!$A$1:$B$200,2,0)="","",VLOOKUP(O16,Lookup!$A$1:$B$200,2,0)),"") | J16: =C16&D16&G16 -> 5752GRRESC | K16: =C16&D16&H16 -> 5752GRRESC | O16: Discounted Delivery | R16: ='[4]Billed Annual Billing Det'!$L$13 -> -511950.6 | Y16: 0
A17: 41030 | B17: ='UNSG - ALL RATES'!$B$25 -> 46082 | C17: =C16 -> 5752 | D17: =IF(N17="",D16,IF(N18<>D16,N17)) -> GRRESC | E17: =IF(D17="","",A17&$D17) -> 41030GRRESC | F17: =IF(E17="","",B17&$D17) -> 46082GRRESC | G17: =IFERROR(IF(VLOOKUP($O17,Lookup!$G$1:$I$182,2,0)="","",VLOOKUP($O17,Lookup!$G$1:$I$182,2,0)),"") | H17: =IFERROR(IF(VLOOKUP($O17,Lookup!$G$1:$I$182,3,0)="","",VLOOKUP($O17,Lookup!$G$1:$I$182,3,0)),"") | I17: =IFERROR(IF(VLOOKUP(O17,Lookup!$A$1:$B$200,2,0)="","",VLOOKUP(O17,Lookup!$A$1:$B$200,2,0)),"") | L17: =D17&" "&IFERROR(IF(VLOOKUP(O17,Lookup!$D$1:$E$201,2,0)="","",VLOOKUP(O17,Lookup!$D$1:$E$201,2,0)),"") -> GRRESC Margin Revenues | O17: Subtotal Delivery (Margin) Revenue | R17: =SUM(R13:R16) -> 1154897.8 | U17: =SUM(U13:U16) -> 1553429.4 | Y17: =SUM(Y13:Y16) -> 1780163.6
A18: 41030 | B18: ='UNSG - ALL RATES'!$B$25 -> 46082 | C18: =C17 -> 5752 | D18: =IF(N18="",D17,IF(N19<>D17,N18)) -> GRRESC | E18: =IF(D18="","",A18&$D18) -> 41030GRRESC | F18: =IF(E18="","",B18&$D18) -> 46082GRRESC | G18: =IFERROR(IF(VLOOKUP($O18,Lookup!$G$1:$I$182,2,0)="","",VLOOKUP($O18,Lookup!$G$1:$I$182,2,0)),"") | H18: =IFERROR(IF(VLOOKUP($O18,Lookup!$G$1:$I$182,3,0)="","",VLOOKUP($O18,Lookup!$G$1:$I$182,3,0)),"") | I18: =IFERROR(IF(VLOOKUP(O18,Lookup!$A$1:$B$200,2,0)="","",VLOOKUP(O18,Lookup!$A$1:$B$200,2,0)),"") | J18: =C18&D18&G18 -> 5752GRRESC | K18: =C18&D18&H18 -> 5752GRRESC | L18: =D18&" "&IFERROR(IF(VLOOKUP(O18,Lookup!$D$1:$E$201,2,0)="","",VLOOKUP(O18,Lookup!$D$1:$E$201,2,0)),"") -> GRRESC Sales (T) | O18: Sales (T) | Q18: =SUM(Q15:Q15) -> 2710566 | T18: =SUM(T15:T15) -> 2494386.7 | X18: =SUM(X15:X15) -> 2494386.7
A19: 41030 | B19: ='UNSG - ALL RATES'!$B$25 -> 46082 | C19: =M12 -> 5752 | D19: =IF(N19="",D18,IF(N20<>D18,N19)) -> GRRESC | E19: =IF(D19="","",A19&$D19) -> 41030GRRESC | F19: =IF(E19="","",B19&$D19) -> 46082GRRESC | G19: =IFERROR(IF(VLOOKUP($O19,Lookup!$G$1:$I$182,2,0)="","",VLOOKUP($O19,Lookup!$G$1:$I$182,2,0)),"") | H19: =IFERROR(IF(VLOOKUP($O19,Lookup!$G$1:$I$182,3,0)="","",VLOOKUP($O19,Lookup!$G$1:$I$182,3,0)),"") | I19: =IFERROR(IF(VLOOKUP(O19,Lookup!$A$1:$B$200,2,0)="","",VLOOKUP(O19,Lookup!$A$1:$B$200,2,0)),"") | J19: =C19&D19&G19 -> 5752GRRESC | K19: =C19&D19&H19 -> 5752GRRESC | L19: =D19&" "&IFERROR(IF(VLOOKUP(O19,Lookup!$D$1:$E$201,2,0)="","",VLOOKUP(O19,Lookup!$D$1:$E$201,2,0)),"") -> GRRESC
A20: 41030 | B20: ='UNSG - ALL RATES'!$B$25 -> 46082 | C20: =M20 -> 5753 | D20: =IF(N20="",D19,IF(N21<>D19,N20)) -> GGSVS | E20: =IF(D20="","",A20&$D20) -> 41030GGSVS | F20: =IF(E20="","",B20&$D20) -> 46082GGSVS | G20: =IFERROR(IF(VLOOKUP($O20,Lookup!$G$1:$I$182,2,0)="","",VLOOKUP($O20,Lookup!$G$1:$I$182,2,0)),"") | H20: =IFERROR(IF(VLOOKUP($O20,Lookup!$G$1:$I$182,3,0)="","",VLOOKUP($O20,Lookup!$G$1:$I$182,3,0)),"") | I20: =IFERROR(IF(VLOOKUP(O20,Lookup!$A$1:$B$200,2,0)="","",VLOOKUP(O20,Lookup!$A$1:$B$200,2,0)),"") | J20: =C20&D20&G20 -> 5753GGSVS | K20: =C20&D20&H20 -> 5753GGSVS | L20: =D20&" "&IFERROR(IF(VLOOKUP(O20,Lookup!$D$1:$E$201,2,0)="","",VLOOKUP(O20,Lookup!$D$1:$E$201,2,0)),"") -> GGSVS | M20: =VLOOKUP(N20,'UNSG - ALL RATES'!$E$25:$F$41,2,0) -> 5753 | N20: ='UNSG - ALL RATES'!F4 -> GGSVS | O20: =VLOOKUP($N20,'UNSG - ALL RATES'!$F$2:$G$383,2,0) -> Small Volume Commercial Service
A21: 41030 | B21: ='UNSG - ALL RATES'!$B$25 -> 46082 | C21: =C20 -> 5753 | D21: =IF(N21="",D20,IF(N22<>D20,N21)) -> GGSVS | E21: =IF(D21="","",A21&$D21) -> 41030GGSVS | F21: =IF(E21="","",B21&$D21) -> 46082GGSVS | G21: =IFERROR(IF(VLOOKUP($O21,Lookup!$G$1:$I$182,2,0)="","",VLOOKUP($O21,Lookup!$G$1:$I$182,2,0)),"") -> total_bill_count | H21: =IFERROR(IF(VLOOKUP($O21,Lookup!$G$1:$I$182,3,0)="","",VLOOKUP($O21,Lookup!$G$1:$I$182,3,0)),"") -> total_adjusted_bill_count | I21: =IFERROR(IF(VLOOKUP(O21,Lookup!$A$1:$B$200,2,0)="","",VLOOKUP(O21,Lookup!$A$1:$B$200,2,0)),"") -> BASIC_SERVICE_CHARGE | J21: =C21&D21&G21 -> 5753GGSVStotal_bill_count | K21: =C21&D21&H21 -> 5753GGSVStotal_adjusted_bill_count | L21: =D21&" "&IFERROR(IF(VLOOKUP(O21,Lookup!$D$1:$E$201,2,0)="","",VLOOKUP(O21,Lookup!$D$1:$E$201,2,0)),"") -> GGSVS Basic Service Charges | O21: Basic Service Charge Per Month | P21: =VLOOKUP(E21,'UNSG - ALL RATES'!$A$2:$CG$83,MATCH($I21,'UNSG - ALL RATES'!$A$3:$CG$3,0),0) -> 20 | Q21: =VLOOKUP($C21&$D21,'[4]Billed Annual Billing Det'!$A$2:$N$16,4,0) -> 146178 | R21: =$P21*Q21 -> 2923560 | T21: =VLOOKUP($C21&$D21,'[4]Adjusted Annual Billing Det'!$A$2:$L$16,4,0) -> 146536.54 | U21: =$P21*T21 -> 2930730.8 | W21: =VLOOKUP(F21,'UNSG - ALL RATES'!$A$2:$CG$83,MATCH($I21,'UNSG - ALL RATES'!$A$3:$CG$3,0),0) -> 28.32 | X21: =VLOOKUP($C21&$D21,'[4]Proposed Annual Billing Det'!$A$2:$N$16,4,0) -> 159201.41 | Y21: =$W21*X21 -> 4508583.9
A22: 41030 | B22: ='UNSG - ALL RATES'!$B$25 -> 46082 | C22: =C21 -> 5753 | D22: =IF(N22="",D21,IF(#REF!<>D21,N22)) -> GGSVS | E22: =IF(D22="","",A22&$D22) -> 41030GGSVS | F22: =IF(E22="","",B22&$D22) -> 46082GGSVS | G22: =IFERROR(IF(VLOOKUP($O22,Lookup!$G$1:$I$182,2,0)="","",VLOOKUP($O22,Lookup!$G$1:$I$182,2,0)),"") -> total_billed_therms | H22: =IFERROR(IF(VLOOKUP($O22,Lookup!$G$1:$I$182,3,0)="","",VLOOKUP($O22,Lookup!$G$1:$I$182,3,0)),"") -> total_adjusted_therms | I22: =IFERROR(IF(VLOOKUP(O22,Lookup!$A$1:$B$200,2,0)="","",VLOOKUP(O22,Lookup!$A$1:$B$200,2,0)),"") -> THERM_DELIVERY_TIER1 | J22: =C22&D22&G22 -> 5753GGSVStotal_billed_therms | K22: =C22&D22&H22 -> 5753GGSVStotal_adjusted_therms | L22: =D22&" "&IFERROR(IF(VLOOKUP(O22,Lookup!$D$1:$E$201,2,0)="","",VLOOKUP(O22,Lookup!$D$1:$E$201,2,0)),"") -> GGSVS | O22: Delivery Charge, per Therm | P22: =VLOOKUP(E22,'UNSG - ALL RATES'!$A$2:$CG$83,MATCH($I22,'UNSG - ALL RATES'!$A$3:$CG$3,0),0) -> 0.2837 | Q22: =VLOOKUP($C22&$D22,'[4]Billed Annual Billing Det'!$A$2:$N$16,5,0) -> 33936462 | R22: =$P22*Q22 -> 9627774.3 | T22: =VLOOKUP($C22&$D22,'[4]Adjusted Annual Billing Det'!$A$2:$L$16,5,0) -> 33757920 | U22: =$P22*T22 -> 9577122 | W22: =VLOOKUP(F22,'UNSG - ALL RATES'!$A$2:$CG$83,MATCH($I22,'UNSG - ALL RATES'!$A$3:$CG$3,0),0) -> 0.3134 | X22: =VLOOKUP($C22&$D22,'[4]Proposed Annual Billing Det'!$A$2:$N$16,5,0) -> 36221648 | Y22: =$W22*X22 -> 11351865
A23: 41030 | B23: ='UNSG - ALL RATES'!$B$25 -> 46082 | C23: =C22 -> 5753 | D23: =IF(N23="",D22,IF(N24<>D22,N23)) -> GGSVS | E23: =IF(D23="","",A23&$D23) -> 41030GGSVS | F23: =IF(E23="","",B23&$D23) -> 46082GGSVS | G23: =IFERROR(IF(VLOOKUP($O23,Lookup!$G$1:$I$182,2,0)="","",VLOOKUP($O23,Lookup!$G$1:$I$182,2,0)),"") | H23: =IFERROR(IF(VLOOKUP($O23,Lookup!$G$1:$I$182,3,0)="","",VLOOKUP($O23,Lookup!$G$1:$I$182,3,0)),"") | I23: =IFERROR(IF(VLOOKUP(O23,Lookup!$A$1:$B$200,2,0)="","",VLOOKUP(O23,Lookup!$A$1:$B$200,2,0)),"") | J23: =C23&D23&G23 -> 5753GGSVS | K23: =C23&D23&H23 -> 5753GGSVS | L23: =D23&" "&IFERROR(IF(VLOOKUP(O23,Lookup!$D$1:$E$201,2,0)="","",VLOOKUP(O23,Lookup!$D$1:$E$201,2,0)),"") -> GGSVS Margin Revenues | O23: Subtotal Delivery (Margin) Revenue | R23: =SUM(R21:R22) -> 12551334 | U23: =SUM(U21:U22) -> 12507853 | Y23: =SUM(Y21:Y22) -> 15860448
A24: 41030 | B24: ='UNSG - ALL RATES'!$B$25 -> 46082 | C24: =C23 -> 5753 | D24: =IF(N24="",D23,IF(N25<>D23,N24)) -> GGSVS | E24: =IF(D24="","",A24&$D24) -> 41030GGSVS | F24: =IF(E24="","",B24&$D24) -> 46082GGSVS | G24: =IFERROR(IF(VLOOKUP($O24,Lookup!$G$1:$I$182,2,0)="","",VLOOKUP($O24,Lookup!$G$1:$I$182,2,0)),"") | H24: =IFERROR(IF(VLOOKUP($O24,Lookup!$G$1:$I$182,3,0)="","",VLOOKUP($O24,Lookup!$G$1:$I$182,3,0)),"") | I24: =IFERROR(IF(VLOOKUP(O24,Lookup!$A$1:$B$200,2,0)="","",VLOOKUP(O24,Lookup!$A$1:$B$200,2,0)),"") | J24: =C24&D24&G24 -> 5753GGSVS | K24: =C24&D24&H24 -> 5753GGSVS | L24: =D24&" "&IFERROR(IF(VLOOKUP(O24,Lookup!$D$1:$E$201,2,0)="","",VLOOKUP(O24,Lookup!$D$1:$E$201,2,0)),"") -> GGSVS Sales (T) | O24: Sales (T) | Q24: =Q22 -> 33936462 | T24: =T22 -> 33757920 | X24: =X22 -> 36221648
A25: 41030 | B25: ='UNSG - ALL RATES'!$B$25 -> 46082 | C25: =C24 -> 5753 | D25: =IF(N25="",D24,IF(N26<>D24,N25)) -> GGSVS | E25: =IF(D25="","",A25&$D25) -> 41030GGSVS | F25: =IF(E25="","",B25&$D25) -> 46082GGSVS | G25: =IFERROR(IF(VLOOKUP($O25,Lookup!$G$1:$I$182,2,0)="","",VLOOKUP($O25,Lookup!$G$1:$I$182,2,0)),"") | H25: =IFERROR(IF(VLOOKUP($O25,Lookup!$G$1:$I$182,3,0)="","",VLOOKUP($O25,Lookup!$G$1:$I$182,3,0)),"") | I25: =IFERROR(IF(VLOOKUP(O25,Lookup!$A$1:$B$200,2,0)="","",VLOOKUP(O25,Lookup!$A$1:$B$200,2,0)),"") | J25: =C25&D25&G25 -> 5753GGSVS | K25: =C25&D25&H25 -> 5753GGSVS | L25: =D25&" "&IFERROR(IF(VLOOKUP(O25,Lookup!$D$1:$E$201,2,0)="","",VLOOKUP(O25,Lookup!$D$1:$E$201,2,0)),"") -> GGSVS
A26: 41030 | B26: ='UNSG - ALL RATES'!$B$25 -> 46082 | C26: =M26 -> 5758 | D26: =IF(N26="",D25,IF(N27<>D25,N26)) -> GISVS | E26: =IF(D26="","",A26&$D26) -> 41030GISVS | F26: =IF(E26="","",B26&$D26) -> 46082GISVS | G26: =IFERROR(IF(VLOOKUP($O26,Lookup!$G$1:$I$182,2,0)="","",VLOOKUP($O26,Lookup!$G$1:$I$182,2,0)),"") | H26: =IFERROR(IF(VLOOKUP($O26,Lookup!$G$1:$I$182,3,0)="","",VLOOKUP($O26,Lookup!$G$1:$I$182,3,0)),"") | I26: =IFERROR(IF(VLOOKUP(O26,Lookup!$A$1:$B$200,2,0)="","",VLOOKUP(O26,Lookup!$A$1:$B$200,2,0)),"") | J26: =C26&D26&G26 -> 5758GISVS | K26: =C26&D26&H26 -> 5758GISVS | L26: =D26&" "&IFERROR(IF(VLOOKUP(O26,Lookup!$D$1:$E$201,2,0)="","",VLOOKUP(O26,Lookup!$D$1:$E$201,2,0)),"") -> GISVS | M26: =VLOOKUP(N26,'UNSG - ALL RATES'!$E$25:$F$41,2,0) -> 5758 | N26: ='UNSG - ALL RATES'!F10 -> GISVS | O26: =VLOOKUP($N26,'UNSG - ALL RATES'!$F$2:$G$383,2,0) -> Small Volume Industrial Service
A27: 41030 | B27: ='UNSG - ALL RATES'!$B$25 -> 46082 | C27: =M26 -> 5758 | D27: =IF(N27="",D26,IF(N28<>D26,N27)) -> GISVS | E27: =IF(D27="","",A27&$D27) -> 41030GISVS | F27: =IF(E27="","",B27&$D27) -> 46082GISVS | G27: =IFERROR(IF(VLOOKUP($O27,Lookup!$G$1:$I$182,2,0)="","",VLOOKUP($O27,Lookup!$G$1:$I$182,2,0)),"") -> total_bill_count | H27: =IFERROR(IF(VLOOKUP($O27,Lookup!$G$1:$I$182,3,0)="","",VLOOKUP($O27,Lookup!$G$1:$I$182,3,0)),"") -> total_adjusted_bill_count | I27: =IFERROR(IF(VLOOKUP(O27,Lookup!$A$1:$B$200,2,0)="","",VLOOKUP(O27,Lookup!$A$1:$B$200,2,0)),"") -> BASIC_SERVICE_CHARGE | J27: =C27&D27&G27 -> 5758GISVStotal_bill_count | K27: =C27&D27&H27 -> 5758GISVStotal_adjusted_bill_count | L27: =D27&" "&IFERROR(IF(VLOOKUP(O27,Lookup!$D$1:$E$201,2,0)="","",VLOOKUP(O27,Lookup!$D$1:$E$201,2,0)),"") -> GISVS Basic Service Charges | O27: Basic Service Charge Per Month | P27: =VLOOKUP(E27,'UNSG - ALL RATES'!$A$2:$CG$83,MATCH($I27,'UNSG - ALL RATES'!$A$3:$CG$3,0),0) -> 20 | Q27: =VLOOKUP($C27&$D27,'[4]Billed Annual Billing Det'!$A$2:$N$16,4,0) -> 267 | R27: =$P27*Q27 -> 5340 | T27: =VLOOKUP($C27&$D27,'[4]Adjusted Annual Billing Det'!$A$2:$L$16,4,0) -> 277.10433 | U27: =$P27*T27 -> 5542.0866 | W27: MOVED TO GGSVS
A28: 41030 | B28: ='UNSG - ALL RATES'!$B$25 -> 46082 | C28: =C27 -> 5758 | D28: =IF(N28="",D27,IF(N29<>D27,N28)) -> GISVS | E28: =IF(D28="","",A28&$D28) -> 41030GISVS | F28: =IF(E28="","",B28&$D28) -> 46082GISVS | G28: =IFERROR(IF(VLOOKUP($O28,Lookup!$G$1:$I$182,2,0)="","",VLOOKUP($O28,Lookup!$G$1:$I$182,2,0)),"") -> total_billed_therms | H28: =IFERROR(IF(VLOOKUP($O28,Lookup!$G$1:$I$182,3,0)="","",VLOOKUP($O28,Lookup!$G$1:$I$182,3,0)),"") -> total_adjusted_therms | I28: =IFERROR(IF(VLOOKUP(O28,Lookup!$A$1:$B$200,2,0)="","",VLOOKUP(O28,Lookup!$A$1:$B$200,2,0)),"") -> THERM_DELIVERY_TIER1 | J28: =C28&D28&G28 -> 5758GISVStotal_billed_therms | K28: =C28&D28&H28 -> 5758GISVStotal_adjusted_therms | L28: =D28&" "&IFERROR(IF(VLOOKUP(O28,Lookup!$D$1:$E$201,2,0)="","",VLOOKUP(O28,Lookup!$D$1:$E$201,2,0)),"") -> GISVS | O28: Delivery Charge, per Therm | P28: =VLOOKUP(E28,'UNSG - ALL RATES'!$A$2:$CG$83,MATCH($I28,'UNSG - ALL RATES'!$A$3:$CG$3,0),0) -> 0.3061 | Q28: =VLOOKUP($C28&$D28,'[4]Billed Annual Billing Det'!$A$2:$N$16,5,0) -> 883556 | R28: =$P28*Q28 -> 270456.49 | T28: =VLOOKUP($C28&$D28,'[4]Adjusted Annual Billing Det'!$A$2:$L$16,5,0) -> 914226.09 | U28: =$P28*T28 -> 279844.61
A29: 41030 | B29: ='UNSG - ALL RATES'!$B$25 -> 46082 | C29: =C28 -> 5758 | D29: =IF(N29="",D28,IF(N30<>D28,N29)) -> GISVS | E29: =IF(D29="","",A29&$D29) -> 41030GISVS | F29: =IF(E29="","",B29&$D29) -> 46082GISVS | G29: =IFERROR(IF(VLOOKUP($O29,Lookup!$G$1:$I$182,2,0)="","",VLOOKUP($O29,Lookup!$G$1:$I$182,2,0)),"") | H29: =IFERROR(IF(VLOOKUP($O29,Lookup!$G$1:$I$182,3,0)="","",VLOOKUP($O29,Lookup!$G$1:$I$182,3,0)),"") | I29: =IFERROR(IF(VLOOKUP(O29,Lookup!$A$1:$B$200,2,0)="","",VLOOKUP(O29,Lookup!$A$1:$B$200,2,0)),"") | J29: =C29&D29&G29 -> 5758GISVS | K29: =C29&D29&H29 -> 5758GISVS | L29: =D29&" "&IFERROR(IF(VLOOKUP(O29,Lookup!$D$1:$E$201,2,0)="","",VLOOKUP(O29,Lookup!$D$1:$E$201,2,0)),"") -> GISVS Margin Revenues | O29: Subtotal Delivery (Margin) Revenue | R29: =SUM(R27:R28) -> 275796.49 | U29: =SUM(U27:U28) -> 285386.69
A30: 41030 | B30: ='UNSG - ALL RATES'!$B$25 -> 46082 | C30: =C29 -> 5758 | D30: =IF(N30="",D29,IF(#REF!<>D29,N30)) -> GISVS | E30: =IF(D30="","",A30&$D30) -> 41030GISVS | F30: =IF(E30="","",B30&$D30) -> 46082GISVS | G30: =IFERROR(IF(VLOOKUP($O30,Lookup!$G$1:$I$182,2,0)="","",VLOOKUP($O30,Lookup!$G$1:$I$182,2,0)),"") | H30: =IFERROR(IF(VLOOKUP($O30,Lookup!$G$1:$I$182,3,0)="","",VLOOKUP($O30,Lookup!$G$1:$I$182,3,0)),"") | I30: =IFERROR(IF(VLOOKUP(O30,Lookup!$A$1:$B$200,2,0)="","",VLOOKUP(O30,Lookup!$A$1:$B$200,2,0)),"") | J30: =C30&D30&G30 -> 5758GISVS | K30: =C30&D30&H30 -> 5758GISVS | L30: =D30&" "&IFERROR(IF(VLOOKUP(O30,Lookup!$D$1:$E$201,2,0)="","",VLOOKUP(O30,Lookup!$D$1:$E$201,2,0)),"") -> GISVS Sales (T) | O30: Sales (T) | Q30: =Q28 -> 883556 | T30: =T28 -> 914226.09
A31: 41030 | B31: ='UNSG - ALL RATES'!$B$25 -> 46082 | C31: =C30 -> 5758 | D31: =IF(N31="",D30,IF(N32<>D30,N31)) -> GISVS | E31: =IF(D31="","",A31&$D31) -> 41030GISVS | F31: =IF(E31="","",B31&$D31) -> 46082GISVS | G31: =IFERROR(IF(VLOOKUP($O31,Lookup!$G$1:$I$182,2,0)="","",VLOOKUP($O31,Lookup!$G$1:$I$182,2,0)),"") | H31: =IFERROR(IF(VLOOKUP($O31,Lookup!$G$1:$I$182,3,0)="","",VLOOKUP($O31,Lookup!$G$1:$I$182,3,0)),"") | I31: =IFERROR(IF(VLOOKUP(O31,Lookup!$A$1:$B$200,2,0)="","",VLOOKUP(O31,Lookup!$A$1:$B$200,2,0)),"") | J31: =C31&D31&G31 -> 5758GISVS | K31: =C31&D31&H31 -> 5758GISVS | L31: =D31&" "&IFERROR(IF(VLOOKUP(O31,Lookup!$D$1:$E$201,2,0)="","",VLOOKUP(O31,Lookup!$D$1:$E$201,2,0)),"") -> GISVS
A32: 41030 | B32: ='UNSG - ALL RATES'!$B$25 -> 46082 | C32: =M32 -> 5765 | D32: =IF(N32="",D31,IF(N33<>D31,N32)) -> GPSVS | E32: =IF(D32="","",A32&$D32) -> 41030GPSVS | F32: =IF(E32="","",B32&$D32) -> 46082GPSVS | G32: =IFERROR(IF(VLOOKUP($O32,Lookup!$G$1:$I$182,2,0)="","",VLOOKUP($O32,Lookup!$G$1:$I$182,2,0)),"") | H32: =IFERROR(IF(VLOOKUP($O32,Lookup!$G$1:$I$182,3,0)="","",VLOOKUP($O32,Lookup!$G$1:$I$182,3,0)),"") | I32: =IFERROR(IF(VLOOKUP(O32,Lookup!$A$1:$B$200,2,0)="","",VLOOKUP(O32,Lookup!$A$1:$B$200,2,0)),"") | J32: =C32&D32&G32 -> 5765GPSVS | K32: =C32&D32&H32 -> 5765GPSVS | L32: =D32&" "&IFERROR(IF(VLOOKUP(O32,Lookup!$D$1:$E$201,2,0)="","",VLOOKUP(O32,Lookup!$D$1:$E$201,2,0)),"") -> GPSVS | M32: =VLOOKUP(N32,'UNSG - ALL RATES'!$E$25:$F$41,2,0) -> 5765 | N32: ='UNSG - ALL RATES'!F13 -> GPSVS | O32: =VLOOKUP($N32,'UNSG - ALL RATES'!$F$2:$G$383,2,0) -> Small Volume Public Authority Service
A33: 41030 | B33: ='UNSG - ALL RATES'!$B$25 -> 46082 | C33: =C32 -> 5765 | D33: =IF(N33="",D32,IF(N34<>D32,N33)) -> GPSVS | E33: =IF(D33="","",A33&$D33) -> 41030GPSVS | F33: =IF(E33="","",B33&$D33) -> 46082GPSVS | G33: =IFERROR(IF(VLOOKUP($O33,Lookup!$G$1:$I$182,2,0)="","",VLOOKUP($O33,Lookup!$G$1:$I$182,2,0)),"") -> total_bill_count | H33: =IFERROR(IF(VLOOKUP($O33,Lookup!$G$1:$I$182,3,0)="","",VLOOKUP($O33,Lookup!$G$1:$I$182,3,0)),"") -> total_adjusted_bill_count | I33: =IFERROR(IF(VLOOKUP(O33,Lookup!$A$1:$B$200,2,0)="","",VLOOKUP(O33,Lookup!$A$1:$B$200,2,0)),"") -> BASIC_SERVICE_CHARGE | J33: =C33&D33&G33 -> 5765GPSVStotal_bill_count | K33: =C33&D33&H33 -> 5765GPSVStotal_adjusted_bill_count | L33: =D33&" "&IFERROR(IF(VLOOKUP(O33,Lookup!$D$1:$E$201,2,0)="","",VLOOKUP(O33,Lookup!$D$1:$E$201,2,0)),"") -> GPSVS Basic Service Charges | O33: Basic Service Charge Per Month | P33: =VLOOKUP(E33,'UNSG - ALL RATES'!$A$2:$CG$83,MATCH($I33,'UNSG - ALL RATES'!$A$3:$CG$3,0),0) -> 20 | Q33: =VLOOKUP($C33&$D33,'[4]Billed Annual Billing Det'!$A$2:$N$16,4,0) -> 12355 | R33: =$P33*Q33 -> 247100 | T33: =VLOOKUP($C33&$D33,'[4]Adjusted Annual Billing Det'!$A$2:$L$16,4,0) -> 12321.763 | U33: =$P33*T33 -> 246435.26 | W33: MOVED TO GGSVS
A34: 41030 | B34: ='UNSG - ALL RATES'!$B$25 -> 46082 | C34: =C33 -> 5765 | D34: =IF(N34="",D33,IF(N35<>D33,N34)) -> GPSVS | E34: =IF(D34="","",A34&$D34) -> 41030GPSVS | F34: =IF(E34="","",B34&$D34) -> 46082GPSVS | G34: =IFERROR(IF(VLOOKUP($O34,Lookup!$G$1:$I$182,2,0)="","",VLOOKUP($O34,Lookup!$G$1:$I$182,2,0)),"") -> total_billed_therms | H34: =IFERROR(IF(VLOOKUP($O34,Lookup!$G$1:$I$182,3,0)="","",VLOOKUP($O34,Lookup!$G$1:$I$182,3,0)),"") -> total_adjusted_therms | I34: =IFERROR(IF(VLOOKUP(O34,Lookup!$A$1:$B$200,2,0)="","",VLOOKUP(O34,Lookup!$A$1:$B$200,2,0)),"") -> THERM_DELIVERY_TIER1 | J34: =C34&D34&G34 -> 5765GPSVStotal_billed_therms | K34: =C34&D34&H34 -> 5765GPSVStotal_adjusted_therms | L34: =D34&" "&IFERROR(IF(VLOOKUP(O34,Lookup!$D$1:$E$201,2,0)="","",VLOOKUP(O34,Lookup!$D$1:$E$201,2,0)),"") -> GPSVS | O34: Delivery Charge, per Therm | P34: =VLOOKUP(E34,'UNSG - ALL RATES'!$A$2:$CG$83,MATCH($I34,'UNSG - ALL RATES'!$A$3:$CG$3,0),0) -> 0.2841 | Q34: =VLOOKUP($C34&$D34,'[4]Billed Annual Billing Det'!$A$2:$N$16,5,0) -> 4729503 | R34: =$P34*Q34 -> 1343651.8 | T34: =VLOOKUP($C34&$D34,'[4]Adjusted Annual Billing Det'!$A$2:$L$16,5,0) -> 4738352.1 | U34: =$P34*T34 -> 1346165.8
A35: 41030 | B35: ='UNSG - ALL RATES'!$B$25 -> 46082 | C35: =M32 -> 5765 | D35: =IF(N35="",D34,IF(N36<>D34,N35)) -> GPSVS | E35: =IF(D35="","",A35&$D35) -> 41030GPSVS | F35: =IF(E35="","",B35&$D35) -> 46082GPSVS | G35: =IFERROR(IF(VLOOKUP($O35,Lookup!$G$1:$I$182,2,0)="","",VLOOKUP($O35,Lookup!$G$1:$I$182,2,0)),"") | H35: =IFERROR(IF(VLOOKUP($O35,Lookup!$G$1:$I$182,3,0)="","",VLOOKUP($O35,Lookup!$G$1:$I$182,3,0)),"") | I35: =IFERROR(IF(VLOOKUP(O35,Lookup!$A$1:$B$200,2,0)="","",VLOOKUP(O35,Lookup!$A$1:$B$200,2,0)),"") | J35: =C35&D35&G35 -> 5765GPSVS | K35: =C35&D35&H35 -> 5765GPSVS | L35: =D35&" "&IFERROR(IF(VLOOKUP(O35,Lookup!$D$1:$E$201,2,0)="","",VLOOKUP(O35,Lookup!$D$1:$E$201,2,0)),"") -> GPSVS Margin Revenues | O35: Subtotal Delivery (Margin) Revenue | R35: =SUM(R33:R34) -> 1590751.8 | U35: =SUM(U33:U34) -> 1592601.1
A36: 41030 | B36: ='UNSG - ALL RATES'!$B$25 -> 46082 | C36: =C35 -> 5765 | D36: =IF(N36="",D35,IF(N37<>D35,N36)) -> GPSVS | E36: =IF(D36="","",A36&$D36) -> 41030GPSVS | F36: =IF(E36="","",B36&$D36) -> 46082GPSVS | G36: =IFERROR(IF(VLOOKUP($O36,Lookup!$G$1:$I$182,2,0)="","",VLOOKUP($O36,Lookup!$G$1:$I$182,2,0)),"") | H36: =IFERROR(IF(VLOOKUP($O36,Lookup!$G$1:$I$182,3,0)="","",VLOOKUP($O36,Lookup!$G$1:$I$182,3,0)),"") | I36: =IFERROR(IF(VLOOKUP(O36,Lookup!$A$1:$B$200,2,0)="","",VLOOKUP(O36,Lookup!$A$1:$B$200,2,0)),"") | J36: =C36&D36&G36 -> 5765GPSVS | K36: =C36&D36&H36 -> 5765GPSVS | L36: =D36&" "&IFERROR(IF(VLOOKUP(O36,Lookup!$D$1:$E$201,2,0)="","",VLOOKUP(O36,Lookup!$D$1:$E$201,2,0)),"") -> GPSVS Sales (T) | O36: Sales (T) | Q36: =Q34 -> 4729503 | T36: =T34 -> 4738352.1
A37: 41030 | B37: ='UNSG - ALL RATES'!$B$25 -> 46082 | C37: =C36 -> 5765 | D37: =IF(N37="",D36,IF(N38<>D36,N37)) -> GPSVS | E37: =IF(D37="","",A37&$D37) -> 41030GPSVS | F37: =IF(E37="","",B37&$D37) -> 46082GPSVS | G37: =IFERROR(IF(VLOOKUP($O37,Lookup!$G$1:$I$182,2,0)="","",VLOOKUP($O37,Lookup!$G$1:$I$182,2,0)),"") | H37: =IFERROR(IF(VLOOKUP($O37,Lookup!$G$1:$I$182,3,0)="","",VLOOKUP($O37,Lookup!$G$1:$I$182,3,0)),"") | I37: =IFERROR(IF(VLOOKUP(O37,Lookup!$A$1:$B$200,2,0)="","",VLOOKUP(O37,Lookup!$A$1:$B$200,2,0)),"") | J37: =C37&D37&G37 -> 5765GPSVS | K37: =C37&D37&H37 -> 5765GPSVS | L37: =D37&" "&IFERROR(IF(VLOOKUP(O37,Lookup!$D$1:$E$201,2,0)="","",VLOOKUP(O37,Lookup!$D$1:$E$201,2,0)),"") -> GPSVS
A38: 41030 | B38: ='UNSG - ALL RATES'!$B$25 -> 46082 | C38: =M38 -> 5754 | D38: =IF(N38="",D37,IF(N39<>D37,N38)) -> GGLVS | E38: =IF(D38="","",A38&$D38) -> 41030GGLVS | F38: =IF(E38="","",B38&$D38) -> 46082GGLVS | G38: =IFERROR(IF(VLOOKUP($O38,Lookup!$G$1:$I$182,2,0)="","",VLOOKUP($O38,Lookup!$G$1:$I$182,2,0)),"") | H38: =IFERROR(IF(VLOOKUP($O38,Lookup!$G$1:$I$182,3,0)="","",VLOOKUP($O38,Lookup!$G$1:$I$182,3,0)),"") | I38: =IFERROR(IF(VLOOKUP(O38,Lookup!$A$1:$B$200,2,0)="","",VLOOKUP(O38,Lookup!$A$1:$B$200,2,0)),"") | J38: =C38&D38&G38 -> 5754GGLVS | K38: =C38&D38&H38 -> 5754GGLVS | L38: =D38&" "&IFERROR(IF(VLOOKUP(O38,Lookup!$D$1:$E$201,2,0)="","",VLOOKUP(O38,Lookup!$D$1:$E$201,2,0)),"") -> GGLVS | M38: =VLOOKUP(N38,'UNSG - ALL RATES'!$E$25:$F$41,2,0) -> 5754 | N38: ='UNSG - ALL RATES'!F5 -> GGLVS | O38: =VLOOKUP($N38,'UNSG - ALL RATES'!$F$2:$G$383,2,0) -> Large Volume Commercial Service
A39: 41030 | B39: ='UNSG - ALL RATES'!$B$25 -> 46082 | C39: =C38 -> 5754 | D39: =IF(N39="",D38,IF(N40<>D38,N39)) -> GGLVS | E39: =IF(D39="","",A39&$D39) -> 41030GGLVS | F39: =IF(E39="","",B39&$D39) -> 46082GGLVS | G39: =IFERROR(IF(VLOOKUP($O39,Lookup!$G$1:$I$182,2,0)="","",VLOOKUP($O39,Lookup!$G$1:$I$182,2,0)),"") -> total_bill_count | H39: =IFERROR(IF(VLOOKUP($O39,Lookup!$G$1:$I$182,3,0)="","",VLOOKUP($O39,Lookup!$G$1:$I$182,3,0)),"") -> total_adjusted_bill_count | I39: =IFERROR(IF(VLOOKUP(O39,Lookup!$A$1:$B$200,2,0)="","",VLOOKUP(O39,Lookup!$A$1:$B$200,2,0)),"") -> BASIC_SERVICE_CHARGE | J39: =C39&D39&G39 -> 5754GGLVStotal_bill_count | K39: =C39&D39&H39 -> 5754GGLVStotal_adjusted_bill_count | L39: =D39&" "&IFERROR(IF(VLOOKUP(O39,Lookup!$D$1:$E$201,2,0)="","",VLOOKUP(O39,Lookup!$D$1:$E$201,2,0)),"") -> GGLVS Basic Service Charges | O39: Basic Service Charge Per Month | P39: =VLOOKUP(E39,'UNSG - ALL RATES'!$A$2:$CG$83,MATCH($I39,'UNSG - ALL RATES'!$A$3:$CG$3,0),0) -> 225 | Q39: =VLOOKUP($C39&$D39,'[4]Billed Annual Billing Det'!$A$2:$N$16,4,0) -> 314 | R39: =$P39*Q39 -> 70650 | T39: =VLOOKUP($C39&$D39,'[4]Adjusted Annual Billing Det'!$A$2:$L$16,4,0) -> 319.42593 | U39: =$P39*T39 -> 71870.833 | W39: MOVED TO GILVS
A40: 41030 | B40: ='UNSG - ALL RATES'!$B$25 -> 46082 | C40: =C39 -> 5754 | D40: =IF(N40="",D39,IF(N41<>D39,N40)) -> GGLVS | E40: =IF(D40="","",A40&$D40) -> 41030GGLVS | F40: =IF(E40="","",B40&$D40) -> 46082GGLVS | G40: =IFERROR(IF(VLOOKUP($O40,Lookup!$G$1:$I$182,2,0)="","",VLOOKUP($O40,Lookup!$G$1:$I$182,2,0)),"") -> total_billed_therms | H40: =IFERROR(IF(VLOOKUP($O40,Lookup!$G$1:$I$182,3,0)="","",VLOOKUP($O40,Lookup!$G$1:$I$182,3,0)),"") -> total_adjusted_therms | I40: =IFERROR(IF(VLOOKUP(O40,Lookup!$A$1:$B$200,2,0)="","",VLOOKUP(O40,Lookup!$A$1:$B$200,2,0)),"") -> THERM_DELIVERY_TIER1 | J40: =C40&D40&G40 -> 5754GGLVStotal_billed_therms | K40: =C40&D40&H40 -> 5754GGLVStotal_adjusted_therms | L40: =D40&" "&IFERROR(IF(VLOOKUP(O40,Lookup!$D$1:$E$201,2,0)="","",VLOOKUP(O40,Lookup!$D$1:$E$201,2,0)),"") -> GGLVS | O40: Delivery Charge, per Therm | P40: =VLOOKUP(E40,'UNSG - ALL RATES'!$A$2:$CG$83,MATCH($I40,'UNSG - ALL RATES'!$A$3:$CG$3,0),0) -> 0.2104 | Q40: =VLOOKUP($C40&$D40,'[4]Billed Annual Billing Det'!$A$2:$N$16,5,0) -> 1168672 | R40: =$P40*Q40 -> 245888.59 | T40: =VLOOKUP($C40&$D40,'[4]Adjusted Annual Billing Det'!$A$2:$L$16,5,0) -> 1149625 | U40: =$P40*T40 -> 241881.11
A41: 41030 | B41: ='UNSG - ALL RATES'!$B$25 -> 46082 | C41: =C40 -> 5754 | D41: =IF(N41="",D40,IF(N42<>D40,N41)) -> GGLVS | E41: =IF(D41="","",A41&$D41) -> 41030GGLVS | F41: =IF(E41="","",B41&$D41) -> 46082GGLVS | G41: =IFERROR(IF(VLOOKUP($O41,Lookup!$G$1:$I$182,2,0)="","",VLOOKUP($O41,Lookup!$G$1:$I$182,2,0)),"") | H41: =IFERROR(IF(VLOOKUP($O41,Lookup!$G$1:$I$182,3,0)="","",VLOOKUP($O41,Lookup!$G$1:$I$182,3,0)),"") | I41: =IFERROR(IF(VLOOKUP(O41,Lookup!$A$1:$B$200,2,0)="","",VLOOKUP(O41,Lookup!$A$1:$B$200,2,0)),"") | J41: =C41&D41&G41 -> 5754GGLVS | K41: =C41&D41&H41 -> 5754GGLVS | L41: =D41&" "&IFERROR(IF(VLOOKUP(O41,Lookup!$D$1:$E$201,2,0)="","",VLOOKUP(O41,Lookup!$D$1:$E$201,2,0)),"") -> GGLVS Margin Revenues | O41: Subtotal Delivery (Margin) Revenue | R41: =SUM(R39:R40) -> 316538.59 | U41: =SUM(U39:U40) -> 313751.94
A42: 41030 | B42: ='UNSG - ALL RATES'!$B$25 -> 46082 | C42: =C41 -> 5754 | D42: =IF(N42="",D41,IF(N43<>D41,N42)) -> GGLVS | E42: =IF(D42="","",A42&$D42) -> 41030GGLVS | F42: =IF(E42="","",B42&$D42) -> 46082GGLVS | G42: =IFERROR(IF(VLOOKUP($O42,Lookup!$G$1:$I$182,2,0)="","",VLOOKUP($O42,Lookup!$G$1:$I$182,2,0)),"") | H42: =IFERROR(IF(VLOOKUP($O42,Lookup!$G$1:$I$182,3,0)="","",VLOOKUP($O42,Lookup!$G$1:$I$182,3,0)),"") | I42: =IFERROR(IF(VLOOKUP(O42,Lookup!$A$1:$B$200,2,0)="","",VLOOKUP(O42,Lookup!$A$1:$B$200,2,0)),"") | J42: =C42&D42&G42 -> 5754GGLVS | K42: =C42&D42&H42 -> 5754GGLVS | L42: =D42&" "&IFERROR(IF(VLOOKUP(O42,Lookup!$D$1:$E$201,2,0)="","",VLOOKUP(O42,Lookup!$D$1:$E$201,2,0)),"") -> GGLVS Sales (T) | O42: Sales (T) | Q42: =Q40 -> 1168672 | T42: =T40 -> 1149625
A43: 41030 | B43: ='UNSG - ALL RATES'!$B$25 -> 46082 | C43: =M38 -> 5754 | D43: =IF(N43="",D42,IF(N44<>D42,N43)) -> GGLVS | E43: =IF(D43="","",A43&$D43) -> 41030GGLVS | F43: =IF(E43="","",B43&$D43) -> 46082GGLVS | G43: =IFERROR(IF(VLOOKUP($O43,Lookup!$G$1:$I$182,2,0)="","",VLOOKUP($O43,Lookup!$G$1:$I$182,2,0)),"") | H43: =IFERROR(IF(VLOOKUP($O43,Lookup!$G$1:$I$182,3,0)="","",VLOOKUP($O43,Lookup!$G$1:$I$182,3,0)),"") | I43: =IFERROR(IF(VLOOKUP(O43,Lookup!$A$1:$B$200,2,0)="","",VLOOKUP(O43,Lookup!$A$1:$B$200,2,0)),"") | J43: =C43&D43&G43 -> 5754GGLVS | K43: =C43&D43&H43 -> 5754GGLVS | L43: =D43&" "&IFERROR(IF(VLOOKUP(O43,Lookup!$D$1:$E$201,2,0)="","",VLOOKUP(O43,Lookup!$D$1:$E$201,2,0)),"") -> GGLVS
A44: 41030 | B44: ='UNSG - ALL RATES'!$B$25 -> 46082 | C44: =M44 -> 5759 | D44: =IF(N44="",D43,IF(N45<>D43,N44)) -> GILVS | E44: =IF(D44="","",A44&$D44) -> 41030GILVS | F44: =IF(E44="","",B44&$D44) -> 46082GILVS | G44: =IFERROR(IF(VLOOKUP($O44,Lookup!$G$1:$I$182,2,0)="","",VLOOKUP($O44,Lookup!$G$1:$I$182,2,0)),"") | H44: =IFERROR(IF(VLOOKUP($O44,Lookup!$G$1:$I$182,3,0)="","",VLOOKUP($O44,Lookup!$G$1:$I$182,3,0)),"") | I44: =IFERROR(IF(VLOOKUP(O44,Lookup!$A$1:$B$200,2,0)="","",VLOOKUP(O44,Lookup!$A$1:$B$200,2,0)),"") | J44: =C44&D44&G44 -> 5759GILVS | K44: =C44&D44&H44 -> 5759GILVS | L44: =D44&" "&IFERROR(IF(VLOOKUP(O44,Lookup!$D$1:$E$201,2,0)="","",VLOOKUP(O44,Lookup!$D$1:$E$201,2,0)),"") -> GILVS | M44: =VLOOKUP(N44,'UNSG - ALL RATES'!$E$25:$F$41,2,0) -> 5759 | N44: ='UNSG - ALL RATES'!F11 -> GILVS | O44: =VLOOKUP($N44,'UNSG - ALL RATES'!$F$2:$G$383,2,0) -> Large Volume Industrial Service
A45: 41030 | B45: ='UNSG - ALL RATES'!$B$25 -> 46082 | C45: =C44 -> 5759 | D45: =IF(N45="",D44,IF(N46<>D44,N45)) -> GILVS | E45: =IF(D45="","",A45&$D45) -> 41030GILVS | F45: =IF(E45="","",B45&$D45) -> 46082GILVS | G45: =IFERROR(IF(VLOOKUP($O45,Lookup!$G$1:$I$182,2,0)="","",VLOOKUP($O45,Lookup!$G$1:$I$182,2,0)),"") -> total_bill_count | H45: =IFERROR(IF(VLOOKUP($O45,Lookup!$G$1:$I$182,3,0)="","",VLOOKUP($O45,Lookup!$G$1:$I$182,3,0)),"") -> total_adjusted_bill_count | I45: =IFERROR(IF(VLOOKUP(O45,Lookup!$A$1:$B$200,2,0)="","",VLOOKUP(O45,Lookup!$A$1:$B$200,2,0)),"") -> BASIC_SERVICE_CHARGE | J45: =C45&D45&G45 -> 5759GILVStotal_bill_count | K45: =C45&D45&H45 -> 5759GILVStotal_adjusted_bill_count | L45: =D45&" "&IFERROR(IF(VLOOKUP(O45,Lookup!$D$1:$E$201,2,0)="","",VLOOKUP(O45,Lookup!$D$1:$E$201,2,0)),"") -> GILVS Basic Service Charges | O45: Basic Service Charge Per Month | P45: =VLOOKUP(E45,'UNSG - ALL RATES'!$A$2:$CG$83,MATCH($I45,'UNSG - ALL RATES'!$A$3:$CG$3,0),0) -> 225 | Q45: =VLOOKUP($C45&$D45,'[4]Billed Annual Billing Det'!$A$2:$N$16,4,0) -> 86 | R45: =$P45*Q45 -> 19350 | T45: =VLOOKUP($C45&$D45,'[4]Adjusted Annual Billing Det'!$A$2:$L$16,4,0) -> 87.083333 | U45: =$P45*T45 -> 19593.75 | W45: =VLOOKUP(F45,'UNSG - ALL RATES'!$A$2:$CG$83,MATCH($I45,'UNSG - ALL RATES'!$A$3:$CG$3,0),0) -> 285.73 | X45: =VLOOKUP($C45&$D45,'[4]Proposed Annual Billing Det'!$A$2:$N$16,4,0) -> 506.50926 | Y45: =$W45*X45 -> 144724.89
A46: 41030 | B46: ='UNSG - ALL RATES'!$B$25 -> 46082 | C46: =C45 -> 5759 | D46: =IF(N46="",D45,IF(N47<>D45,N46)) -> GILVS | E46: =IF(D46="","",A46&$D46) -> 41030GILVS | F46: =IF(E46="","",B46&$D46) -> 46082GILVS | G46: =IFERROR(IF(VLOOKUP($O46,Lookup!$G$1:$I$182,2,0)="","",VLOOKUP($O46,Lookup!$G$1:$I$182,2,0)),"") -> total_billed_therms | H46: =IFERROR(IF(VLOOKUP($O46,Lookup!$G$1:$I$182,3,0)="","",VLOOKUP($O46,Lookup!$G$1:$I$182,3,0)),"") -> total_adjusted_therms | I46: =IFERROR(IF(VLOOKUP(O46,Lookup!$A$1:$B$200,2,0)="","",VLOOKUP(O46,Lookup!$A$1:$B$200,2,0)),"") -> THERM_DELIVERY_TIER1 | J46: =C46&D46&G46 -> 5759GILVStotal_billed_therms | K46: =C46&D46&H46 -> 5759GILVStotal_adjusted_therms | L46: =D46&" "&IFERROR(IF(VLOOKUP(O46,Lookup!$D$1:$E$201,2,0)="","",VLOOKUP(O46,Lookup!$D$1:$E$201,2,0)),"") -> GILVS | O46: Delivery Charge, per Therm | P46: =VLOOKUP(E46,'UNSG - ALL RATES'!$A$2:$CG$83,MATCH($I46,'UNSG - ALL RATES'!$A$3:$CG$3,0),0) -> 0.1248 | Q46: =VLOOKUP($C46&$D46,'[4]Billed Annual Billing Det'!$A$2:$N$16,5,0) -> 1699928 | R46: =$P46*Q46 -> 212151.01 | T46: =VLOOKUP($C46&$D46,'[4]Adjusted Annual Billing Det'!$A$2:$L$16,5,0) -> 1695093.5 | U46: =$P46*T46 -> 211547.66 | W46: =VLOOKUP(F46,'UNSG - ALL RATES'!$A$2:$CG$83,MATCH($I46,'UNSG - ALL RATES'!$A$3:$CG$3,0),0) -> 0.162 | X46: =VLOOKUP($C46&$D46,'[4]Proposed Annual Billing Det'!$A$2:$N$16,5,0) -> 7053235.7 | Y46: =$W46*X46 -> 1142624.2
A47: 41030 | B47: ='UNSG - ALL RATES'!$B$25 -> 46082 | C47: =C46 -> 5759 | D47: =IF(N47="",D46,IF(N48<>D46,N47)) -> GILVS | E47: =IF(D47="","",A47&$D47) -> 41030GILVS | F47: =IF(E47="","",B47&$D47) -> 46082GILVS | G47: =IFERROR(IF(VLOOKUP($O47,Lookup!$G$1:$I$182,2,0)="","",VLOOKUP($O47,Lookup!$G$1:$I$182,2,0)),"") | H47: =IFERROR(IF(VLOOKUP($O47,Lookup!$G$1:$I$182,3,0)="","",VLOOKUP($O47,Lookup!$G$1:$I$182,3,0)),"") | I47: =IFERROR(IF(VLOOKUP(O47,Lookup!$A$1:$B$200,2,0)="","",VLOOKUP(O47,Lookup!$A$1:$B$200,2,0)),"") | J47: =C47&D47&G47 -> 5759GILVS | K47: =C47&D47&H47 -> 5759GILVS | L47: =D47&" "&IFERROR(IF(VLOOKUP(O47,Lookup!$D$1:$E$201,2,0)="","",VLOOKUP(O47,Lookup!$D$1:$E$201,2,0)),"") -> GILVS Margin Revenues | O47: Subtotal Delivery (Margin) Revenue | R47: =SUM(R45:R46) -> 231501.01 | U47: =SUM(U45:U46) -> 231141.41 | Y47: =SUM(Y45:Y46) -> 1287349.1
A48: 41030 | B48: ='UNSG - ALL RATES'!$B$25 -> 46082 | C48: =C47 -> 5759 | D48: =IF(N48="",D47,IF(N49<>D47,N48)) -> GILVS | E48: =IF(D48="","",A48&$D48) -> 41030GILVS | F48: =IF(E48="","",B48&$D48) -> 46082GILVS | G48: =IFERROR(IF(VLOOKUP($O48,Lookup!$G$1:$I$182,2,0)="","",VLOOKUP($O48,Lookup!$G$1:$I$182,2,0)),"") | H48: =IFERROR(IF(VLOOKUP($O48,Lookup!$G$1:$I$182,3,0)="","",VLOOKUP($O48,Lookup!$G$1:$I$182,3,0)),"") | I48: =IFERROR(IF(VLOOKUP(O48,Lookup!$A$1:$B$200,2,0)="","",VLOOKUP(O48,Lookup!$A$1:$B$200,2,0)),"") | J48: =C48&D48&G48 -> 5759GILVS | K48: =C48&D48&H48 -> 5759GILVS | L48: =D48&" "&IFERROR(IF(VLOOKUP(O48,Lookup!$D$1:$E$201,2,0)="","",VLOOKUP(O48,Lookup!$D$1:$E$201,2,0)),"") -> GILVS Sales (T) | O48: Sales (T) | Q48: =Q46 -> 1699928 | T48: =T46 -> 1695093.5 | X48: =X46 -> 7053235.7
A49: 41030 | B49: ='UNSG - ALL RATES'!$B$25 -> 46082 | C49: =C48 -> 5759 | D49: =IF(N49="",D48,IF(N50<>D48,N49)) -> GILVS | E49: =IF(D49="","",A49&$D49) -> 41030GILVS | F49: =IF(E49="","",B49&$D49) -> 46082GILVS | G49: =IFERROR(IF(VLOOKUP($O49,Lookup!$G$1:$I$182,2,0)="","",VLOOKUP($O49,Lookup!$G$1:$I$182,2,0)),"") | H49: =IFERROR(IF(VLOOKUP($O49,Lookup!$G$1:$I$182,3,0)="","",VLOOKUP($O49,Lookup!$G$1:$I$182,3,0)),"") | I49: =IFERROR(IF(VLOOKUP(O49,Lookup!$A$1:$B$200,2,0)="","",VLOOKUP(O49,Lookup!$A$1:$B$200,2,0)),"") | J49: =C49&D49&G49 -> 5759GILVS | K49: =C49&D49&H49 -> 5759GILVS | L49: =D49&" "&IFERROR(IF(VLOOKUP(O49,Lookup!$D$1:$E$201,2,0)="","",VLOOKUP(O49,Lookup!$D$1:$E$201,2,0)),"") -> GILVS
A50: 41030 | B50: ='UNSG - ALL RATES'!$B$25 -> 46082 | C50: =M50 -> 5766 | D50: =IF(N50="",D49,IF(N51<>D49,N50)) -> GPLVS | E50: =IF(D50="","",A50&$D50) -> 41030GPLVS | F50: =IF(E50="","",B50&$D50) -> 46082GPLVS | G50: =IFERROR(IF(VLOOKUP($O50,Lookup!$G$1:$I$182,2,0)="","",VLOOKUP($O50,Lookup!$G$1:$I$182,2,0)),"") | H50: =IFERROR(IF(VLOOKUP($O50,Lookup!$G$1:$I$182,3,0)="","",VLOOKUP($O50,Lookup!$G$1:$I$182,3,0)),"") | I50: =IFERROR(IF(VLOOKUP(O50,Lookup!$A$1:$B$200,2,0)="","",VLOOKUP(O50,Lookup!$A$1:$B$200,2,0)),"") | J50: =C50&D50&G50 -> 5766GPLVS | K50: =C50&D50&H50 -> 5766GPLVS | L50: =D50&" "&IFERROR(IF(VLOOKUP(O50,Lookup!$D$1:$E$201,2,0)="","",VLOOKUP(O50,Lookup!$D$1:$E$201,2,0)),"") -> GPLVS | M50: =VLOOKUP(N50,'UNSG - ALL RATES'!$E$25:$F$41,2,0) -> 5766 | N50: ='UNSG - ALL RATES'!F14 -> GPLVS | O50: =VLOOKUP($N50,'UNSG - ALL RATES'!$F$2:$G$383,2,0) -> Large Volume Public Authority Service
A51: 41030 | B51: ='UNSG - ALL RATES'!$B$25 -> 46082 | C51: =C50 -> 5766 | D51: =IF(N51="",D50,IF(N52<>D50,N51)) -> GPLVS | E51: =IF(D51="","",A51&$D51) -> 41030GPLVS | F51: =IF(E51="","",B51&$D51) -> 46082GPLVS | G51: =IFERROR(IF(VLOOKUP($O51,Lookup!$G$1:$I$182,2,0)="","",VLOOKUP($O51,Lookup!$G$1:$I$182,2,0)),"") -> total_bill_count | H51: =IFERROR(IF(VLOOKUP($O51,Lookup!$G$1:$I$182,3,0)="","",VLOOKUP($O51,Lookup!$G$1:$I$182,3,0)),"") -> total_adjusted_bill_count | I51: =IFERROR(IF(VLOOKUP(O51,Lookup!$A$1:$B$200,2,0)="","",VLOOKUP(O51,Lookup!$A$1:$B$200,2,0)),"") -> BASIC_SERVICE_CHARGE | J51: =C51&D51&G51 -> 5766GPLVStotal_bill_count | K51: =C51&D51&H51 -> 5766GPLVStotal_adjusted_bill_count | L51: =D51&" "&IFERROR(IF(VLOOKUP(O51,Lookup!$D$1:$E$201,2,0)="","",VLOOKUP(O51,Lookup!$D$1:$E$201,2,0)),"") -> GPLVS Basic Service Charges | O51: Basic Service Charge Per Month | P51: =VLOOKUP(E51,'UNSG - ALL RATES'!$A$2:$CG$83,MATCH($I51,'UNSG - ALL RATES'!$A$3:$CG$3,0),0) -> 225 | Q51: =VLOOKUP($C51&$D51,'[4]Billed Annual Billing Det'!$A$2:$N$16,4,0) -> 83 | R51: =$P51*Q51 -> 18675 | T51: =VLOOKUP($C51&$D51,'[4]Adjusted Annual Billing Det'!$A$2:$L$16,4,0) -> 83 | U51: =$P51*T51 -> 18675 | W51: MOVED TO GILVS
A52: 41030 | B52: ='UNSG - ALL RATES'!$B$25 -> 46082 | C52: =C51 -> 5766 | D52: =IF(N52="",D51,IF(N53<>D51,N52)) -> GPLVS | E52: =IF(D52="","",A52&$D52) -> 41030GPLVS | F52: =IF(E52="","",B52&$D52) -> 46082GPLVS | G52: =IFERROR(IF(VLOOKUP($O52,Lookup!$G$1:$I$182,2,0)="","",VLOOKUP($O52,Lookup!$G$1:$I$182,2,0)),"") -> total_billed_therms | H52: =IFERROR(IF(VLOOKUP($O52,Lookup!$G$1:$I$182,3,0)="","",VLOOKUP($O52,Lookup!$G$1:$I$182,3,0)),"") -> total_adjusted_therms | I52: =IFERROR(IF(VLOOKUP(O52,Lookup!$A$1:$B$200,2,0)="","",VLOOKUP(O52,Lookup!$A$1:$B$200,2,0)),"") -> THERM_DELIVERY_TIER1 | J52: =C52&D52&G52 -> 5766GPLVStotal_billed_therms | K52: =C52&D52&H52 -> 5766GPLVStotal_adjusted_therms | L52: =D52&" "&IFERROR(IF(VLOOKUP(O52,Lookup!$D$1:$E$201,2,0)="","",VLOOKUP(O52,Lookup!$D$1:$E$201,2,0)),"") -> GPLVS | O52: Delivery Charge, per Therm | P52: =VLOOKUP(E52,'UNSG - ALL RATES'!$A$2:$CG$83,MATCH($I52,'UNSG - ALL RATES'!$A$3:$CG$3,0),0) -> 0.1527 | Q52: =VLOOKUP($C52&$D52,'[4]Billed Annual Billing Det'!$A$2:$N$16,5,0) -> 1036504 | R52: =$P52*Q52 -> 158274.16 | T52: =VLOOKUP($C52&$D52,'[4]Adjusted Annual Billing Det'!$A$2:$L$16,5,0) -> 1013261.8 | U52: =$P52*T52 -> 154725.07
A53: 41030 | B53: ='UNSG - ALL RATES'!$B$25 -> 46082 | C53: =C52 -> 5766 | D53: =IF(N53="",D52,IF(N54<>D52,N53)) -> GPLVS | E53: =IF(D53="","",A53&$D53) -> 41030GPLVS | F53: =IF(E53="","",B53&$D53) -> 46082GPLVS | G53: =IFERROR(IF(VLOOKUP($O53,Lookup!$G$1:$I$182,2,0)="","",VLOOKUP($O53,Lookup!$G$1:$I$182,2,0)),"") | H53: =IFERROR(IF(VLOOKUP($O53,Lookup!$G$1:$I$182,3,0)="","",VLOOKUP($O53,Lookup!$G$1:$I$182,3,0)),"") | I53: =IFERROR(IF(VLOOKUP(O53,Lookup!$A$1:$B$200,2,0)="","",VLOOKUP(O53,Lookup!$A$1:$B$200,2,0)),"") | J53: =C53&D53&G53 -> 5766GPLVS | K53: =C53&D53&H53 -> 5766GPLVS | L53: =D53&" "&IFERROR(IF(VLOOKUP(O53,Lookup!$D$1:$E$201,2,0)="","",VLOOKUP(O53,Lookup!$D$1:$E$201,2,0)),"") -> GPLVS Margin Revenues | O53: Subtotal Delivery (Margin) Revenue | R53: =SUM(R51:R52) -> 176949.16 | U53: =SUM(U51:U52) -> 173400.07
A54: 41030 | B54: ='UNSG - ALL RATES'!$B$25 -> 46082 | C54: =C53 -> 5766 | D54: =IF(N54="",D53,IF(N55<>D53,N54)) -> GPLVS | E54: =IF(D54="","",A54&$D54) -> 41030GPLVS | F54: =IF(E54="","",B54&$D54) -> 46082GPLVS | G54: =IFERROR(IF(VLOOKUP($O54,Lookup!$G$1:$I$182,2,0)="","",VLOOKUP($O54,Lookup!$G$1:$I$182,2,0)),"") | H54: =IFERROR(IF(VLOOKUP($O54,Lookup!$G$1:$I$182,3,0)="","",VLOOKUP($O54,Lookup!$G$1:$I$182,3,0)),"") | I54: =IFERROR(IF(VLOOKUP(O54,Lookup!$A$1:$B$200,2,0)="","",VLOOKUP(O54,Lookup!$A$1:$B$200,2,0)),"") | J54: =C54&D54&G54 -> 5766GPLVS | K54: =C54&D54&H54 -> 5766GPLVS | L54: =D54&" "&IFERROR(IF(VLOOKUP(O54,Lookup!$D$1:$E$201,2,0)="","",VLOOKUP(O54,Lookup!$D$1:$E$201,2,0)),"") -> GPLVS Sales (T) | O54: Sales (T) | Q54: =Q52 -> 1036504 | T54: =T52 -> 1013261.8
A55: 41030 | B55: ='UNSG - ALL RATES'!$B$25 -> 46082 | C55: =C54 -> 5766 | D55: =IF(N55="",D54,IF(N56<>D54,N55)) -> GPLVS | E55: =IF(D55="","",A55&$D55) -> 41030GPLVS | F55: =IF(E55="","",B55&$D55) -> 46082GPLVS | G55: =IFERROR(IF(VLOOKUP($O55,Lookup!$G$1:$I$182,2,0)="","",VLOOKUP($O55,Lookup!$G$1:$I$182,2,0)),"") | H55: =IFERROR(IF(VLOOKUP($O55,Lookup!$G$1:$I$182,3,0)="","",VLOOKUP($O55,Lookup!$G$1:$I$182,3,0)),"") | I55: =IFERROR(IF(VLOOKUP(O55,Lookup!$A$1:$B$200,2,0)="","",VLOOKUP(O55,Lookup!$A$1:$B$200,2,0)),"") | J55: =C55&D55&G55 -> 5766GPLVS | K55: =C55&D55&H55 -> 5766GPLVS | L55: =D55&" "&IFERROR(IF(VLOOKUP(O55,Lookup!$D$1:$E$201,2,0)="","",VLOOKUP(O55,Lookup!$D$1:$E$201,2,0)),"") -> GPLVS
A56: 41030 | B56: ='UNSG - ALL RATES'!$B$25 -> 46082 | C56: =M56 -> 5763 | D56: =IF(N56="",D55,IF(N57<>D55,N56)) -> GPCNGSV | E56: =IF(D56="","",A56&$D56) -> 41030GPCNGSV | F56: =IF(E56="","",B56&$D56) -> 46082GPCNGSV | G56: =IFERROR(IF(VLOOKUP($O56,Lookup!$G$1:$I$182,2,0)="","",VLOOKUP($O56,Lookup!$G$1:$I$182,2,0)),"") | H56: =IFERROR(IF(VLOOKUP($O56,Lookup!$G$1:$I$182,3,0)="","",VLOOKUP($O56,Lookup!$G$1:$I$182,3,0)),"") | I56: =IFERROR(IF(VLOOKUP(O56,Lookup!$A$1:$B$200,2,0)="","",VLOOKUP(O56,Lookup!$A$1:$B$200,2,0)),"") | J56: =C56&D56&G56 -> 5763GPCNGSV | K56: =C56&D56&H56 -> 5763GPCNGSV | L56: =D56&" "&IFERROR(IF(VLOOKUP(O56,Lookup!$D$1:$E$201,2,0)="","",VLOOKUP(O56,Lookup!$D$1:$E$201,2,0)),"") -> GPCNGSV | M56: =VLOOKUP(N56,'UNSG - ALL RATES'!$E$25:$F$41,2,0) -> 5763 | N56: ='UNSG - ALL RATES'!F6 -> GPCNGSV | O56: =VLOOKUP($N56,'UNSG - ALL RATES'!$F$2:$G$383,2,0) -> Compressed Natural Gas-Public Auth
A57: 41030 | B57: ='UNSG - ALL RATES'!$B$25 -> 46082 | C57: =C56 -> 5763 | D57: =IF(N57="",D56,IF(N58<>D56,N57)) -> GPCNGSV | E57: =IF(D57="","",A57&$D57) -> 41030GPCNGSV | F57: =IF(E57="","",B57&$D57) -> 46082GPCNGSV | G57: =IFERROR(IF(VLOOKUP($O57,Lookup!$G$1:$I$182,2,0)="","",VLOOKUP($O57,Lookup!$G$1:$I$182,2,0)),"") -> total_bill_count | H57: =IFERROR(IF(VLOOKUP($O57,Lookup!$G$1:$I$182,3,0)="","",VLOOKUP($O57,Lookup!$G$1:$I$182,3,0)),"") -> total_adjusted_bill_count | I57: =IFERROR(IF(VLOOKUP(O57,Lookup!$A$1:$B$200,2,0)="","",VLOOKUP(O57,Lookup!$A$1:$B$200,2,0)),"") -> BASIC_SERVICE_CHARGE | J57: =C57&D57&G57 -> 5763GPCNGSVtotal_bill_count | K57: =C57&D57&H57 -> 5763GPCNGSVtotal_adjusted_bill_count | L57: =D57&" "&IFERROR(IF(VLOOKUP(O57,Lookup!$D$1:$E$201,2,0)="","",VLOOKUP(O57,Lookup!$D$1:$E$201,2,0)),"") -> GPCNGSV Basic Service Charges | O57: Basic Service Charge Per Month | P57: =VLOOKUP(E57,'UNSG - ALL RATES'!$A$2:$CG$83,MATCH($I57,'UNSG - ALL RATES'!$A$3:$CG$3,0),0) -> 20 | Q57: =VLOOKUP($C57&$D57,'[4]Billed Annual Billing Det'!$A$2:$N$16,4,0) -> 36 | R57: =$P57*Q57 -> 720 | T57: =VLOOKUP($C57&$D57,'[4]Adjusted Annual Billing Det'!$A$2:$L$16,4,0) -> 36 | U57: =$P57*T57 -> 720 | W57: MOVED TO GGSVS
A58: 41030 | B58: ='UNSG - ALL RATES'!$B$25 -> 46082 | C58: =C57 -> 5763 | D58: =IF(N58="",D57,IF(N59<>D57,N58)) -> GPCNGSV | E58: =IF(D58="","",A58&$D58) -> 41030GPCNGSV | F58: =IF(E58="","",B58&$D58) -> 46082GPCNGSV | G58: =IFERROR(IF(VLOOKUP($O58,Lookup!$G$1:$I$182,2,0)="","",VLOOKUP($O58,Lookup!$G$1:$I$182,2,0)),"") -> total_billed_therms | H58: =IFERROR(IF(VLOOKUP($O58,Lookup!$G$1:$I$182,3,0)="","",VLOOKUP($O58,Lookup!$G$1:$I$182,3,0)),"") -> total_adjusted_therms | I58: =IFERROR(IF(VLOOKUP(O58,Lookup!$A$1:$B$200,2,0)="","",VLOOKUP(O58,Lookup!$A$1:$B$200,2,0)),"") -> THERM_DELIVERY_TIER1 | J58: =C58&D58&G58 -> 5763GPCNGSVtotal_billed_therms | K58: =C58&D58&H58 -> 5763GPCNGSVtotal_adjusted_therms | L58: =D58&" "&IFERROR(IF(VLOOKUP(O58,Lookup!$D$1:$E$201,2,0)="","",VLOOKUP(O58,Lookup!$D$1:$E$201,2,0)),"") -> GPCNGSV | O58: Delivery Charge, per Therm | P58: =VLOOKUP(E58,'UNSG - ALL RATES'!$A$2:$CG$83,MATCH($I58,'UNSG - ALL RATES'!$A$3:$CG$3,0),0) -> 0.2841 | Q58: =VLOOKUP($C58&$D58,'[4]Billed Annual Billing Det'!$A$2:$N$16,5,0) -> 0 | R58: =$P58*Q58 -> 0 | T58: =VLOOKUP($C58&$D58,'[4]Adjusted Annual Billing Det'!$A$2:$L$16,5,0) -> 0 | U58: =$P58*T58 -> 0
A59: 41030 | B59: ='UNSG - ALL RATES'!$B$25 -> 46082 | C59: =M56 -> 5763 | D59: =IF(N59="",D58,IF(N60<>D58,N59)) -> GPCNGSV | E59: =IF(D59="","",A59&$D59) -> 41030GPCNGSV | F59: =IF(E59="","",B59&$D59) -> 46082GPCNGSV | G59: =IFERROR(IF(VLOOKUP($O59,Lookup!$G$1:$I$182,2,0)="","",VLOOKUP($O59,Lookup!$G$1:$I$182,2,0)),"") | H59: =IFERROR(IF(VLOOKUP($O59,Lookup!$G$1:$I$182,3,0)="","",VLOOKUP($O59,Lookup!$G$1:$I$182,3,0)),"") | I59: =IFERROR(IF(VLOOKUP(O59,Lookup!$A$1:$B$200,2,0)="","",VLOOKUP(O59,Lookup!$A$1:$B$200,2,0)),"") | J59: =C59&D59&G59 -> 5763GPCNGSV | K59: =C59&D59&H59 -> 5763GPCNGSV | L59: =D59&" "&IFERROR(IF(VLOOKUP(O59,Lookup!$D$1:$E$201,2,0)="","",VLOOKUP(O59,Lookup!$D$1:$E$201,2,0)),"") -> GPCNGSV Margin Revenues | O59: Subtotal Delivery (Margin) Revenue | R59: =SUM(R57:R58) -> 720 | U59: =SUM(U57:U58) -> 720
A60: 41030 | B60: ='UNSG - ALL RATES'!$B$25 -> 46082 | C60: =C59 -> 5763 | D60: =IF(N60="",D59,IF(N61<>D59,N60)) -> GPCNGSV | E60: =IF(D60="","",A60&$D60) -> 41030GPCNGSV | F60: =IF(E60="","",B60&$D60) -> 46082GPCNGSV | G60: =IFERROR(IF(VLOOKUP($O60,Lookup!$G$1:$I$182,2,0)="","",VLOOKUP($O60,Lookup!$G$1:$I$182,2,0)),"") | H60: =IFERROR(IF(VLOOKUP($O60,Lookup!$G$1:$I$182,3,0)="","",VLOOKUP($O60,Lookup!$G$1:$I$182,3,0)),"") | I60: =IFERROR(IF(VLOOKUP(O60,Lookup!$A$1:$B$200,2,0)="","",VLOOKUP(O60,Lookup!$A$1:$B$200,2,0)),"") | J60: =C60&D60&G60 -> 5763GPCNGSV | K60: =C60&D60&H60 -> 5763GPCNGSV | L60: =D60&" "&IFERROR(IF(VLOOKUP(O60,Lookup!$D$1:$E$201,2,0)="","",VLOOKUP(O60,Lookup!$D$1:$E$201,2,0)),"") -> GPCNGSV Sales (T) | O60: Sales (T) | Q60: =Q58 -> 0 | T60: =T58 -> 0
A61: 41030 | B61: ='UNSG - ALL RATES'!$B$25 -> 46082 | C61: =C60 -> 5763 | D61: =IF(N61="",D60,IF(N62<>D60,N61)) -> GPCNGSV | E61: =IF(D61="","",A61&$D61) -> 41030GPCNGSV | F61: =IF(E61="","",B61&$D61) -> 46082GPCNGSV | G61: =IFERROR(IF(VLOOKUP($O61,Lookup!$G$1:$I$182,2,0)="","",VLOOKUP($O61,Lookup!$G$1:$I$182,2,0)),"") | H61: =IFERROR(IF(VLOOKUP($O61,Lookup!$G$1:$I$182,3,0)="","",VLOOKUP($O61,Lookup!$G$1:$I$182,3,0)),"") | I61: =IFERROR(IF(VLOOKUP(O61,Lookup!$A$1:$B$200,2,0)="","",VLOOKUP(O61,Lookup!$A$1:$B$200,2,0)),"") | J61: =C61&D61&G61 -> 5763GPCNGSV | K61: =C61&D61&H61 -> 5763GPCNGSV | L61: =D61&" "&IFERROR(IF(VLOOKUP(O61,Lookup!$D$1:$E$201,2,0)="","",VLOOKUP(O61,Lookup!$D$1:$E$201,2,0)),"") -> GPCNGSV
A62: 41030 | B62: ='UNSG - ALL RATES'!$B$25 -> 46082 | C62: =M62 -> 5763 | D62: =IF(N62="",D61,IF(N63<>D61,N62)) -> GRCNG | E62: =IF(D62="","",A62&$D62) -> 41030GRCNG | F62: =IF(E62="","",B62&$D62) -> 46082GRCNG | G62: =IFERROR(IF(VLOOKUP($O62,Lookup!$G$1:$I$182,2,0)="","",VLOOKUP($O62,Lookup!$G$1:$I$182,2,0)),"") | H62: =IFERROR(IF(VLOOKUP($O62,Lookup!$G$1:$I$182,3,0)="","",VLOOKUP($O62,Lookup!$G$1:$I$182,3,0)),"") | I62: =IFERROR(IF(VLOOKUP(O62,Lookup!$A$1:$B$200,2,0)="","",VLOOKUP(O62,Lookup!$A$1:$B$200,2,0)),"") | J62: =C62&D62&G62 -> 5763GRCNG | K62: =C62&D62&H62 -> 5763GRCNG | L62: =D62&" "&IFERROR(IF(VLOOKUP(O62,Lookup!$D$1:$E$201,2,0)="","",VLOOKUP(O62,Lookup!$D$1:$E$201,2,0)),"") -> GRCNG | M62: =VLOOKUP(N62,'UNSG - ALL RATES'!$E$25:$F$41,2,0) -> 5763 | N62: ='UNSG - ALL RATES'!F7 -> GRCNG | O62: =VLOOKUP($N62,'UNSG - ALL RATES'!$F$2:$G$383,2,0) -> Compressed Natural Gas-Residential Service
A63: 41030 | B63: ='UNSG - ALL RATES'!$B$25 -> 46082 | C63: =C62 -> 5763 | D63: =IF(N63="",D62,IF(N64<>D62,N63)) -> GRCNG | E63: =IF(D63="","",A63&$D63) -> 41030GRCNG | F63: =IF(E63="","",B63&$D63) -> 46082GRCNG | G63: =IFERROR(IF(VLOOKUP($O63,Lookup!$G$1:$I$182,2,0)="","",VLOOKUP($O63,Lookup!$G$1:$I$182,2,0)),"") -> total_bill_count | H63: =IFERROR(IF(VLOOKUP($O63,Lookup!$G$1:$I$182,3,0)="","",VLOOKUP($O63,Lookup!$G$1:$I$182,3,0)),"") -> total_adjusted_bill_count | I63: =IFERROR(IF(VLOOKUP(O63,Lookup!$A$1:$B$200,2,0)="","",VLOOKUP(O63,Lookup!$A$1:$B$200,2,0)),"") -> BASIC_SERVICE_CHARGE | J63: =C63&D63&G63 -> 5763GRCNGtotal_bill_count | K63: =C63&D63&H63 -> 5763GRCNGtotal_adjusted_bill_count | L63: =D63&" "&IFERROR(IF(VLOOKUP(O63,Lookup!$D$1:$E$201,2,0)="","",VLOOKUP(O63,Lookup!$D$1:$E$201,2,0)),"") -> GRCNG Basic Service Charges | O63: Basic Service Charge Per Month | P63: =VLOOKUP(E63,'UNSG - ALL RATES'!$A$2:$CG$83,MATCH($I63,'UNSG - ALL RATES'!$A$3:$CG$3,0),0) -> 10 | Q63: =VLOOKUP($C63&$D63,'[4]Billed Annual Billing Det'!$A$2:$N$16,4,0) -> 24 | R63: =$P63*Q63 -> 240 | T63: =VLOOKUP($C63&$D63,'[4]Adjusted Annual Billing Det'!$A$2:$L$16,4,0) -> 24 | U63: =$P63*T63 -> 240 | W63: MOVED TO GRRES
A64: 41030 | B64: ='UNSG - ALL RATES'!$B$25 -> 46082 | C64: =C63 -> 5763 | D64: =IF(N64="",D63,IF(N65<>D63,N64)) -> GRCNG | E64: =IF(D64="","",A64&$D64) -> 41030GRCNG | F64: =IF(E64="","",B64&$D64) -> 46082GRCNG | G64: =IFERROR(IF(VLOOKUP($O64,Lookup!$G$1:$I$182,2,0)="","",VLOOKUP($O64,Lookup!$G$1:$I$182,2,0)),"") -> total_billed_therms | H64: =IFERROR(IF(VLOOKUP($O64,Lookup!$G$1:$I$182,3,0)="","",VLOOKUP($O64,Lookup!$G$1:$I$182,3,0)),"") -> total_adjusted_therms | I64: =IFERROR(IF(VLOOKUP(O64,Lookup!$A$1:$B$200,2,0)="","",VLOOKUP(O64,Lookup!$A$1:$B$200,2,0)),"") -> THERM_DELIVERY_TIER1 | J64: =C64&D64&G64 -> 5763GRCNGtotal_billed_therms | K64: =C64&D64&H64 -> 5763GRCNGtotal_adjusted_therms | L64: =D64&" "&IFERROR(IF(VLOOKUP(O64,Lookup!$D$1:$E$201,2,0)="","",VLOOKUP(O64,Lookup!$D$1:$E$201,2,0)),"") -> GRCNG | O64: Delivery Charge, per Therm | P64: =VLOOKUP(E64,'UNSG - ALL RATES'!$A$2:$CG$83,MATCH($I64,'UNSG - ALL RATES'!$A$3:$CG$3,0),0) -> 0.3434 | Q64: =VLOOKUP($C64&$D64,'[4]Billed Annual Billing Det'!$A$2:$N$16,5,0) -> 791 | R64: =$P64*Q64 -> 271.6294 | T64: =VLOOKUP($C64&$D64,'[4]Adjusted Annual Billing Det'!$A$2:$L$16,5,0) -> 777.65685 | U64: =$P64*T64 -> 267.04736
A65: 41030 | B65: ='UNSG - ALL RATES'!$B$25 -> 46082 | C65: =C64 -> 5763 | D65: =IF(N65="",D64,IF(N66<>D64,N65)) -> GRCNG | E65: =IF(D65="","",A65&$D65) -> 41030GRCNG | F65: =IF(E65="","",B65&$D65) -> 46082GRCNG | G65: =IFERROR(IF(VLOOKUP($O65,Lookup!$G$1:$I$182,2,0)="","",VLOOKUP($O65,Lookup!$G$1:$I$182,2,0)),"") | H65: =IFERROR(IF(VLOOKUP($O65,Lookup!$G$1:$I$182,3,0)="","",VLOOKUP($O65,Lookup!$G$1:$I$182,3,0)),"") | I65: =IFERROR(IF(VLOOKUP(O65,Lookup!$A$1:$B$200,2,0)="","",VLOOKUP(O65,Lookup!$A$1:$B$200,2,0)),"") | J65: =C65&D65&G65 -> 5763GRCNG | K65: =C65&D65&H65 -> 5763GRCNG | L65: =D65&" "&IFERROR(IF(VLOOKUP(O65,Lookup!$D$1:$E$201,2,0)="","",VLOOKUP(O65,Lookup!$D$1:$E$201,2,0)),"") -> GRCNG Margin Revenues | O65: Subtotal Delivery (Margin) Revenue | R65: =SUM(R63:R64) -> 511.6294 | U65: =SUM(U63:U64) -> 507.04736
A66: 41030 | B66: ='UNSG - ALL RATES'!$B$25 -> 46082 | C66: =C65 -> 5763 | D66: =IF(N66="",D65,IF(N67<>D65,N66)) -> GRCNG | E66: =IF(D66="","",A66&$D66) -> 41030GRCNG | F66: =IF(E66="","",B66&$D66) -> 46082GRCNG | G66: =IFERROR(IF(VLOOKUP($O66,Lookup!$G$1:$I$182,2,0)="","",VLOOKUP($O66,Lookup!$G$1:$I$182,2,0)),"") | H66: =IFERROR(IF(VLOOKUP($O66,Lookup!$G$1:$I$182,3,0)="","",VLOOKUP($O66,Lookup!$G$1:$I$182,3,0)),"") | I66: =IFERROR(IF(VLOOKUP(O66,Lookup!$A$1:$B$200,2,0)="","",VLOOKUP(O66,Lookup!$A$1:$B$200,2,0)),"") | J66: =C66&D66&G66 -> 5763GRCNG | K66: =C66&D66&H66 -> 5763GRCNG | L66: =D66&" "&IFERROR(IF(VLOOKUP(O66,Lookup!$D$1:$E$201,2,0)="","",VLOOKUP(O66,Lookup!$D$1:$E$201,2,0)),"") -> GRCNG Sales (T) | O66: Sales (T) | Q66: =Q64 -> 791 | T66: =T64 -> 777.65685
A67: 41030 | B67: ='UNSG - ALL RATES'!$B$25 -> 46082 | C67: =C66 -> 5763 | D67: =IF(N67="",D66,IF(N68<>D66,N67)) -> GRCNG | E67: =IF(D67="","",A67&$D67) -> 41030GRCNG | F67: =IF(E67="","",B67&$D67) -> 46082GRCNG | G67: =IFERROR(IF(VLOOKUP($O67,Lookup!$G$1:$I$182,2,0)="","",VLOOKUP($O67,Lookup!$G$1:$I$182,2,0)),"") | H67: =IFERROR(IF(VLOOKUP($O67,Lookup!$G$1:$I$182,3,0)="","",VLOOKUP($O67,Lookup!$G$1:$I$182,3,0)),"") | I67: =IFERROR(IF(VLOOKUP(O67,Lookup!$A$1:$B$200,2,0)="","",VLOOKUP(O67,Lookup!$A$1:$B$200,2,0)),"") | J67: =C67&D67&G67 -> 5763GRCNG | K67: =C67&D67&H67 -> 5763GRCNG | L67: =D67&" "&IFERROR(IF(VLOOKUP(O67,Lookup!$D$1:$E$201,2,0)="","",VLOOKUP(O67,Lookup!$D$1:$E$201,2,0)),"") -> GRCNG
A68: 41030 | B68: ='UNSG - ALL RATES'!$B$25 -> 46082 | C68: =M68 -> 5763 | D68: =IF(N68="",D67,IF(N69<>D67,N68)) -> GCNGLVS | E68: =IF(D68="","",A68&$D68) -> 41030GCNGLVS | F68: =IF(E68="","",B68&$D68) -> 46082GCNGLVS | G68: =IFERROR(IF(VLOOKUP($O68,Lookup!$G$1:$I$182,2,0)="","",VLOOKUP($O68,Lookup!$G$1:$I$182,2,0)),"") | H68: =IFERROR(IF(VLOOKUP($O68,Lookup!$G$1:$I$182,3,0)="","",VLOOKUP($O68,Lookup!$G$1:$I$182,3,0)),"") | I68: =IFERROR(IF(VLOOKUP(O68,Lookup!$A$1:$B$200,2,0)="","",VLOOKUP(O68,Lookup!$A$1:$B$200,2,0)),"") | J68: =C68&D68&G68 -> 5763GCNGLVS | K68: =C68&D68&H68 -> 5763GCNGLVS | L68: =D68&" "&IFERROR(IF(VLOOKUP(O68,Lookup!$D$1:$E$201,2,0)="","",VLOOKUP(O68,Lookup!$D$1:$E$201,2,0)),"") -> GCNGLVS | M68: =VLOOKUP(N68,'UNSG - ALL RATES'!$E$25:$F$41,2,0) -> 5763 | N68: ='UNSG - ALL RATES'!F8 -> GCNGLVS | O68: =VLOOKUP($N68,'UNSG - ALL RATES'!$F$2:$G$383,2,0) -> Compressed Natural Gas-Large Volume Service
A69: 41030 | B69: ='UNSG - ALL RATES'!$B$25 -> 46082 | C69: =C68 -> 5763 | D69: =IF(N69="",D68,IF(N70<>D68,N69)) -> GCNGLVS | E69: =IF(D69="","",A69&$D69) -> 41030GCNGLVS | F69: =IF(E69="","",B69&$D69) -> 46082GCNGLVS | G69: =IFERROR(IF(VLOOKUP($O69,Lookup!$G$1:$I$182,2,0)="","",VLOOKUP($O69,Lookup!$G$1:$I$182,2,0)),"") -> total_bill_count | H69: =IFERROR(IF(VLOOKUP($O69,Lookup!$G$1:$I$182,3,0)="","",VLOOKUP($O69,Lookup!$G$1:$I$182,3,0)),"") -> total_adjusted_bill_count | I69: =IFERROR(IF(VLOOKUP(O69,Lookup!$A$1:$B$200,2,0)="","",VLOOKUP(O69,Lookup!$A$1:$B$200,2,0)),"") -> BASIC_SERVICE_CHARGE | J69: =C69&D69&G69 -> 5763GCNGLVStotal_bill_count | K69: =C69&D69&H69 -> 5763GCNGLVStotal_adjusted_bill_count | L69: =D69&" "&IFERROR(IF(VLOOKUP(O69,Lookup!$D$1:$E$201,2,0)="","",VLOOKUP(O69,Lookup!$D$1:$E$201,2,0)),"") -> GCNGLVS Basic Service Charges | O69: Basic Service Charge Per Month | P69: =VLOOKUP(E69,'UNSG - ALL RATES'!$A$2:$CG$83,MATCH($I69,'UNSG - ALL RATES'!$A$3:$CG$3,0),0) -> 225 | Q69: 0 | R69: =$P69*Q69 -> 0 | T69: =Q69 -> 0 | U69: =$P69*T69 -> 0 | W69: MOVED TO GILVS
A70: 41030 | B70: ='UNSG - ALL RATES'!$B$25 -> 46082 | C70: =C69 -> 5763 | D70: =IF(N70="",D69,IF(N71<>D69,N70)) -> GCNGLVS | E70: =IF(D70="","",A70&$D70) -> 41030GCNGLVS | F70: =IF(E70="","",B70&$D70) -> 46082GCNGLVS | G70: =IFERROR(IF(VLOOKUP($O70,Lookup!$G$1:$I$182,2,0)="","",VLOOKUP($O70,Lookup!$G$1:$I$182,2,0)),"") -> total_billed_therms | H70: =IFERROR(IF(VLOOKUP($O70,Lookup!$G$1:$I$182,3,0)="","",VLOOKUP($O70,Lookup!$G$1:$I$182,3,0)),"") -> total_adjusted_therms | I70: =IFERROR(IF(VLOOKUP(O70,Lookup!$A$1:$B$200,2,0)="","",VLOOKUP(O70,Lookup!$A$1:$B$200,2,0)),"") -> THERM_DELIVERY_TIER1 | J70: =C70&D70&G70 -> 5763GCNGLVStotal_billed_therms | K70: =C70&D70&H70 -> 5763GCNGLVStotal_adjusted_therms | L70: =D70&" "&IFERROR(IF(VLOOKUP(O70,Lookup!$D$1:$E$201,2,0)="","",VLOOKUP(O70,Lookup!$D$1:$E$201,2,0)),"") -> GCNGLVS | O70: Delivery Charge, per Therm | P70: =VLOOKUP(E70,'UNSG - ALL RATES'!$A$2:$CG$83,MATCH($I70,'UNSG - ALL RATES'!$A$3:$CG$3,0),0) -> 0.2104 | Q70: 0 | R70: =$P70*Q70 -> 0 | T70: =Q70 -> 0 | U70: =$P70*T70 -> 0
A71: 41030 | B71: ='UNSG - ALL RATES'!$B$25 -> 46082 | C71: =C70 -> 5763 | D71: =IF(N71="",D70,IF(N72<>D70,N71)) -> GCNGLVS | E71: =IF(D71="","",A71&$D71) -> 41030GCNGLVS | F71: =IF(E71="","",B71&$D71) -> 46082GCNGLVS | G71: =IFERROR(IF(VLOOKUP($O71,Lookup!$G$1:$I$182,2,0)="","",VLOOKUP($O71,Lookup!$G$1:$I$182,2,0)),"") | H71: =IFERROR(IF(VLOOKUP($O71,Lookup!$G$1:$I$182,3,0)="","",VLOOKUP($O71,Lookup!$G$1:$I$182,3,0)),"") | I71: =IFERROR(IF(VLOOKUP(O71,Lookup!$A$1:$B$200,2,0)="","",VLOOKUP(O71,Lookup!$A$1:$B$200,2,0)),"") | J71: =C71&D71&G71 -> 5763GCNGLVS | K71: =C71&D71&H71 -> 5763GCNGLVS | L71: =D71&" "&IFERROR(IF(VLOOKUP(O71,Lookup!$D$1:$E$201,2,0)="","",VLOOKUP(O71,Lookup!$D$1:$E$201,2,0)),"") -> GCNGLVS Margin Revenues | O71: Subtotal Delivery (Margin) Revenue | R71: =SUM(R69:R70) -> 0 | U71: =SUM(U69:U70) -> 0
A72: 41030 | B72: ='UNSG - ALL RATES'!$B$25 -> 46082 | C72: =C71 -> 5763 | D72: =IF(N72="",D71,IF(N73<>D71,N72)) -> GCNGLVS | E72: =IF(D72="","",A72&$D72) -> 41030GCNGLVS | F72: =IF(E72="","",B72&$D72) -> 46082GCNGLVS | G72: =IFERROR(IF(VLOOKUP($O72,Lookup!$G$1:$I$182,2,0)="","",VLOOKUP($O72,Lookup!$G$1:$I$182,2,0)),"") | H72: =IFERROR(IF(VLOOKUP($O72,Lookup!$G$1:$I$182,3,0)="","",VLOOKUP($O72,Lookup!$G$1:$I$182,3,0)),"") | I72: =IFERROR(IF(VLOOKUP(O72,Lookup!$A$1:$B$200,2,0)="","",VLOOKUP(O72,Lookup!$A$1:$B$200,2,0)),"") | J72: =C72&D72&G72 -> 5763GCNGLVS | K72: =C72&D72&H72 -> 5763GCNGLVS | L72: =D72&" "&IFERROR(IF(VLOOKUP(O72,Lookup!$D$1:$E$201,2,0)="","",VLOOKUP(O72,Lookup!$D$1:$E$201,2,0)),"") -> GCNGLVS Sales (T) | O72: Sales (T) | Q72: =Q70 -> 0 | T72: =T70 -> 0
A73: 41030 | B73: ='UNSG - ALL RATES'!$B$25 -> 46082 | C73: =C72 -> 5763 | D73: =IF(N73="",D72,IF(N74<>D72,N73)) -> GCNGLVS | E73: =IF(D73="","",A73&$D73) -> 41030GCNGLVS | F73: =IF(E73="","",B73&$D73) -> 46082GCNGLVS | G73: =IFERROR(IF(VLOOKUP($O73,Lookup!$G$1:$I$182,2,0)="","",VLOOKUP($O73,Lookup!$G$1:$I$182,2,0)),"") | H73: =IFERROR(IF(VLOOKUP($O73,Lookup!$G$1:$I$182,3,0)="","",VLOOKUP($O73,Lookup!$G$1:$I$182,3,0)),"") | I73: =IFERROR(IF(VLOOKUP(O73,Lookup!$A$1:$B$200,2,0)="","",VLOOKUP(O73,Lookup!$A$1:$B$200,2,0)),"") | J73: =C73&D73&G73 -> 5763GCNGLVS | K73: =C73&D73&H73 -> 5763GCNGLVS | L73: =D73&" "&IFERROR(IF(VLOOKUP(O73,Lookup!$D$1:$E$201,2,0)="","",VLOOKUP(O73,Lookup!$D$1:$E$201,2,0)),"") -> GCNGLVS
A74: 41030 | B74: ='UNSG - ALL RATES'!$B$25 -> 46082 | C74: =M74 -> 5756 | D74: =IF(N74="",D73,IF(N75<>D73,N74)) -> GTCNGGLV | E74: =IF(D74="","",A74&$D74) -> 41030GTCNGGLV | F74: =IF(E74="","",B74&$D74) -> 46082GTCNGGLV | G74: =IFERROR(IF(VLOOKUP($O74,Lookup!$G$1:$I$182,2,0)="","",VLOOKUP($O74,Lookup!$G$1:$I$182,2,0)),"") | H74: =IFERROR(IF(VLOOKUP($O74,Lookup!$G$1:$I$182,3,0)="","",VLOOKUP($O74,Lookup!$G$1:$I$182,3,0)),"") | I74: =IFERROR(IF(VLOOKUP(O74,Lookup!$A$1:$B$200,2,0)="","",VLOOKUP(O74,Lookup!$A$1:$B$200,2,0)),"") | J74: =C74&D74&G74 -> 5756GTCNGGLV | K74: =C74&D74&H74 -> 5756GTCNGGLV | L74: =D74&" "&IFERROR(IF(VLOOKUP(O74,Lookup!$D$1:$E$201,2,0)="","",VLOOKUP(O74,Lookup!$D$1:$E$201,2,0)),"") -> GTCNGGLV | M74: =VLOOKUP(N74,'UNSG - ALL RATES'!$E$25:$F$41,2,0) -> 5756 | N74: ='UNSG - ALL RATES'!F9 -> GTCNGGLV | O74: =VLOOKUP($N74,'UNSG - ALL RATES'!$F$2:$G$383,2,0) -> Transportation Compressed Natural Gas-Large Volume Service
A75: 41030 | B75: ='UNSG - ALL RATES'!$B$25 -> 46082 | C75: =C74 -> 5756 | D75: =IF(N75="",D74,IF(N76<>D74,N75)) -> GTCNGGLV | E75: =IF(D75="","",A75&$D75) -> 41030GTCNGGLV | F75: =IF(E75="","",B75&$D75) -> 46082GTCNGGLV | G75: =IFERROR(IF(VLOOKUP($O75,Lookup!$G$1:$I$182,2,0)="","",VLOOKUP($O75,Lookup!$G$1:$I$182,2,0)),"") -> total_bill_count | H75: =IFERROR(IF(VLOOKUP($O75,Lookup!$G$1:$I$182,3,0)="","",VLOOKUP($O75,Lookup!$G$1:$I$182,3,0)),"") -> total_adjusted_bill_count | I75: =IFERROR(IF(VLOOKUP(O75,Lookup!$A$1:$B$200,2,0)="","",VLOOKUP(O75,Lookup!$A$1:$B$200,2,0)),"") -> BASIC_SERVICE_CHARGE | J75: =C75&D75&G75 -> 5756GTCNGGLVtotal_bill_count | K75: =C75&D75&H75 -> 5756GTCNGGLVtotal_adjusted_bill_count | L75: =D75&" "&IFERROR(IF(VLOOKUP(O75,Lookup!$D$1:$E$201,2,0)="","",VLOOKUP(O75,Lookup!$D$1:$E$201,2,0)),"") -> GTCNGGLV Basic Service Charges | O75: Basic Service Charge Per Month | P75: =VLOOKUP(E75,'UNSG - ALL RATES'!$A$2:$CG$83,MATCH($I75,'UNSG - ALL RATES'!$A$3:$CG$3,0),0) -> 225 | Q75: 0 | R75: =$P75*Q75 -> 0 | T75: =Q75 -> 0 | U75: =$P75*T75 -> 0 | W75: MOVED TO GTILVS
A76: 41030 | B76: ='UNSG - ALL RATES'!$B$25 -> 46082 | C76: =C75 -> 5756 | D76: =IF(N76="",D75,IF(N77<>D75,N76)) -> GTCNGGLV | E76: =IF(D76="","",A76&$D76) -> 41030GTCNGGLV | F76: =IF(E76="","",B76&$D76) -> 46082GTCNGGLV | G76: =IFERROR(IF(VLOOKUP($O76,Lookup!$G$1:$I$182,2,0)="","",VLOOKUP($O76,Lookup!$G$1:$I$182,2,0)),"") -> total_billed_therms | H76: =IFERROR(IF(VLOOKUP($O76,Lookup!$G$1:$I$182,3,0)="","",VLOOKUP($O76,Lookup!$G$1:$I$182,3,0)),"") -> total_adjusted_therms | I76: =IFERROR(IF(VLOOKUP(O76,Lookup!$A$1:$B$200,2,0)="","",VLOOKUP(O76,Lookup!$A$1:$B$200,2,0)),"") -> THERM_DELIVERY_TIER1 | J76: =C76&D76&G76 -> 5756GTCNGGLVtotal_billed_therms | K76: =C76&D76&H76 -> 5756GTCNGGLVtotal_adjusted_therms | L76: =D76&" "&IFERROR(IF(VLOOKUP(O76,Lookup!$D$1:$E$201,2,0)="","",VLOOKUP(O76,Lookup!$D$1:$E$201,2,0)),"") -> GTCNGGLV | O76: Delivery Charge, per Therm | P76: =VLOOKUP(E76,'UNSG - ALL RATES'!$A$2:$CG$83,MATCH($I76,'UNSG - ALL RATES'!$A$3:$CG$3,0),0) -> 0.2104 | Q76: 0 | R76: =$P76*Q76 -> 0 | T76: =Q76 -> 0 | U76: =$P76*T76 -> 0
A77: 41030 | B77: ='UNSG - ALL RATES'!$B$25 -> 46082 | C77: =C76 -> 5756 | D77: =IF(N77="",D76,IF(N78<>D76,N77)) -> GTCNGGLV | E77: =IF(D77="","",A77&$D77) -> 41030GTCNGGLV | F77: =IF(E77="","",B77&$D77) -> 46082GTCNGGLV | G77: =IFERROR(IF(VLOOKUP($O77,Lookup!$G$1:$I$182,2,0)="","",VLOOKUP($O77,Lookup!$G$1:$I$182,2,0)),"") | H77: =IFERROR(IF(VLOOKUP($O77,Lookup!$G$1:$I$182,3,0)="","",VLOOKUP($O77,Lookup!$G$1:$I$182,3,0)),"") | I77: =IFERROR(IF(VLOOKUP(O77,Lookup!$A$1:$B$200,2,0)="","",VLOOKUP(O77,Lookup!$A$1:$B$200,2,0)),"") | J77: =C77&D77&G77 -> 5756GTCNGGLV | K77: =C77&D77&H77 -> 5756GTCNGGLV | L77: =D77&" "&IFERROR(IF(VLOOKUP(O77,Lookup!$D$1:$E$201,2,0)="","",VLOOKUP(O77,Lookup!$D$1:$E$201,2,0)),"") -> GTCNGGLV Margin Revenues | O77: Subtotal Delivery (Margin) Revenue | R77: =SUM(R75:R76) -> 0 | U77: =SUM(U75:U76) -> 0
A78: 41030 | B78: ='UNSG - ALL RATES'!$B$25 -> 46082 | C78: =C77 -> 5756 | D78: =IF(N78="",D77,IF(N79<>D77,N78)) -> GTCNGGLV | E78: =IF(D78="","",A78&$D78) -> 41030GTCNGGLV | F78: =IF(E78="","",B78&$D78) -> 46082GTCNGGLV | G78: =IFERROR(IF(VLOOKUP($O78,Lookup!$G$1:$I$182,2,0)="","",VLOOKUP($O78,Lookup!$G$1:$I$182,2,0)),"") | H78: =IFERROR(IF(VLOOKUP($O78,Lookup!$G$1:$I$182,3,0)="","",VLOOKUP($O78,Lookup!$G$1:$I$182,3,0)),"") | I78: =IFERROR(IF(VLOOKUP(O78,Lookup!$A$1:$B$200,2,0)="","",VLOOKUP(O78,Lookup!$A$1:$B$200,2,0)),"") | J78: =C78&D78&G78 -> 5756GTCNGGLV | K78: =C78&D78&H78 -> 5756GTCNGGLV | L78: =D78&" "&IFERROR(IF(VLOOKUP(O78,Lookup!$D$1:$E$201,2,0)="","",VLOOKUP(O78,Lookup!$D$1:$E$201,2,0)),"") -> GTCNGGLV Sales (T) | O78: Sales (T) | Q78: =Q76 -> 0 | T78: =T76 -> 0
A79: 41030 | B79: ='UNSG - ALL RATES'!$B$25 -> 46082 | C79: =C78 -> 5756 | D79: =IF(N79="",D78,IF(N80<>D78,N79)) -> GTCNGGLV | E79: =IF(D79="","",A79&$D79) -> 41030GTCNGGLV | F79: =IF(E79="","",B79&$D79) -> 46082GTCNGGLV | G79: =IFERROR(IF(VLOOKUP($O79,Lookup!$G$1:$I$182,2,0)="","",VLOOKUP($O79,Lookup!$G$1:$I$182,2,0)),"") | H79: =IFERROR(IF(VLOOKUP($O79,Lookup!$G$1:$I$182,3,0)="","",VLOOKUP($O79,Lookup!$G$1:$I$182,3,0)),"") | I79: =IFERROR(IF(VLOOKUP(O79,Lookup!$A$1:$B$200,2,0)="","",VLOOKUP(O79,Lookup!$A$1:$B$200,2,0)),"") | J79: =C79&D79&G79 -> 5756GTCNGGLV | K79: =C79&D79&H79 -> 5756GTCNGGLV | L79: =D79&" "&IFERROR(IF(VLOOKUP(O79,Lookup!$D$1:$E$201,2,0)="","",VLOOKUP(O79,Lookup!$D$1:$E$201,2,0)),"") -> GTCNGGLV
A80: 41030 | B80: ='UNSG - ALL RATES'!$B$25 -> 46082 | C80: =M80 -> 5755 | D80: =IF(N80="",D79,IF(N81<>D79,N80)) -> GGIRS | E80: =IF(D80="","",A80&$D80) -> 41030GGIRS | F80: =IF(E80="","",B80&$D80) -> 46082GGIRS | G80: =IFERROR(IF(VLOOKUP($O80,Lookup!$G$1:$I$182,2,0)="","",VLOOKUP($O80,Lookup!$G$1:$I$182,2,0)),"") | H80: =IFERROR(IF(VLOOKUP($O80,Lookup!$G$1:$I$182,3,0)="","",VLOOKUP($O80,Lookup!$G$1:$I$182,3,0)),"") | I80: =IFERROR(IF(VLOOKUP(O80,Lookup!$A$1:$B$200,2,0)="","",VLOOKUP(O80,Lookup!$A$1:$B$200,2,0)),"") | J80: =C80&D80&G80 -> 5755GGIRS | K80: =C80&D80&H80 -> 5755GGIRS | L80: =D80&" "&IFERROR(IF(VLOOKUP(O80,Lookup!$D$1:$E$201,2,0)="","",VLOOKUP(O80,Lookup!$D$1:$E$201,2,0)),"") -> GGIRS | M80: =VLOOKUP(N80,'UNSG - ALL RATES'!$E$25:$F$41,2,0) -> 5755 | N80: ='UNSG - ALL RATES'!F12 -> GGIRS | O80: =VLOOKUP($N80,'UNSG - ALL RATES'!$F$2:$G$383,2,0) -> Irrigation Service
A81: 41030 | B81: ='UNSG - ALL RATES'!$B$25 -> 46082 | C81: =C80 -> 5755 | D81: =IF(N81="",D80,IF(N82<>D80,N81)) -> GGIRS | E81: =IF(D81="","",A81&$D81) -> 41030GGIRS | F81: =IF(E81="","",B81&$D81) -> 46082GGIRS | G81: =IFERROR(IF(VLOOKUP($O81,Lookup!$G$1:$I$182,2,0)="","",VLOOKUP($O81,Lookup!$G$1:$I$182,2,0)),"") -> total_bill_count | H81: =IFERROR(IF(VLOOKUP($O81,Lookup!$G$1:$I$182,3,0)="","",VLOOKUP($O81,Lookup!$G$1:$I$182,3,0)),"") -> total_adjusted_bill_count | I81: =IFERROR(IF(VLOOKUP(O81,Lookup!$A$1:$B$200,2,0)="","",VLOOKUP(O81,Lookup!$A$1:$B$200,2,0)),"") -> BASIC_SERVICE_CHARGE | J81: =C81&D81&G81 -> 5755GGIRStotal_bill_count | K81: =C81&D81&H81 -> 5755GGIRStotal_adjusted_bill_count | L81: =D81&" "&IFERROR(IF(VLOOKUP(O81,Lookup!$D$1:$E$201,2,0)="","",VLOOKUP(O81,Lookup!$D$1:$E$201,2,0)),"") -> GGIRS Basic Service Charges | O81: Basic Service Charge Per Month | P81: =VLOOKUP(E81,'UNSG - ALL RATES'!$A$2:$CG$83,MATCH($I81,'UNSG - ALL RATES'!$A$3:$CG$3,0),0) -> 20 | Q81: =VLOOKUP($C81&$D81,'[4]Billed Annual Billing Det'!$A$2:$N$16,4,0) -> 47 | R81: =$P81*Q81 -> 940 | T81: =VLOOKUP($C81&$D81,'[4]Adjusted Annual Billing Det'!$A$2:$L$16,4,0) -> 47 | U81: =$P81*T81 -> 940 | W81: MOVED TO GGSVS
A82: 41030 | B82: ='UNSG - ALL RATES'!$B$25 -> 46082 | C82: =C81 -> 5755 | D82: =IF(N82="",D81,IF(N83<>D81,N82)) -> GGIRS | E82: =IF(D82="","",A82&$D82) -> 41030GGIRS | F82: =IF(E82="","",B82&$D82) -> 46082GGIRS | G82: =IFERROR(IF(VLOOKUP($O82,Lookup!$G$1:$I$182,2,0)="","",VLOOKUP($O82,Lookup!$G$1:$I$182,2,0)),"") -> total_billed_therms | H82: =IFERROR(IF(VLOOKUP($O82,Lookup!$G$1:$I$182,3,0)="","",VLOOKUP($O82,Lookup!$G$1:$I$182,3,0)),"") -> total_adjusted_therms | I82: =IFERROR(IF(VLOOKUP(O82,Lookup!$A$1:$B$200,2,0)="","",VLOOKUP(O82,Lookup!$A$1:$B$200,2,0)),"") -> THERM_DELIVERY_TIER1 | J82: =C82&D82&G82 -> 5755GGIRStotal_billed_therms | K82: =C82&D82&H82 -> 5755GGIRStotal_adjusted_therms | L82: =D82&" "&IFERROR(IF(VLOOKUP(O82,Lookup!$D$1:$E$201,2,0)="","",VLOOKUP(O82,Lookup!$D$1:$E$201,2,0)),"") -> GGIRS | O82: Delivery Charge, per Therm | P82: =VLOOKUP(E82,'UNSG - ALL RATES'!$A$2:$CG$83,MATCH($I82,'UNSG - ALL RATES'!$A$3:$CG$3,0),0) -> 0.3532 | Q82: =VLOOKUP($C82&$D82,'[4]Billed Annual Billing Det'!$A$2:$N$16,5,0) -> 7495 | R82: =$P82*Q82 -> 2647.234 | T82: =VLOOKUP($C82&$D82,'[4]Adjusted Annual Billing Det'!$A$2:$L$16,5,0) -> 6405.3024 | U82: =$P82*T82 -> 2262.3528
A83: 41030 | B83: ='UNSG - ALL RATES'!$B$25 -> 46082 | C83: =M80 -> 5755 | D83: =IF(N83="",D82,IF(N84<>D82,N83)) -> GGIRS | E83: =IF(D83="","",A83&$D83) -> 41030GGIRS | F83: =IF(E83="","",B83&$D83) -> 46082GGIRS | G83: =IFERROR(IF(VLOOKUP($O83,Lookup!$G$1:$I$182,2,0)="","",VLOOKUP($O83,Lookup!$G$1:$I$182,2,0)),"") | H83: =IFERROR(IF(VLOOKUP($O83,Lookup!$G$1:$I$182,3,0)="","",VLOOKUP($O83,Lookup!$G$1:$I$182,3,0)),"") | I83: =IFERROR(IF(VLOOKUP(O83,Lookup!$A$1:$B$200,2,0)="","",VLOOKUP(O83,Lookup!$A$1:$B$200,2,0)),"") | J83: =C83&D83&G83 -> 5755GGIRS | K83: =C83&D83&H83 -> 5755GGIRS | L83: =D83&" "&IFERROR(IF(VLOOKUP(O83,Lookup!$D$1:$E$201,2,0)="","",VLOOKUP(O83,Lookup!$D$1:$E$201,2,0)),"") -> GGIRS Margin Revenues | O83: Subtotal Delivery (Margin) Revenue | R83: =SUM(R81:R82) -> 3587.234 | U83: =SUM(U81:U82) -> 3202.3528
A84: 41030 | B84: ='UNSG - ALL RATES'!$B$25 -> 46082 | C84: =C83 -> 5755 | D84: =IF(N84="",D83,IF(N85<>D83,N84)) -> GGIRS | E84: =IF(D84="","",A84&$D84) -> 41030GGIRS | F84: =IF(E84="","",B84&$D84) -> 46082GGIRS | G84: =IFERROR(IF(VLOOKUP($O84,Lookup!$G$1:$I$182,2,0)="","",VLOOKUP($O84,Lookup!$G$1:$I$182,2,0)),"") | H84: =IFERROR(IF(VLOOKUP($O84,Lookup!$G$1:$I$182,3,0)="","",VLOOKUP($O84,Lookup!$G$1:$I$182,3,0)),"") | I84: =IFERROR(IF(VLOOKUP(O84,Lookup!$A$1:$B$200,2,0)="","",VLOOKUP(O84,Lookup!$A$1:$B$200,2,0)),"") | J84: =C84&D84&G84 -> 5755GGIRS | K84: =C84&D84&H84 -> 5755GGIRS | L84: =D84&" "&IFERROR(IF(VLOOKUP(O84,Lookup!$D$1:$E$201,2,0)="","",VLOOKUP(O84,Lookup!$D$1:$E$201,2,0)),"") -> GGIRS Sales (T) | O84: Sales (T) | Q84: =Q82 -> 7495 | T84: =T82 -> 6405.3024
A85: 41030 | B85: ='UNSG - ALL RATES'!$B$25 -> 46082 | C85: =C84 -> 5755 | D85: =IF(N85="",D84,IF(N86<>D84,N85)) -> GGIRS | E85: =IF(D85="","",A85&$D85) -> 41030GGIRS | F85: =IF(E85="","",B85&$D85) -> 46082GGIRS | H85: =IFERROR(IF(VLOOKUP($O85,Lookup!$G$1:$I$182,3,0)="","",VLOOKUP($O85,Lookup!$G$1:$I$182,3,0)),"") | J85: =C85&D85&G85 -> 5755GGIRS | K85: =C85&D85&H85 -> 5755GGIRS
A86: 41030 | B86: ='UNSG - ALL RATES'!$B$25 -> 46082 | C86: =M86 -> 5756 | D86: =IF(N86="",D85,IF(N87<>D85,N86)) -> GTGLVS | E86: =IF(D86="","",A86&$D86) -> 41030GTGLVS | F86: =IF(E86="","",B86&$D86) -> 46082GTGLVS | G86: =IFERROR(IF(VLOOKUP($O86,Lookup!$G$1:$I$182,2,0)="","",VLOOKUP($O86,Lookup!$G$1:$I$182,2,0)),"") | H86: =IFERROR(IF(VLOOKUP($O86,Lookup!$G$1:$I$182,3,0)="","",VLOOKUP($O86,Lookup!$G$1:$I$182,3,0)),"") | I86: =IFERROR(IF(VLOOKUP(O86,Lookup!$A$1:$B$200,2,0)="","",VLOOKUP(O86,Lookup!$A$1:$B$200,2,0)),"") | J86: =C86&D86&G86 -> 5756GTGLVS | K86: =C86&D86&H86 -> 5756GTGLVS | L86: =D86&" "&IFERROR(IF(VLOOKUP(O86,Lookup!$D$1:$E$201,2,0)="","",VLOOKUP(O86,Lookup!$D$1:$E$201,2,0)),"") -> GTGLVS | M86: =VLOOKUP(N86,'UNSG - ALL RATES'!$E$25:$F$41,2,0) -> 5756 | N86: ='UNSG - ALL RATES'!F17 -> GTGLVS | O86: =VLOOKUP($N86,'UNSG - ALL RATES'!$F$2:$G$383,2,0) -> Transportation LV Large Commercial
A87: 41030 | B87: ='UNSG - ALL RATES'!$B$25 -> 46082 | C87: =C86 -> 5756 | D87: =IF(N87="",D86,IF(N88<>D86,N87)) -> GTGLVS | E87: =IF(D87="","",A87&$D87) -> 41030GTGLVS | F87: =IF(E87="","",B87&$D87) -> 46082GTGLVS | G87: =IFERROR(IF(VLOOKUP($O87,Lookup!$G$1:$I$182,2,0)="","",VLOOKUP($O87,Lookup!$G$1:$I$182,2,0)),"") -> total_bill_count | H87: =IFERROR(IF(VLOOKUP($O87,Lookup!$G$1:$I$182,3,0)="","",VLOOKUP($O87,Lookup!$G$1:$I$182,3,0)),"") -> total_adjusted_bill_count | I87: =IFERROR(IF(VLOOKUP(O87,Lookup!$A$1:$B$200,2,0)="","",VLOOKUP(O87,Lookup!$A$1:$B$200,2,0)),"") -> BASIC_SERVICE_CHARGE | J87: =C87&D87&G87 -> 5756GTGLVStotal_bill_count | K87: =C87&D87&H87 -> 5756GTGLVStotal_adjusted_bill_count | L87: =D87&" "&IFERROR(IF(VLOOKUP(O87,Lookup!$D$1:$E$201,2,0)="","",VLOOKUP(O87,Lookup!$D$1:$E$201,2,0)),"") -> GTGLVS Basic Service Charges | O87: Basic Service Charge Per Month | P87: =VLOOKUP(E87,'UNSG - ALL RATES'!$A$2:$CG$83,MATCH($I87,'UNSG - ALL RATES'!$A$3:$CG$3,0),0) -> 225 | Q87: =VLOOKUP($C87&$D87,'[4]Billed Annual Billing Det'!$A$2:$N$16,4,0) -> 96 | R87: =$P87*Q87 -> 21600 | T87: =VLOOKUP($C87&$D87,'[4]Adjusted Annual Billing Det'!$A$2:$L$16,4,0) -> 96 | U87: =$P87*T87 -> 21600 | W87: MOVED TO GTILVS
A88: 41030 | B88: ='UNSG - ALL RATES'!$B$25 -> 46082 | C88: =C87 -> 5756 | D88: =IF(N88="",D87,IF(N89<>D87,N88)) -> GTGLVS | E88: =IF(D88="","",A88&$D88) -> 41030GTGLVS | F88: =IF(E88="","",B88&$D88) -> 46082GTGLVS | G88: =IFERROR(IF(VLOOKUP($O88,Lookup!$G$1:$I$182,2,0)="","",VLOOKUP($O88,Lookup!$G$1:$I$182,2,0)),"") -> total_billed_therms | H88: =IFERROR(IF(VLOOKUP($O88,Lookup!$G$1:$I$182,3,0)="","",VLOOKUP($O88,Lookup!$G$1:$I$182,3,0)),"") -> total_adjusted_therms | I88: =IFERROR(IF(VLOOKUP(O88,Lookup!$A$1:$B$200,2,0)="","",VLOOKUP(O88,Lookup!$A$1:$B$200,2,0)),"") -> THERM_DELIVERY_TIER1 | J88: =C88&D88&G88 -> 5756GTGLVStotal_billed_therms | K88: =C88&D88&H88 -> 5756GTGLVStotal_adjusted_therms | L88: =D88&" "&IFERROR(IF(VLOOKUP(O88,Lookup!$D$1:$E$201,2,0)="","",VLOOKUP(O88,Lookup!$D$1:$E$201,2,0)),"") -> GTGLVS | O88: Delivery Charge, per Therm | P88: =VLOOKUP(E88,'UNSG - ALL RATES'!$A$2:$CG$83,MATCH($I88,'UNSG - ALL RATES'!$A$3:$CG$3,0),0) -> 0.2104 | Q88: =VLOOKUP($C88&$D88,'[4]Billed Annual Billing Det'!$A$2:$N$16,5,0) -> 1545731 | R88: =$P88*Q88 -> 325221.8 | T88: =VLOOKUP($C88&$D88,'[4]Adjusted Annual Billing Det'!$A$2:$L$16,5,0) -> 1545731 | U88: =$P88*T88 -> 325221.8
A89: 41030 | B89: ='UNSG - ALL RATES'!$B$25 -> 46082 | C89: =C88 -> 5756 | D89: =IF(N89="",D88,IF(N90<>D88,N89)) -> GTGLVS | E89: =IF(D89="","",A89&$D89) -> 41030GTGLVS | F89: =IF(E89="","",B89&$D89) -> 46082GTGLVS | G89: =IFERROR(IF(VLOOKUP($O89,Lookup!$G$1:$I$182,2,0)="","",VLOOKUP($O89,Lookup!$G$1:$I$182,2,0)),"") | H89: =IFERROR(IF(VLOOKUP($O89,Lookup!$G$1:$I$182,3,0)="","",VLOOKUP($O89,Lookup!$G$1:$I$182,3,0)),"") | I89: =IFERROR(IF(VLOOKUP(O89,Lookup!$A$1:$B$200,2,0)="","",VLOOKUP(O89,Lookup!$A$1:$B$200,2,0)),"") | J89: =C89&D89&G89 -> 5756GTGLVS | K89: =C89&D89&H89 -> 5756GTGLVS | L89: =D89&" "&IFERROR(IF(VLOOKUP(O89,Lookup!$D$1:$E$201,2,0)="","",VLOOKUP(O89,Lookup!$D$1:$E$201,2,0)),"") -> GTGLVS Margin Revenues | O89: Subtotal Delivery (Margin) Revenue | R89: =SUM(R87:R88) -> 346821.8 | U89: =SUM(U87:U88) -> 346821.8
A90: 41030 | B90: ='UNSG - ALL RATES'!$B$25 -> 46082 | C90: =C89 -> 5756 | D90: =IF(N90="",D89,IF(N91<>D89,N90)) -> GTGLVS | E90: =IF(D90="","",A90&$D90) -> 41030GTGLVS | F90: =IF(E90="","",B90&$D90) -> 46082GTGLVS | G90: =IFERROR(IF(VLOOKUP($O90,Lookup!$G$1:$I$182,2,0)="","",VLOOKUP($O90,Lookup!$G$1:$I$182,2,0)),"") | H90: =IFERROR(IF(VLOOKUP($O90,Lookup!$G$1:$I$182,3,0)="","",VLOOKUP($O90,Lookup!$G$1:$I$182,3,0)),"") | I90: =IFERROR(IF(VLOOKUP(O90,Lookup!$A$1:$B$200,2,0)="","",VLOOKUP(O90,Lookup!$A$1:$B$200,2,0)),"") | J90: =C90&D90&G90 -> 5756GTGLVS | K90: =C90&D90&H90 -> 5756GTGLVS | L90: =D90&" "&IFERROR(IF(VLOOKUP(O90,Lookup!$D$1:$E$201,2,0)="","",VLOOKUP(O90,Lookup!$D$1:$E$201,2,0)),"") -> GTGLVS Sales (T) | O90: Sales (T) | Q90: =Q88 -> 1545731 | T90: =T88 -> 1545731
A91: 41030 | B91: ='UNSG - ALL RATES'!$B$25 -> 46082 | C91: =C90 -> 5756 | D91: =IF(N91="",D90,IF(N92<>D90,N91)) -> GTGLVS | E91: =IF(D91="","",A91&$D91) -> 41030GTGLVS | F91: =IF(E91="","",B91&$D91) -> 46082GTGLVS | G91: =IFERROR(IF(VLOOKUP($O91,Lookup!$G$1:$I$182,2,0)="","",VLOOKUP($O91,Lookup!$G$1:$I$182,2,0)),"") | H91: =IFERROR(IF(VLOOKUP($O91,Lookup!$G$1:$I$182,3,0)="","",VLOOKUP($O91,Lookup!$G$1:$I$182,3,0)),"") | I91: =IFERROR(IF(VLOOKUP(O91,Lookup!$A$1:$B$200,2,0)="","",VLOOKUP(O91,Lookup!$A$1:$B$200,2,0)),"") | J91: =C91&D91&G91 -> 5756GTGLVS | K91: =C91&D91&H91 -> 5756GTGLVS | L91: =D91&" "&IFERROR(IF(VLOOKUP(O91,Lookup!$D$1:$E$201,2,0)="","",VLOOKUP(O91,Lookup!$D$1:$E$201,2,0)),"") -> GTGLVS
A92: 41030 | B92: ='UNSG - ALL RATES'!$B$25 -> 46082 | C92: =M92 -> 5756 | D92: =IF(N92="",D91,IF(N93<>D91,N92)) -> GTGSVS | E92: =IF(D92="","",A92&$D92) -> 41030GTGSVS | F92: =IF(E92="","",B92&$D92) -> 46082GTGSVS | G92: =IFERROR(IF(VLOOKUP($O92,Lookup!$G$1:$I$182,2,0)="","",VLOOKUP($O92,Lookup!$G$1:$I$182,2,0)),"") | H92: =IFERROR(IF(VLOOKUP($O92,Lookup!$G$1:$I$182,3,0)="","",VLOOKUP($O92,Lookup!$G$1:$I$182,3,0)),"") | I92: =IFERROR(IF(VLOOKUP(O92,Lookup!$A$1:$B$200,2,0)="","",VLOOKUP(O92,Lookup!$A$1:$B$200,2,0)),"") | J92: =C92&D92&G92 -> 5756GTGSVS | K92: =C92&D92&H92 -> 5756GTGSVS | L92: =D92&" "&IFERROR(IF(VLOOKUP(O92,Lookup!$D$1:$E$201,2,0)="","",VLOOKUP(O92,Lookup!$D$1:$E$201,2,0)),"") -> GTGSVS | M92: =VLOOKUP(N92,'UNSG - ALL RATES'!$E$25:$F$41,2,0) -> 5756 | N92: ='UNSG - ALL RATES'!F18 -> GTGSVS | O92: =VLOOKUP($N92,'UNSG - ALL RATES'!$F$2:$G$383,2,0) -> Transportation Competitive Gas Sales
A93: 41030 | B93: ='UNSG - ALL RATES'!$B$25 -> 46082 | C93: =C92 -> 5756 | D93: =IF(N93="",D92,IF(N94<>D92,N93)) -> GTGSVS | E93: =IF(D93="","",A93&$D93) -> 41030GTGSVS | F93: =IF(E93="","",B93&$D93) -> 46082GTGSVS | G93: =IFERROR(IF(VLOOKUP($O93,Lookup!$G$1:$I$182,2,0)="","",VLOOKUP($O93,Lookup!$G$1:$I$182,2,0)),"") -> total_bill_count | H93: =IFERROR(IF(VLOOKUP($O93,Lookup!$G$1:$I$182,3,0)="","",VLOOKUP($O93,Lookup!$G$1:$I$182,3,0)),"") -> total_adjusted_bill_count | I93: =IFERROR(IF(VLOOKUP(O93,Lookup!$A$1:$B$200,2,0)="","",VLOOKUP(O93,Lookup!$A$1:$B$200,2,0)),"") -> BASIC_SERVICE_CHARGE | J93: =C93&D93&G93 -> 5756GTGSVStotal_bill_count | K93: =C93&D93&H93 -> 5756GTGSVStotal_adjusted_bill_count | L93: =D93&" "&IFERROR(IF(VLOOKUP(O93,Lookup!$D$1:$E$201,2,0)="","",VLOOKUP(O93,Lookup!$D$1:$E$201,2,0)),"") -> GTGSVS Basic Service Charges | O93: Basic Service Charge Per Month | P93: =VLOOKUP(E93,'UNSG - ALL RATES'!$A$2:$CG$83,MATCH($I93,'UNSG - ALL RATES'!$A$3:$CG$3,0),0) -> 20 | Q93: 0 | R93: =$P93*Q93 -> 0 | T93: =Q93 -> 0 | U93: =$P93*T93 -> 0 | W93: MOVED TO GTILVS
A94: 41030 | B94: ='UNSG - ALL RATES'!$B$25 -> 46082 | C94: =C93 -> 5756 | D94: =IF(N94="",D93,IF(N95<>D93,N94)) -> GTGSVS | E94: =IF(D94="","",A94&$D94) -> 41030GTGSVS | F94: =IF(E94="","",B94&$D94) -> 46082GTGSVS | G94: =IFERROR(IF(VLOOKUP($O94,Lookup!$G$1:$I$182,2,0)="","",VLOOKUP($O94,Lookup!$G$1:$I$182,2,0)),"") -> total_billed_therms | H94: =IFERROR(IF(VLOOKUP($O94,Lookup!$G$1:$I$182,3,0)="","",VLOOKUP($O94,Lookup!$G$1:$I$182,3,0)),"") -> total_adjusted_therms | I94: =IFERROR(IF(VLOOKUP(O94,Lookup!$A$1:$B$200,2,0)="","",VLOOKUP(O94,Lookup!$A$1:$B$200,2,0)),"") -> THERM_DELIVERY_TIER1 | J94: =C94&D94&G94 -> 5756GTGSVStotal_billed_therms | K94: =C94&D94&H94 -> 5756GTGSVStotal_adjusted_therms | L94: =D94&" "&IFERROR(IF(VLOOKUP(O94,Lookup!$D$1:$E$201,2,0)="","",VLOOKUP(O94,Lookup!$D$1:$E$201,2,0)),"") -> GTGSVS | O94: Delivery Charge, per Therm | P94: =VLOOKUP(E94,'UNSG - ALL RATES'!$A$2:$CG$83,MATCH($I94,'UNSG - ALL RATES'!$A$3:$CG$3,0),0) -> 0.2841 | Q94: 0 | R94: =$P94*Q94 -> 0 | T94: =Q94 -> 0 | U94: =$P94*T94 -> 0
A95: 41030 | B95: ='UNSG - ALL RATES'!$B$25 -> 46082 | C95: =C94 -> 5756 | D95: =IF(N95="",D94,IF(N96<>D94,N95)) -> GTGSVS | E95: =IF(D95="","",A95&$D95) -> 41030GTGSVS | F95: =IF(E95="","",B95&$D95) -> 46082GTGSVS | G95: =IFERROR(IF(VLOOKUP($O95,Lookup!$G$1:$I$182,2,0)="","",VLOOKUP($O95,Lookup!$G$1:$I$182,2,0)),"") | H95: =IFERROR(IF(VLOOKUP($O95,Lookup!$G$1:$I$182,3,0)="","",VLOOKUP($O95,Lookup!$G$1:$I$182,3,0)),"") | I95: =IFERROR(IF(VLOOKUP(O95,Lookup!$A$1:$B$200,2,0)="","",VLOOKUP(O95,Lookup!$A$1:$B$200,2,0)),"") | J95: =C95&D95&G95 -> 5756GTGSVS | K95: =C95&D95&H95 -> 5756GTGSVS | L95: =D95&" "&IFERROR(IF(VLOOKUP(O95,Lookup!$D$1:$E$201,2,0)="","",VLOOKUP(O95,Lookup!$D$1:$E$201,2,0)),"") -> GTGSVS Margin Revenues | O95: Subtotal Delivery (Margin) Revenue | R95: =SUM(R93:R94) -> 0 | U95: =SUM(U93:U94) -> 0
A96: 41030 | B96: ='UNSG - ALL RATES'!$B$25 -> 46082 | C96: =C95 -> 5756 | D96: =IF(N96="",D95,IF(N97<>D95,N96)) -> GTGSVS | E96: =IF(D96="","",A96&$D96) -> 41030GTGSVS | F96: =IF(E96="","",B96&$D96) -> 46082GTGSVS | G96: =IFERROR(IF(VLOOKUP($O96,Lookup!$G$1:$I$182,2,0)="","",VLOOKUP($O96,Lookup!$G$1:$I$182,2,0)),"") | H96: =IFERROR(IF(VLOOKUP($O96,Lookup!$G$1:$I$182,3,0)="","",VLOOKUP($O96,Lookup!$G$1:$I$182,3,0)),"") | I96: =IFERROR(IF(VLOOKUP(O96,Lookup!$A$1:$B$200,2,0)="","",VLOOKUP(O96,Lookup!$A$1:$B$200,2,0)),"") | J96: =C96&D96&G96 -> 5756GTGSVS | K96: =C96&D96&H96 -> 5756GTGSVS | L96: =D96&" "&IFERROR(IF(VLOOKUP(O96,Lookup!$D$1:$E$201,2,0)="","",VLOOKUP(O96,Lookup!$D$1:$E$201,2,0)),"") -> GTGSVS Sales (T) | O96: Sales (T) | Q96: =Q94 -> 0 | T96: =T94 -> 0
A97: 41030 | B97: ='UNSG - ALL RATES'!$B$25 -> 46082 | C97: =C96 -> 5756 | D97: =IF(N97="",D96,IF(N98<>D96,N97)) -> GTGSVS | E97: =IF(D97="","",A97&$D97) -> 41030GTGSVS | F97: =IF(E97="","",B97&$D97) -> 46082GTGSVS | H97: =IFERROR(IF(VLOOKUP($O97,Lookup!$G$1:$I$182,3,0)="","",VLOOKUP($O97,Lookup!$G$1:$I$182,3,0)),"") | J97: =C97&D97&G97 -> 5756GTGSVS | K97: =C97&D97&H97 -> 5756GTGSVS
A98: 41030 | B98: ='UNSG - ALL RATES'!$B$25 -> 46082 | C98: =M98 -> 5756 | D98: =IF(N98="",D97,IF(N99<>D97,N98)) -> GTILVS | E98: =IF(D98="","",A98&$D98) -> 41030GTILVS | F98: =IF(E98="","",B98&$D98) -> 46082GTILVS | G98: =IFERROR(IF(VLOOKUP($O98,Lookup!$G$1:$I$182,2,0)="","",VLOOKUP($O98,Lookup!$G$1:$I$182,2,0)),"") | H98: =IFERROR(IF(VLOOKUP($O98,Lookup!$G$1:$I$182,3,0)="","",VLOOKUP($O98,Lookup!$G$1:$I$182,3,0)),"") | I98: =IFERROR(IF(VLOOKUP(O98,Lookup!$A$1:$B$200,2,0)="","",VLOOKUP(O98,Lookup!$A$1:$B$200,2,0)),"") | J98: =C98&D98&G98 -> 5756GTILVS | K98: =C98&D98&H98 -> 5756GTILVS | L98: =D98&" "&IFERROR(IF(VLOOKUP(O98,Lookup!$D$1:$E$201,2,0)="","",VLOOKUP(O98,Lookup!$D$1:$E$201,2,0)),"") -> GTILVS | M98: =VLOOKUP(N98,'UNSG - ALL RATES'!$E$25:$F$41,2,0) -> 5756 | N98: ='UNSG - ALL RATES'!F19 -> GTILVS | O98: =VLOOKUP($N98,'UNSG - ALL RATES'!$F$2:$G$383,2,0) -> Transportation LV Industrial
A99: 41030 | B99: ='UNSG - ALL RATES'!$B$25 -> 46082 | C99: =C98 -> 5756 | D99: =IF(N99="",D98,IF(N100<>D98,N99)) -> GTILVS | E99: =IF(D99="","",A99&$D99) -> 41030GTILVS | F99: =IF(E99="","",B99&$D99) -> 46082GTILVS | G99: =IFERROR(IF(VLOOKUP($O99,Lookup!$G$1:$I$182,2,0)="","",VLOOKUP($O99,Lookup!$G$1:$I$182,2,0)),"") -> total_bill_count | H99: =IFERROR(IF(VLOOKUP($O99,Lookup!$G$1:$I$182,3,0)="","",VLOOKUP($O99,Lookup!$G$1:$I$182,3,0)),"") -> total_adjusted_bill_count | I99: =IFERROR(IF(VLOOKUP(O99,Lookup!$A$1:$B$200,2,0)="","",VLOOKUP(O99,Lookup!$A$1:$B$200,2,0)),"") -> BASIC_SERVICE_CHARGE | J99: =C99&D99&G99 -> 5756GTILVStotal_bill_count | K99: =C99&D99&H99 -> 5756GTILVStotal_adjusted_bill_count | L99: =D99&" "&IFERROR(IF(VLOOKUP(O99,Lookup!$D$1:$E$201,2,0)="","",VLOOKUP(O99,Lookup!$D$1:$E$201,2,0)),"") -> GTILVS Basic Service Charges | O99: Basic Service Charge Per Month | P99: =VLOOKUP(E99,'UNSG - ALL RATES'!$A$2:$CG$83,MATCH($I99,'UNSG - ALL RATES'!$A$3:$CG$3,0),0) -> 225 | Q99: =VLOOKUP($C99&$D99,'[4]Billed Annual Billing Det'!$A$2:$N$16,4,0) -> 96 | R99: =$P99*Q99 -> 21600 | T99: =VLOOKUP($C99&$D99,'[4]Adjusted Annual Billing Det'!$A$2:$L$16,4,0) -> 96 | U99: =$P99*T99 -> 21600 | W99: =VLOOKUP(F99,'UNSG - ALL RATES'!$A$2:$CG$83,MATCH($I99,'UNSG - ALL RATES'!$A$3:$CG$3,0),0) -> 285.73 | X99: =VLOOKUP($C99&$D99,'[4]Proposed Annual Billing Det'!$A$2:$N$16,4,0) -> 276 | Y99: =$W99*X99 -> 78861.48
A100: 41030 | B100: ='UNSG - ALL RATES'!$B$25 -> 46082 | C100: =C99 -> 5756 | D100: =IF(N100="",D99,IF(N101<>D99,N100)) -> GTILVS | E100: =IF(D100="","",A100&$D100) -> 41030GTILVS | F100: =IF(E100="","",B100&$D100) -> 46082GTILVS | G100: =IFERROR(IF(VLOOKUP($O100,Lookup!$G$1:$I$182,2,0)="","",VLOOKUP($O100,Lookup!$G$1:$I$182,2,0)),"") -> total_billed_therms | H100: =IFERROR(IF(VLOOKUP($O100,Lookup!$G$1:$I$182,3,0)="","",VLOOKUP($O100,Lookup!$G$1:$I$182,3,0)),"") -> total_adjusted_therms | I100: =IFERROR(IF(VLOOKUP(O100,Lookup!$A$1:$B$200,2,0)="","",VLOOKUP(O100,Lookup!$A$1:$B$200,2,0)),"") -> THERM_DELIVERY_TIER1 | J100: =C100&D100&G100 -> 5756GTILVStotal_billed_therms | K100: =C100&D100&H100 -> 5756GTILVStotal_adjusted_therms | L100: =D100&" "&IFERROR(IF(VLOOKUP(O100,Lookup!$D$1:$E$201,2,0)="","",VLOOKUP(O100,Lookup!$D$1:$E$201,2,0)),"") -> GTILVS | O100: Delivery Charge, per Therm | P100: =VLOOKUP(E100,'UNSG - ALL RATES'!$A$2:$CG$83,MATCH($I100,'UNSG - ALL RATES'!$A$3:$CG$3,0),0) -> 0.1248 | Q100: =VLOOKUP($C100&$D100,'[4]Billed Annual Billing Det'!$A$2:$N$16,5,0) -> 14114075 | R100: =$P100*Q100 -> 1761436.6 | T100: =VLOOKUP($C100&$D100,'[4]Adjusted Annual Billing Det'!$A$2:$L$16,5,0) -> 14114075 | U100: =$P100*T100 -> 1761436.6 | W100: =VLOOKUP(F100,'UNSG - ALL RATES'!$A$2:$CG$83,MATCH($I100,'UNSG - ALL RATES'!$A$3:$CG$3,0),0) -> 0.162 | X100: =VLOOKUP($C100&$D100,'[4]Proposed Annual Billing Det'!$A$2:$N$16,5,0) -> 20564752 | Y100: =$W100*X100 -> 3331489.8
A101: 41030 | B101: ='UNSG - ALL RATES'!$B$25 -> 46082 | C101: =C100 -> 5756 | D101: =IF(N101="",D100,IF(N102<>D100,N101)) -> GTILVS | E101: =IF(D101="","",A101&$D101) -> 41030GTILVS | F101: =IF(E101="","",B101&$D101) -> 46082GTILVS | G101: =IFERROR(IF(VLOOKUP($O101,Lookup!$G$1:$I$182,2,0)="","",VLOOKUP($O101,Lookup!$G$1:$I$182,2,0)),"") | H101: =IFERROR(IF(VLOOKUP($O101,Lookup!$G$1:$I$182,3,0)="","",VLOOKUP($O101,Lookup!$G$1:$I$182,3,0)),"") | I101: =IFERROR(IF(VLOOKUP(O101,Lookup!$A$1:$B$200,2,0)="","",VLOOKUP(O101,Lookup!$A$1:$B$200,2,0)),"") | J101: =C101&D101&G101 -> 5756GTILVS | K101: =C101&D101&H101 -> 5756GTILVS | L101: =D101&" "&IFERROR(IF(VLOOKUP(O101,Lookup!$D$1:$E$201,2,0)="","",VLOOKUP(O101,Lookup!$D$1:$E$201,2,0)),"") -> GTILVS Margin Revenues | O101: Subtotal Delivery (Margin) Revenue | R101: =SUM(R99:R100) -> 1783036.6 | U101: =SUM(U99:U100) -> 1783036.6 | X101: =T101 -> 0 | Y101: =SUM(Y99:Y100) -> 3410351.3
A102: 41030 | B102: ='UNSG - ALL RATES'!$B$25 -> 46082 | C102: =C101 -> 5756 | D102: =IF(N102="",D101,IF(N103<>D101,N102)) -> GTILVS | E102: =IF(D102="","",A102&$D102) -> 41030GTILVS | F102: =IF(E102="","",B102&$D102) -> 46082GTILVS | G102: =IFERROR(IF(VLOOKUP($O102,Lookup!$G$1:$I$182,2,0)="","",VLOOKUP($O102,Lookup!$G$1:$I$182,2,0)),"") | H102: =IFERROR(IF(VLOOKUP($O102,Lookup!$G$1:$I$182,3,0)="","",VLOOKUP($O102,Lookup!$G$1:$I$182,3,0)),"") | I102: =IFERROR(IF(VLOOKUP(O102,Lookup!$A$1:$B$200,2,0)="","",VLOOKUP(O102,Lookup!$A$1:$B$200,2,0)),"") | J102: =C102&D102&G102 -> 5756GTILVS | K102: =C102&D102&H102 -> 5756GTILVS | L102: =D102&" "&IFERROR(IF(VLOOKUP(O102,Lookup!$D$1:$E$201,2,0)="","",VLOOKUP(O102,Lookup!$D$1:$E$201,2,0)),"") -> GTILVS Sales (T) | O102: Sales (T) | Q102: =Q100 -> 14114075 | T102: =T100 -> 14114075 | X102: =X100 -> 20564752
...

Sheet Schedule G-1 Present Rates
A1: LINE NO. | B1: DESCRIPTION | D1: TOTAL | E1: Residential | F1: Small Volume General Service | G1: Large Volume General Service | J1: Checks
D2: (A) | E2: (B) | F2: (C) | G2: (D)
B3: DEVELOPMENT OF RATE BASE
A4: 1 | C4: Gas Plant in Service | D4: =SUM(E4:G4) -> 592552817 | E4: =SUM('G-3 COST OF SERVICE'!$G$27:$I$27) -> 473692617 | F4: =SUM('G-3 COST OF SERVICE'!$J$27:$L$27) -> 78750878 | G4: =SUM('G-3 COST OF SERVICE'!$M$27:$O$27) -> 40109322 | J4: =D4-'G-3 COST OF SERVICE'!F27 -> 0
A5: =+A4+1 -> 2 | C5: Depreciation & Amort. Reserve | D5: =SUM(E5:H5) -> 2.3051215e+08 | E5: =SUM('G-3 COST OF SERVICE'!$G$52:$I$52) -> 1.8328011e+08 | F5: =SUM('G-3 COST OF SERVICE'!$J$52:$L$52) -> 30449838 | G5: =SUM('G-3 COST OF SERVICE'!$M$52:$O$52) -> 16782199 | J5: =D5-'G-3 COST OF SERVICE'!F52 -> 0
A6: =+A5+1 -> 3 | B6: Net Plant in Service | D6: =+D4-D5 -> 3.6204067e+08 | E6: =+E4-E5 -> 2.9041251e+08 | F6: =+F4-F5 -> 48301040 | G6: =+G4-G5 -> 23327123 | J6: =D6-'G-3 COST OF SERVICE'!F54 -> 0
A7: =+A6+1 -> 4
A8: =+A7+1 -> 5 | B8: ADDITIONS & DEDUCTIONS
A9: =+A8+1 -> 6 | C9: Cash Working Capital | D9: =SUM(E9:H9) -> -5304562 | E9: =SUM('G-3 COST OF SERVICE'!G57:I57) -> -4240519.7 | F9: =SUM('G-3 COST OF SERVICE'!J57:L57) -> -704981.75 | G9: =SUM('G-3 COST OF SERVICE'!M57:O57) -> -359060.62
A10: =+A9+1 -> 7 | C10: Materials & Supplies | D10: =SUM(E10:H10) -> 2592782.8 | E10: =SUM('G-3 COST OF SERVICE'!G58:I58) -> 2072696.3 | F10: =SUM('G-3 COST OF SERVICE'!J58:L58) -> 344583.5 | G10: =SUM('G-3 COST OF SERVICE'!M58:O58) -> 175502.93
A11: =+A10+1 -> 8 | C11: Prepayments | D11: =SUM(E11:H11) -> 485024.13 | E11: =SUM('G-3 COST OF SERVICE'!G59:I59) -> 387733.11 | F11: =SUM('G-3 COST OF SERVICE'!J59:L59) -> 64460.205 | G11: =SUM('G-3 COST OF SERVICE'!M59:O59) -> 32830.81
A12: =+A11+1 -> 9 | C12: Customer Adv. for Construction | D12: =SUM(E12:H12) -> -5445150 | E12: =SUM('G-3 COST OF SERVICE'!G63:I63) -> -5018511.6 | F12: =SUM('G-3 COST OF SERVICE'!J63:L63) -> -424151.62 | G12: =SUM('G-3 COST OF SERVICE'!M63:O63) -> -2486.8322
A13: =+A12+1 -> 10 | C13: Customer Deposits | D13: =SUM(E13:H13) -> -1598822.7 | E13: =SUM('G-3 COST OF SERVICE'!G64:I64) -> -1473551.8 | F13: =SUM('G-3 COST OF SERVICE'!J64:L64) -> -124540.78 | G13: =SUM('G-3 COST OF SERVICE'!M64:O64) -> -730.19179
A14: =+A13+1 -> 11 | C14: Total Other Rate Base | D14: =SUM(E14:H14) -> -23829416 | E14: =SUM('G-3 COST OF SERVICE'!G71:I71) -> -18993893 | F14: =SUM('G-3 COST OF SERVICE'!J71:L71) -> -3194246.2 | G14: =SUM('G-3 COST OF SERVICE'!M71:O71) -> -1641276.3
A15: =+A14+1 -> 12 | C15: Accum Deferred Income Taxes | D15: =SUM(E15:H15) -> -37645145 | E15: =SUM('G-3 COST OF SERVICE'!G73:I73) -> -30093903 | F15: =SUM('G-3 COST OF SERVICE'!J73:L73) -> -5003078.4 | G15: =SUM('G-3 COST OF SERVICE'!M73:O73) -> -2548163.1
A16: =+A15+1 -> 13 | B16: Total Addistions & Deductions | D16: =SUM(D9:D15) -> -70745288 | E16: =SUM(E9:E15) -> -57359950 | F16: =SUM(F9:F15) -> -9041955.1 | G16: =SUM(G9:G15) -> -4343383.3
A17: =+A16+1 -> 14
A18: =+A17+1 -> 15 | B18: TOTAL RATE BASE | D18: =+D6+D16 -> 2.9129538e+08 | E18: =+E6+E16 -> 2.3305256e+08 | F18: =+F6+F16 -> 39259085 | G18: =+G6+G16 -> 18983740 | J18: =+D18-'G-3 COST OF SERVICE'!F75 -> 0
A19: =+A18+1 -> 16
A20: =+A19+1 -> 17 | B20: DEVELOPMENT OF RETURN
A21: =+A20+1 -> 18 | B21: REVENUES FROM GAS SALES
A22: =+A21+1 -> 19 | C22: Base Revenues Present Rates | D22: =SUM(E22:H22) -> 67665952 | E22: =+E49 -> 47630969 | F22: =+F49 -> 14389763 | G22: =+G49 -> 5645219.6
A23: =+A22+1 -> 20 | B23: TOTAL SALES OF GAS REVENUE | D23: =+D22 -> 67665952 | E23: =SUM(E22:E22) -> 47630969 | F23: =SUM(F22:F22) -> 14389763 | G23: =SUM(G22:G22) -> 5645219.6
A24: =+A23+1 -> 21
A25: =+A24+1 -> 22 | B25: OTHER OPERATING REVENUES
A26: =+A25+1 -> 23 | C26: Forfeited Discounts | D26: =SUM(E26:H26) -> 489636 | E26: =+'G-7 Allocations'!$F$60 -> 346759.45 | F26: =+'G-7 Allocations'!$I$60 -> 79075.11 | G26: =+'G-7 Allocations'!L$60 -> 63801.441 | J26: =D26-'G-7 Allocations'!E60 -> 0
A27: =+A26+1 -> 24 | C27: Miscellaneous Service Revenue | D27: =SUM(E27:H27) -> 805199.31 | E27: =+'G-7 Allocations'!$H$31 -> 764893.05 | F27: =+'G-7 Allocations'!$K$31 -> 40145.424 | G27: =+'G-7 Allocations'!N31 -> 160.83543 | J27: =D27-'G-7 Allocations'!E31 -> 0
A28: =+A27+1 -> 25 | C28: OTHER REVENUE | D28: =SUM(E28:H28) -> 21775.9 | E28: =+E22/$D$22*'Rev&Expense'!$D$15 -> 15328.347 | F28: =+F22/$D$22*'Rev&Expense'!$D$15 -> 4630.8377 | G28: =+G22/$D$22*'Rev&Expense'!$D$15 -> 1816.7148 | J28: =D28-'Rev&Expense'!D15 -> 0
A29: =+A28+1 -> 26 | B29: TOTAL OTHER OPERATING REVENUE | D29: =SUM(D26:D28) -> 1316611.2 | E29: =SUM(E26:E28) -> 1126980.8 | F29: =SUM(F26:F28) -> 123851.37 | G29: =SUM(G26:G28) -> 65778.991
A30: =+A29+1 -> 27
A31: =+A30+1 -> 28 | B31: TOTAL GAS OPERATING REVENUE | D31: =+D29+D23 -> 68982563 | E31: =+E29+E23 -> 48757950 | F31: =+F29+F23 -> 14513614 | G31: =+G29+G23 -> 5710998.6 | J31: =D31-[6]Cover!$G$15 -> -3149.2208
A32: =+A31+1 -> 29
A33: =+A32+1 -> 30
A34: =+A33+1 -> 31 | B34: OPERATING EXPENSES
A35: =+A34+1 -> 32 | C35: Operating & Maintenance | D35: =SUM(E35:G35) -> 28962821 | E35: =+SUM('G-4 COST OF SERVICE'!$G$57:$I$57) -> 24477305 | F35: =+SUM('G-4 COST OF SERVICE'!$J$57:$L$57) -> 3219064.1 | G35: =+SUM('G-4 COST OF SERVICE'!$M$57:$O$57) -> 1266451.4 | J35: =D35-'G-4 COST OF SERVICE'!F57 -> 0
A36: =+A35+1 -> 33 | C36: Depreciation & Amortization | D36: =SUM(E36:H36) -> 17445062 | E36: =+SUM('G-4 COST OF SERVICE'!$G$90:$I$90) -> 14049380 | F36: =+SUM('G-4 COST OF SERVICE'!$J$90:$L$90) -> 2312041.8 | G36: =+SUM('G-4 COST OF SERVICE'!$M$90:$O$90) -> 1083640.5 | J36: =D36-'G-4 COST OF SERVICE'!F90 -> 0
A37: =+A36+1 -> 34 | C37: Interest on Customer Deposits | D37: =SUM(E37:H37) -> 53976.84 | E37: =+SUM('G-4 COST OF SERVICE'!$G$92:$I$92) -> -1343.4164 | F37: =+SUM('G-4 COST OF SERVICE'!$J$92:$L$92) -> 55320.256 | G37: =+SUM('G-4 COST OF SERVICE'!$M$92:$O$92) -> 0 | J37: =D37-'G-4 COST OF SERVICE'!F92 -> 0
A38: =+A37+1 -> 35 | C38: Taxes Other Than Income | D38: =SUM(E38:H38) -> 5852780.8 | E38: =+SUM('G-4 COST OF SERVICE'!$G$97:$I$97) -> 4678771.2 | F38: =+SUM('G-4 COST OF SERVICE'!$J$97:$L$97) -> 777840.58 | G38: =+SUM('G-4 COST OF SERVICE'!$M$97:$O$97) -> 396169.02 | J38: =D38-'G-4 COST OF SERVICE'!F97 -> 0
A39: =+A38+1 -> 36 | C39: Tax Expense | D39: =SUM(E39:H39) -> 1752763 | E39: =+SUM('G-4 COST OF SERVICE'!$G$103:$I$103) -> 1401176.2 | F39: =+SUM('G-4 COST OF SERVICE'!$J$103:$L$103) -> 232944 | G39: =+SUM('G-4 COST OF SERVICE'!$M$103:$O$103) -> 118642.82 | J39: =D39-'G-4 COST OF SERVICE'!F103 -> 0
A40: =+A39+1 -> 37 | B40: TOTAL OPERATING EXPENSES | D40: =SUM(D35:D39) -> 54067404 | E40: =SUM(E35:E39) -> 44605289 | F40: =SUM(F35:F39) -> 6597210.8 | G40: =SUM(G35:G39) -> 2864903.7 | J40: =+D40-'G-4 COST OF SERVICE'!F107 -> 0
A41: =+A40+1 -> 38
A42: =+A41+1 -> 39 | B42: OPERATING INCOME | D42: =SUM(E42:H42) -> 14915159 | E42: =+E31-E40 -> 4152660.8 | F42: =+F31-F40 -> 7916403.5 | G42: =+G31-G40 -> 2846094.9
A43: =+A42+1 -> 40
A44: =+A43+1 -> 41 | B44: RATE OF RETURN ON RATE BASE | D44: =+D42/D18 -> 0.051202868 | E44: =+E42/E18 -> 0.017818559 | F44: =+F42/F18 -> 0.20164513 | G44: =+G42/G18 -> 0.14992277
A45: =+A44+1 -> 42
B47: REVENUE REQUIREMENT INPUTS
B48: ANNUAL BOOKED THERM SALES | D48: =SUM(E48:H48) -> 1.6265519e+08 | E48: =Summary!$I$8 -> 83845184 | F48: =Summary!$I$9 -> 39416904 | G48: =Summary!$I$10 -> 39393107
B49: PRESENT SALES REVENUES | D49: =SUM(E49:H49) -> 67665952 | E49: =Summary!$K$8 -> 47630969 | F49: =Summary!$K$9 -> 14389763 | G49: =Summary!$K$10 -> 5645219.6
B50: TOTAL YEAR END CUSTOMERS | D50: =SUM(E50:I50) -> 170333.77 | E50: =Summary!$H$8/12 -> 156987.77 | F50: =Summary!$H$9/12 -> 13268.201 | G50: =Summary!$H$10/12 -> 77.792438

Sheet Schedule G-2 Proposed Rates
A1: LINE NO. | B1: DESCRIPTION | D1: TOTAL | E1: Residential | F1: Small Volume General Service | G1: Large Volume General Service | I1: Check
D2: (A) | E2: (B) | F2: (C) | G2: (D)
B3: DEVELOPMENT OF RATE BASE
A4: 1 | C4: Gas Plant in Service | D4: =SUM(E4:H4) -> 592552817 | E4: =SUM('G-3 COST OF SERVICE'!G27:I27) -> 473692617 | F4: =SUM('G-3 COST OF SERVICE'!J27:L27) -> 78750878 | G4: =SUM('G-3 COST OF SERVICE'!M27:O27) -> 40109322 | I4: =D4-'G-3 COST OF SERVICE'!F27 -> 0
A5: =+A4+1 -> 2 | C5: Depreciation & Amort. Reserve | D5: =SUM(E5:H5) -> 2.3051215e+08 | E5: =SUM('G-3 COST OF SERVICE'!G52:I52) -> 1.8328011e+08 | F5: =SUM('G-3 COST OF SERVICE'!J52:L52) -> 30449838 | G5: =SUM('G-3 COST OF SERVICE'!M52:O52) -> 16782199 | I5: =D5-'G-3 COST OF SERVICE'!F52 -> 0
A6: =+A5+1 -> 3 | B6: Net Plant in Service | D6: =+D4-D5 -> 3.6204067e+08 | E6: =+E4-E5 -> 2.9041251e+08 | F6: =+F4-F5 -> 48301040 | G6: =+G4-G5 -> 23327123 | I6: =D6-'G-3 COST OF SERVICE'!F54 -> 0
A7: =+A6+1 -> 4
A8: =+A7+1 -> 5 | B8: ADDITIONS & DEDUCTIONS
A9: =+A8+1 -> 6 | C9: Cash Working Capital | D9: =SUM(E9:H9) -> -5304562 | E9: =SUM('G-3 COST OF SERVICE'!G57:I57) -> -4240519.7 | F9: =SUM('G-3 COST OF SERVICE'!J57:L57) -> -704981.75 | G9: =SUM('G-3 COST OF SERVICE'!M57:O57) -> -359060.62 | I9: =D9-'G-3 COST OF SERVICE'!F57 -> 0
A10: =+A9+1 -> 7 | C10: Materials & Supplies | D10: =SUM(E10:H10) -> 2592782.8 | E10: =SUM('G-3 COST OF SERVICE'!G58:I58) -> 2072696.3 | F10: =SUM('G-3 COST OF SERVICE'!J58:L58) -> 344583.5 | G10: =SUM('G-3 COST OF SERVICE'!M58:O58) -> 175502.93 | I10: =D10-'G-3 COST OF SERVICE'!F58 -> 0
A11: =+A10+1 -> 8 | C11: Prepayments | D11: =SUM(E11:H11) -> 485024.13 | E11: =SUM('G-3 COST OF SERVICE'!G59:I59) -> 387733.11 | F11: =SUM('G-3 COST OF SERVICE'!J59:L59) -> 64460.205 | G11: =SUM('G-3 COST OF SERVICE'!M59:O59) -> 32830.81 | I11: =D11-'G-3 COST OF SERVICE'!F59 -> 0
A12: =+A11+1 -> 9 | C12: Customer Adv. for Construction | D12: =SUM(E12:H12) -> -5445150 | E12: =SUM('G-3 COST OF SERVICE'!G63:I63) -> -5018511.6 | F12: =SUM('G-3 COST OF SERVICE'!J63:L63) -> -424151.62 | G12: =SUM('G-3 COST OF SERVICE'!M63:O63) -> -2486.8322 | I12: =D12-'G-3 COST OF SERVICE'!F63 -> 0
A13: =+A12+1 -> 10 | C13: Customer Deposits | D13: =SUM(E13:H13) -> -1598822.7 | E13: =SUM('G-3 COST OF SERVICE'!G64:I64) -> -1473551.8 | F13: =SUM('G-3 COST OF SERVICE'!J64:L64) -> -124540.78 | G13: =SUM('G-3 COST OF SERVICE'!M64:O64) -> -730.19179 | I13: =D13-'G-3 COST OF SERVICE'!F64 -> 0
A14: =+A13+1 -> 11 | C14: Other | D14: =SUM(E14:H14) -> -23829416 | E14: =SUM('G-3 COST OF SERVICE'!G71:I71) -> -18993893 | F14: =SUM('G-3 COST OF SERVICE'!J71:L71) -> -3194246.2 | G14: =SUM('G-3 COST OF SERVICE'!M71:O71) -> -1641276.3 | I14: =D14-'G-3 COST OF SERVICE'!F71 -> 0
A15: =+A14+1 -> 12 | C15: Accum Deferred Income Taxes | D15: =SUM(E15:H15) -> -37645145 | E15: =SUM('G-3 COST OF SERVICE'!G73:I73) -> -30093903 | F15: =SUM('G-3 COST OF SERVICE'!J73:L73) -> -5003078.4 | G15: =SUM('G-3 COST OF SERVICE'!M73:O73) -> -2548163.1 | I15: =D15-'G-3 COST OF SERVICE'!F73 -> 0
A16: =+A15+1 -> 13 | B16: Total Additions & Deductions | D16: =SUM(D9:D15) -> -70745288 | E16: =SUM(E9:E15) -> -57359950 | F16: =SUM(F9:F15) -> -9041955.1 | G16: =SUM(G9:G15) -> -4343383.3
A17: =+A16+1 -> 14
A18: =+A17+1 -> 15 | B18: TOTAL RATE BASE | D18: =+D6+D16 -> 2.9129538e+08 | E18: =+E6+E16 -> 2.3305256e+08 | F18: =+F6+F16 -> 39259085 | G18: =+G6+G16 -> 18983740 | I18: =D18-[6]Cover!$G$26 -> 1.3945487
A19: =+A18+1 -> 16
A20: =+A19+1 -> 17 | B20: ROR on OCRB | D20: =[6]Cover!$G$46 -> 0.0762653 | E20: =+$D$20 -> 0.0762653 | F20: =+$D$20 -> 0.0762653 | G20: =+$D$20 -> 0.0762653
A21: =+A20+1 -> 18 | B21: RETURN ON RATE BASE | D21: =+D18*D20 -> 22215730 | E21: =+E18*E20 -> 17773823 | F21: =+F18*F20 -> 2994105.9 | G21: =+G18*G20 -> 1447800.6 | I21: =D21-[6]Cover!$G$31 -> 0.10900027
A22: =+A21+1 -> 19
A23: =+A22+1 -> 20
A24: =+A23+1 -> 21 | B24: PROPOSED SALES REVENUE | D24: =SUM(E24:G24) -> 77394115 | E24: =+E49 -> 54362763 | F24: =+F49 -> 15860448 | G24: =+G49 -> 7170903.8
A25: =+A24+1 -> 22
A26: =+A25+1 -> 23 | B26: OTHER OPERATING REVENUES
A27: =+A26+1 -> 24 | C27: Forfeited Discounts | D27: =SUM(E27:H27) -> 489636 | E27: =+'G-7 Allocations'!$F$60 -> 346759.45 | F27: =+'G-7 Allocations'!$I$60 -> 79075.11 | G27: =+'G-7 Allocations'!L$60 -> 63801.441
A28: =+A27+1 -> 25 | C28: Miscellaneous Service Revenue | D28: =SUM(E28:H28) -> 805199.31 | E28: =+'G-7 Allocations'!$H$31 -> 764893.05 | F28: =+'G-7 Allocations'!$K$31 -> 40145.424 | G28: =+'G-7 Allocations'!N31 -> 160.83543
A29: =+A28+1 -> 26 | C29: Other Revenue | D29: =SUM(E29:H29) -> 21775.9 | E29: =+'Schedule G-1 Present Rates'!E28 -> 15328.347 | F29: =+'Schedule G-1 Present Rates'!F28 -> 4630.8377 | G29: =+'Schedule G-1 Present Rates'!G28 -> 1816.7148
A30: =+A29+1 -> 27 | B30: TOTAL OTHER OPERATING REVENUE | D30: =SUM(D27:D29) -> 1316611.2 | E30: =SUM(E27:E29) -> 1126980.8 | F30: =SUM(F27:F29) -> 123851.37 | G30: =SUM(G27:G29) -> 65778.991 | I30: =D30-[6]Cover!$G$14 -> 0
A31: =+A30+1 -> 28
A32: =+A31+1 -> 29 | B32: TOTAL GAS OPERATING REVENUE | D32: =+D30+D24 -> 78710726 | E32: =+E30+E24 -> 55489743 | F32: =+F30+F24 -> 15984300 | G32: =+G30+G24 -> 7236682.8 | I32: =D32-[6]Cover!$G$39 -> -10993.28
A33: =+A32+1 -> 30
A34: =+A33+1 -> 31 | B34: OPERATING EXPENSES
A35: =+A34+1 -> 32 | C35: Operating & Maintenance | D35: =SUM(E35:H35) -> 28962821 | E35: =+SUM('G-4 COST OF SERVICE'!$G$57:$I$57) -> 24477305 | F35: =+SUM('G-4 COST OF SERVICE'!$J$57:$L$57) -> 3219064.1 | G35: =+SUM('G-4 COST OF SERVICE'!$M$57:$O$57) -> 1266451.4
A36: =+A35+1 -> 33 | C36: Depreciation & Amortization | D36: =SUM(E36:H36) -> 17445062 | E36: =+SUM('G-4 COST OF SERVICE'!$G$90:$I$90) -> 14049380 | F36: =+SUM('G-4 COST OF SERVICE'!$J$90:$L$90) -> 2312041.8 | G36: =+SUM('G-4 COST OF SERVICE'!$M$90:$O$90) -> 1083640.5
A37: =+A36+1 -> 34 | C37: Interest on Customer Deposits | D37: =SUM(E37:H37) -> 53976.84 | E37: =+SUM('G-4 COST OF SERVICE'!$G$92:$I$92) -> -1343.4164 | F37: =+SUM('G-4 COST OF SERVICE'!$J$92:$L$92) -> 55320.256 | G37: =+SUM('G-4 COST OF SERVICE'!$M$92:$O$92) -> 0
A38: =+A37+1 -> 35 | C38: Taxes Other Than Income | D38: =SUM(E38:H38) -> 5852780.8 | E38: =+SUM('G-4 COST OF SERVICE'!$G$97:$I$97) -> 4678771.2 | F38: =+SUM('G-4 COST OF SERVICE'!$J$97:$L$97) -> 777840.58 | G38: =+SUM('G-4 COST OF SERVICE'!$M$97:$O$97) -> 396169.02
A39: =+A38+1 -> 36 | C39: Income Tax Expense | D39: =SUM(E39:G39) -> 4184258 | E39: ='Rate Changes'!Q20 -> 2059258 | F39: ='Rate Changes'!R20 -> 1450000 | G39: ='Rate Changes'!S20 -> 675000
A40: =+A39+1 -> 37 | B40: TOTAL OPERATING EXPENSES | D40: =SUM(D35:D39) -> 56498899 | E40: =SUM(E35:E39) -> 45263371 | F40: =SUM(F35:F39) -> 7814266.8 | G40: =SUM(G35:G39) -> 3421260.9
A41: =+A40+1 -> 38
A42: =+A41+1 -> 39 | B42: OPERATING INCOME | D42: =SUM(E42:G42) -> 22211827 | E42: =+E32-E40 -> 10226373 | F42: =+F32-F40 -> 8170033.1 | G42: =+G32-G40 -> 3815421.9 | H42: =+H32-H40 -> 0 | I42: =D42-[6]Cover!$G$32 -> -3902.195
A43: =+A42+1 -> 40
A44: =+A43+1 -> 41 | B44: RATE OF RETURN ON RATE BASE | D44: =+D42/D18 -> 0.076251904 | E44: =+E42/E18 -> 0.043880113 | F44: =+F42/F18 -> 0.20810554 | G44: =+G42/G18 -> 0.20098367
A45: =+A44+1 -> 42
B47: REVENUE PROOF INPUTS
B48: ANNUAL BOOKED THERM SALES | D48: =SUM(E48:H48) -> 1.6265519e+08 | E48: =Summary!$N$8 -> 83845184 | F48: =Summary!$N$9 -> 36221648 | G48: =Summary!$N$10 -> 42588363
B49: APPROVED SALES REVENUES | D49: =SUM(E49:H49) -> 77394115 | E49: =Summary!$P$8 -> 54362763 | F49: =Summary!$P$9 -> 15860448 | G49: =Summary!$P$10 -> 7170903.8
B50: TOTAL YEAR END CUSTOMERS | D50: =SUM(E50:H50) -> 170333.77 | E50: =Summary!$M$8/12 -> 156987.77 | F50: =Summary!$M$9/12 -> 13266.784 | G50: =Summary!$M$10/12 -> 79.209105
B54: =[6]Cover!$G$32 -> 22215730
B55: =+B54-D42 -> 3902.195
A56: Rounding Plug Calc For Taxes | C56: Manual adder to tax input number to tie out to RR model when there's a difference

Sheet G-3 COST OF SERVICE
B1: FERC | F1: Total | G1: Residential | J1: Small Volume General Service | M1: Large Volume General Service
A2: No. | B2: Account | C2: DESCRIPTION | D2: ALLOCA | E2: Look Up | F2: COMPANY | G2: DEMAND | H2: COMMODITY | I2: CUSTOMER | J2: DEMAND | K2: COMMODITY | L2: CUSTOMER | M2: DEMAND | N2: COMMODITY | O2: CUSTOMER | Q2: Checks | S2: DEMAND Check | T2: COMMODITY Check | U2: CUSTOMER Check
C3: Plant in Service
A4: 1 | B4: 302-303 | C4: Total Intangible Plant | D4: PISXIG | E4: =_xlfn.IFNA(VLOOKUP(D4,'G-7 Allocations'!$C$63:$D$106,2,),VLOOKUP(D4,'G-7 Allocations'!$C$10:$D$15,2,)) -> 19 | F4: =SUM(G4:O4) -> 1796627 | G4: =+'G-5 Function Rate Base'!$D$9*VLOOKUP($E$4,'G-7 Allocations'!$D$5:$N$106,'G-3 COST OF SERVICE'!G77,FALSE) -> 279086.79 | H4: =+'G-5 Function Rate Base'!$D$9*VLOOKUP($E$4,'G-7 Allocations'!$D$5:$N$106,'G-3 COST OF SERVICE'!H77,FALSE) -> 0 | I4: =+'G-5 Function Rate Base'!$D$9*VLOOKUP($E$4,'G-7 Allocations'!$D$5:$N$106,'G-3 COST OF SERVICE'!I77,FALSE) -> 1157154.7 | J4: =+'G-5 Function Rate Base'!$D$9*VLOOKUP($E$4,'G-7 Allocations'!$D$5:$N$106,'G-3 COST OF SERVICE'!J77,FALSE) -> 120003.03 | K4: =+'G-5 Function Rate Base'!$D$9*VLOOKUP($E$4,'G-7 Allocations'!$D$5:$N$106,'G-3 COST OF SERVICE'!K77,FALSE) -> 0 | L4: =+'G-5 Function Rate Base'!$D$9*VLOOKUP($E$4,'G-7 Allocations'!$D$5:$N$106,'G-3 COST OF SERVICE'!L77,FALSE) -> 118770.55 | M4: =+'G-5 Function Rate Base'!$D$9*VLOOKUP($E$4,'G-7 Allocations'!$D$5:$N$106,'G-3 COST OF SERVICE'!M77,FALSE) -> 110271.4 | N4: =+'G-5 Function Rate Base'!$D$9*VLOOKUP($E$4,'G-7 Allocations'!$D$5:$N$106,'G-3 COST OF SERVICE'!N77,FALSE) -> 0 | O4: =+'G-5 Function Rate Base'!$D$9*VLOOKUP($E$4,'G-7 Allocations'!$D$5:$N$106,'G-3 COST OF SERVICE'!O77,FALSE) -> 11340.532 | Q4: =F4-'Rate Base'!C8 -> 0.57 | S4: =SUM(G4,J4,M4)-'G-5 Function Rate Base'!E9 -> 0.21364374 | T4: =SUM(H4,K4,N4)-'G-5 Function Rate Base'!F9 -> 0 | U4: =SUM(I4,L4,O4)-'G-5 Function Rate Base'!G9 -> -0.21364374
A5: =+A4+1 -> 2
A6: =+A5+1 -> 3 | B6: 365-371 | C6: Total Transmission Plant | D6: TRANS | E6: =_xlfn.IFNA(VLOOKUP(D6,'G-7 Allocations'!$C$63:$D$106,2,),VLOOKUP(D6,'G-7 Allocations'!$C$10:$D$15,2,)) -> 41 | F6: =SUM(G6:O6) -> 18791587 | G6: =+'G-5 Function Rate Base'!$D$17*VLOOKUP($E$6,'G-7 Allocations'!$D$5:$N$106,'G-3 COST OF SERVICE'!G77,FALSE) -> 10296198 | H6: =+'G-5 Function Rate Base'!$D$17*VLOOKUP($E$6,'G-7 Allocations'!$D$5:$N$106,'G-3 COST OF SERVICE'!H77,FALSE) -> 0 | I6: =+'G-5 Function Rate Base'!$D$17*VLOOKUP($E$6,'G-7 Allocations'!$D$5:$N$106,'G-3 COST OF SERVICE'!I77,FALSE) -> 0 | J6: =+'G-5 Function Rate Base'!$D$17*VLOOKUP($E$6,'G-7 Allocations'!$D$5:$N$106,'G-3 COST OF SERVICE'!J77,FALSE) -> 4427206.6 | K6: =+'G-5 Function Rate Base'!$D$17*VLOOKUP($E$6,'G-7 Allocations'!$D$5:$N$106,'G-3 COST OF SERVICE'!K77,FALSE) -> 0 | L6: =+'G-5 Function Rate Base'!$D$17*VLOOKUP($E$6,'G-7 Allocations'!$D$5:$N$106,'G-3 COST OF SERVICE'!L77,FALSE) -> 0 | M6: =+'G-5 Function Rate Base'!$D$17*VLOOKUP($E$6,'G-7 Allocations'!$D$5:$N$106,'G-3 COST OF SERVICE'!M77,FALSE) -> 4068182.8 | N6: =+'G-5 Function Rate Base'!$D$17*VLOOKUP($E$6,'G-7 Allocations'!$D$5:$N$106,'G-3 COST OF SERVICE'!N77,FALSE) -> 0 | O6: =+'G-5 Function Rate Base'!$D$17*VLOOKUP($E$6,'G-7 Allocations'!$D$5:$N$106,'G-3 COST OF SERVICE'!O77,FALSE) -> 0 | Q6: =F6-'Rate Base'!C16 -> 0 | S6: =SUM(G6,J6,M6)-'G-5 Function Rate Base'!E17 -> 0 | T6: =SUM(H6,K6,N6)-'G-5 Function Rate Base'!F17 -> 0 | U6: =SUM(I6,L6,O6)-'G-5 Function Rate Base'!G17 -> 0
A7: =+A6+1 -> 4
A8: =+A7+1 -> 5 | C8: Distribution Plant
A9: =+A8+1 -> 6 | B9: 374 | C9: Land and Land Rights | D9: =+'G-7 Allocations'!$C$13 -> DISTR | E9: =_xlfn.IFNA(VLOOKUP(D9,'G-7 Allocations'!$C$63:$D$106,2,),VLOOKUP(D9,'G-7 Allocations'!$C$10:$D$15,2,)) -> 42 | F9: =SUM(G9:O9) -> 448524.97 | G9: =+'G-5 Function Rate Base'!$D$20*VLOOKUP($E$9,'G-7 Allocations'!$D$5:$N$106,'G-3 COST OF SERVICE'!G77,FALSE) -> 245753.69 | H9: =+'G-5 Function Rate Base'!$D$20*VLOOKUP($E$9,'G-7 Allocations'!$D$5:$N$106,'G-3 COST OF SERVICE'!H77,FALSE) -> 0 | I9: =+'G-5 Function Rate Base'!$D$20*VLOOKUP($E$9,'G-7 Allocations'!$D$5:$N$106,'G-3 COST OF SERVICE'!I77,FALSE) -> 0 | J9: =+'G-5 Function Rate Base'!$D$20*VLOOKUP($E$9,'G-7 Allocations'!$D$5:$N$106,'G-3 COST OF SERVICE'!J77,FALSE) -> 105670.3 | K9: =+'G-5 Function Rate Base'!$D$20*VLOOKUP($E$9,'G-7 Allocations'!$D$5:$N$106,'G-3 COST OF SERVICE'!K77,FALSE) -> 0 | L9: =+'G-5 Function Rate Base'!$D$20*VLOOKUP($E$9,'G-7 Allocations'!$D$5:$N$106,'G-3 COST OF SERVICE'!L77,FALSE) -> 0 | M9: =+'G-5 Function Rate Base'!$D$20*VLOOKUP($E$9,'G-7 Allocations'!$D$5:$N$106,'G-3 COST OF SERVICE'!M77,FALSE) -> 97100.983 | N9: =+'G-5 Function Rate Base'!$D$20*VLOOKUP($E$9,'G-7 Allocations'!$D$5:$N$106,'G-3 COST OF SERVICE'!N77,FALSE) -> 0 | O9: =+'G-5 Function Rate Base'!$D$20*VLOOKUP($E$9,'G-7 Allocations'!$D$5:$N$106,'G-3 COST OF SERVICE'!O77,FALSE) -> 0 | Q9: =F9-'Rate Base'!C19 -> 0 | S9: =SUM(G9,J9,M9)-'G-5 Function Rate Base'!E20 -> 0 | T9: =SUM(H9,K9,N9)-'G-5 Function Rate Base'!F20 -> 0 | U9: =SUM(I9,L9,O9)-'G-5 Function Rate Base'!G20 -> 0
A10: =+A9+1 -> 7 | B10: 375 | C10: Structures & Improvements | D10: =+'G-7 Allocations'!$C$13 -> DISTR | E10: =_xlfn.IFNA(VLOOKUP(D10,'G-7 Allocations'!$C$63:$D$106,2,),VLOOKUP(D10,'G-7 Allocations'!$C$10:$D$15,2,)) -> 42 | F10: =SUM(G10:O10) -> 181967.05 | G10: =+'G-5 Function Rate Base'!$D$21*VLOOKUP($E$10,'G-7 Allocations'!$D$5:$N$106,'G-3 COST OF SERVICE'!G77,FALSE) -> 99702.527 | H10: =+'G-5 Function Rate Base'!$D$21*VLOOKUP($E$10,'G-7 Allocations'!$D$5:$N$106,'G-3 COST OF SERVICE'!H77,FALSE) -> 0 | I10: =+'G-5 Function Rate Base'!$D$21*VLOOKUP($E$10,'G-7 Allocations'!$D$5:$N$106,'G-3 COST OF SERVICE'!I77,FALSE) -> 0 | J10: =+'G-5 Function Rate Base'!$D$21*VLOOKUP($E$10,'G-7 Allocations'!$D$5:$N$106,'G-3 COST OF SERVICE'!J77,FALSE) -> 42870.552 | K10: =+'G-5 Function Rate Base'!$D$21*VLOOKUP($E$10,'G-7 Allocations'!$D$5:$N$106,'G-3 COST OF SERVICE'!K77,FALSE) -> 0 | L10: =+'G-5 Function Rate Base'!$D$21*VLOOKUP($E$10,'G-7 Allocations'!$D$5:$N$106,'G-3 COST OF SERVICE'!L77,FALSE) -> 0 | M10: =+'G-5 Function Rate Base'!$D$21*VLOOKUP($E$10,'G-7 Allocations'!$D$5:$N$106,'G-3 COST OF SERVICE'!M77,FALSE) -> 39393.97 | N10: =+'G-5 Function Rate Base'!$D$21*VLOOKUP($E$10,'G-7 Allocations'!$D$5:$N$106,'G-3 COST OF SERVICE'!N77,FALSE) -> 0 | O10: =+'G-5 Function Rate Base'!$D$21*VLOOKUP($E$10,'G-7 Allocations'!$D$5:$N$106,'G-3 COST OF SERVICE'!O77,FALSE) -> 0 | Q10: =F10-'Rate Base'!C20 -> 0 | S10: =SUM(G10,J10,M10)-'G-5 Function Rate Base'!E21 -> 0 | T10: =SUM(H10,K10,N10)-'G-5 Function Rate Base'!F21 -> 0 | U10: =SUM(I10,L10,O10)-'G-5 Function Rate Base'!G21 -> 0
A11: =+A10+1 -> 8 | B11: 376 | C11: Mains | D11: =+'G-7 Allocations'!$C$14 -> DISTMAIN | E11: =_xlfn.IFNA(VLOOKUP(D11,'G-7 Allocations'!$C$63:$D$106,2,),VLOOKUP(D11,'G-7 Allocations'!$C$10:$D$15,2,)) -> 43 | F11: =SUM(G11:O11) -> 2.4267676e+08 | G11: =+'G-5 Function Rate Base'!$D$22*VLOOKUP($E$11,'G-7 Allocations'!$D$5:$N$106,'G-3 COST OF SERVICE'!G77,FALSE) -> 64470374 | H11: =+'G-5 Function Rate Base'!$D$22*VLOOKUP($E$11,'G-7 Allocations'!$D$5:$N$106,'G-3 COST OF SERVICE'!H77,FALSE) -> 0 | I11: =+'G-5 Function Rate Base'!$D$22*VLOOKUP($E$11,'G-7 Allocations'!$D$5:$N$106,'G-3 COST OF SERVICE'!I77,FALSE) -> 1.1521697e+08 | J11: =+'G-5 Function Rate Base'!$D$22*VLOOKUP($E$11,'G-7 Allocations'!$D$5:$N$106,'G-3 COST OF SERVICE'!J77,FALSE) -> 27721269 | K11: =+'G-5 Function Rate Base'!$D$22*VLOOKUP($E$11,'G-7 Allocations'!$D$5:$N$106,'G-3 COST OF SERVICE'!K77,FALSE) -> 0 | L11: =+'G-5 Function Rate Base'!$D$22*VLOOKUP($E$11,'G-7 Allocations'!$D$5:$N$106,'G-3 COST OF SERVICE'!L77,FALSE) -> 9737839.9 | M11: =+'G-5 Function Rate Base'!$D$22*VLOOKUP($E$11,'G-7 Allocations'!$D$5:$N$106,'G-3 COST OF SERVICE'!M77,FALSE) -> 25473216 | N11: =+'G-5 Function Rate Base'!$D$22*VLOOKUP($E$11,'G-7 Allocations'!$D$5:$N$106,'G-3 COST OF SERVICE'!N77,FALSE) -> 0 | O11: =+'G-5 Function Rate Base'!$D$22*VLOOKUP($E$11,'G-7 Allocations'!$D$5:$N$106,'G-3 COST OF SERVICE'!O77,FALSE) -> 57093.673 | Q11: =F11-'Rate Base'!C21 -> 0 | S11: =SUM(G11,J11,M11)-'G-5 Function Rate Base'!E22 -> 0 | T11: =SUM(H11,K11,N11)-'G-5 Function Rate Base'!F22 -> 0 | U11: =SUM(I11,L11,O11)-'G-5 Function Rate Base'!G22 -> 0
A12: =+A11+1 -> 9 | B12: 378 | C12: Measuring and Regulating Station Equipment-General | D12: =+'G-7 Allocations'!$C$15 -> DISTREG | E12: =_xlfn.IFNA(VLOOKUP(D12,'G-7 Allocations'!$C$63:$D$106,2,),VLOOKUP(D12,'G-7 Allocations'!$C$10:$D$15,2,)) -> 44 | F12: =SUM(G12:O12) -> 5189851.3 | G12: =+'G-5 Function Rate Base'!$D$23*VLOOKUP($E$12,'G-7 Allocations'!$D$5:$N$106,'G-3 COST OF SERVICE'!G77,FALSE) -> 2843598.8 | H12: =+'G-5 Function Rate Base'!$D$23*VLOOKUP($E$12,'G-7 Allocations'!$D$5:$N$106,'G-3 COST OF SERVICE'!H77,FALSE) -> 0 | I12: =+'G-5 Function Rate Base'!$D$23*VLOOKUP($E$12,'G-7 Allocations'!$D$5:$N$106,'G-3 COST OF SERVICE'!I77,FALSE) -> 0 | J12: =+'G-5 Function Rate Base'!$D$23*VLOOKUP($E$12,'G-7 Allocations'!$D$5:$N$106,'G-3 COST OF SERVICE'!J77,FALSE) -> 1222703.7 | K12: =+'G-5 Function Rate Base'!$D$23*VLOOKUP($E$12,'G-7 Allocations'!$D$5:$N$106,'G-3 COST OF SERVICE'!K77,FALSE) -> 0 | L12: =+'G-5 Function Rate Base'!$D$23*VLOOKUP($E$12,'G-7 Allocations'!$D$5:$N$106,'G-3 COST OF SERVICE'!L77,FALSE) -> 0 | M12: =+'G-5 Function Rate Base'!$D$23*VLOOKUP($E$12,'G-7 Allocations'!$D$5:$N$106,'G-3 COST OF SERVICE'!M77,FALSE) -> 1123548.7 | N12: =+'G-5 Function Rate Base'!$D$23*VLOOKUP($E$12,'G-7 Allocations'!$D$5:$N$106,'G-3 COST OF SERVICE'!N77,FALSE) -> 0 | O12: =+'G-5 Function Rate Base'!$D$23*VLOOKUP($E$12,'G-7 Allocations'!$D$5:$N$106,'G-3 COST OF SERVICE'!O77,FALSE) -> 0 | Q12: =F12-'Rate Base'!C22 -> 0 | S12: =SUM(G12,J12,M12)-'G-5 Function Rate Base'!E23 -> 0 | T12: =SUM(H12,K12,N12)-'G-5 Function Rate Base'!F23 -> 0 | U12: =SUM(I12,L12,O12)-'G-5 Function Rate Base'!G23 -> 0
A13: =+A12+1 -> 10 | B13: 379 | C13: Measuring and Regulating Station Equipment-City | D13: =+'G-7 Allocations'!$C$15 -> DISTREG | E13: =_xlfn.IFNA(VLOOKUP(D13,'G-7 Allocations'!$C$63:$D$106,2,),VLOOKUP(D13,'G-7 Allocations'!$C$10:$D$15,2,)) -> 44 | F13: =SUM(G13:O13) -> 4484164.9 | G13: =+'G-5 Function Rate Base'!$D$24*VLOOKUP($E$13,'G-7 Allocations'!$D$5:$N$106,'G-3 COST OF SERVICE'!G77,FALSE) -> 2456942.5 | H13: =+'G-5 Function Rate Base'!$D$24*VLOOKUP($E$13,'G-7 Allocations'!$D$5:$N$106,'G-3 COST OF SERVICE'!H77,FALSE) -> 0 | I13: =+'G-5 Function Rate Base'!$D$24*VLOOKUP($E$13,'G-7 Allocations'!$D$5:$N$106,'G-3 COST OF SERVICE'!I77,FALSE) -> 0 | J13: =+'G-5 Function Rate Base'!$D$24*VLOOKUP($E$13,'G-7 Allocations'!$D$5:$N$106,'G-3 COST OF SERVICE'!J77,FALSE) -> 1056447.5 | K13: =+'G-5 Function Rate Base'!$D$24*VLOOKUP($E$13,'G-7 Allocations'!$D$5:$N$106,'G-3 COST OF SERVICE'!K77,FALSE) -> 0 | L13: =+'G-5 Function Rate Base'!$D$24*VLOOKUP($E$13,'G-7 Allocations'!$D$5:$N$106,'G-3 COST OF SERVICE'!L77,FALSE) -> 0 | M13: =+'G-5 Function Rate Base'!$D$24*VLOOKUP($E$13,'G-7 Allocations'!$D$5:$N$106,'G-3 COST OF SERVICE'!M77,FALSE) -> 970774.98 | N13: =+'G-5 Function Rate Base'!$D$24*VLOOKUP($E$13,'G-7 Allocations'!$D$5:$N$106,'G-3 COST OF SERVICE'!N77,FALSE) -> 0 | O13: =+'G-5 Function Rate Base'!$D$24*VLOOKUP($E$13,'G-7 Allocations'!$D$5:$N$106,'G-3 COST OF SERVICE'!O77,FALSE) -> 0 | Q13: =F13-'Rate Base'!C23 -> 0 | S13: =SUM(G13,J13,M13)-'G-5 Function Rate Base'!E24 -> 0 | T13: =SUM(H13,K13,N13)-'G-5 Function Rate Base'!F24 -> 0 | U13: =SUM(I13,L13,O13)-'G-5 Function Rate Base'!G24 -> 0
A14: =+A13+1 -> 11 | B14: 380 | C14: Services | D14: CUST380 | E14: =_xlfn.IFNA(VLOOKUP(D14,'G-7 Allocations'!$C$63:$D$106,2,),VLOOKUP(D14,'G-7 Allocations'!$C$10:$D$15,2,)) -> 4 | F14: =SUM(G14:O14) -> 1.7984356e+08 | G14: =+'G-5 Function Rate Base'!$D$25*VLOOKUP($E$14,'G-7 Allocations'!$D$5:$N$106,'G-3 COST OF SERVICE'!G77,FALSE) -> 0 | H14: =+'G-5 Function Rate Base'!$D$25*VLOOKUP($E$14,'G-7 Allocations'!$D$5:$N$106,'G-3 COST OF SERVICE'!H77,FALSE) -> 0 | I14: =+'G-5 Function Rate Base'!$D$25*VLOOKUP($E$14,'G-7 Allocations'!$D$5:$N$106,'G-3 COST OF SERVICE'!I77,FALSE) -> 1.6571236e+08 | J14: =+'G-5 Function Rate Base'!$D$25*VLOOKUP($E$14,'G-7 Allocations'!$D$5:$N$106,'G-3 COST OF SERVICE'!J77,FALSE) -> 0 | K14: =+'G-5 Function Rate Base'!$D$25*VLOOKUP($E$14,'G-7 Allocations'!$D$5:$N$106,'G-3 COST OF SERVICE'!K77,FALSE) -> 0 | L14: =+'G-5 Function Rate Base'!$D$25*VLOOKUP($E$14,'G-7 Allocations'!$D$5:$N$106,'G-3 COST OF SERVICE'!L77,FALSE) -> 13971053 | M14: =+'G-5 Function Rate Base'!$D$25*VLOOKUP($E$14,'G-7 Allocations'!$D$5:$N$106,'G-3 COST OF SERVICE'!M77,FALSE) -> 0 | N14: =+'G-5 Function Rate Base'!$D$25*VLOOKUP($E$14,'G-7 Allocations'!$D$5:$N$106,'G-3 COST OF SERVICE'!N77,FALSE) -> 0 | O14: =+'G-5 Function Rate Base'!$D$25*VLOOKUP($E$14,'G-7 Allocations'!$D$5:$N$106,'G-3 COST OF SERVICE'!O77,FALSE) -> 160149.13 | Q14: =F14-'Rate Base'!C24 -> 0 | S14: =SUM(G14,J14,M14)-'G-5 Function Rate Base'!E25 -> 0 | T14: =SUM(H14,K14,N14)-'G-5 Function Rate Base'!F25 -> 0 | U14: =SUM(I14,L14,O14)-'G-5 Function Rate Base'!G25 -> 0
A15: =+A14+1 -> 12 | B15: 381 | C15: Meters | D15: CUST381 | E15: =_xlfn.IFNA(VLOOKUP(D15,'G-7 Allocations'!$C$63:$D$106,2,),VLOOKUP(D15,'G-7 Allocations'!$C$10:$D$15,2,)) -> 5 | F15: =SUM(G15:O15) -> 42960829 | G15: =+'G-5 Function Rate Base'!$D$26*VLOOKUP($E$15,'G-7 Allocations'!$D$5:$N$106,'G-3 COST OF SERVICE'!G77,FALSE) -> 0 | H15: =+'G-5 Function Rate Base'!$D$26*VLOOKUP($E$15,'G-7 Allocations'!$D$5:$N$106,'G-3 COST OF SERVICE'!H77,FALSE) -> 0 | I15: =+'G-5 Function Rate Base'!$D$26*VLOOKUP($E$15,'G-7 Allocations'!$D$5:$N$106,'G-3 COST OF SERVICE'!I77,FALSE) -> 33931665 | J15: =+'G-5 Function Rate Base'!$D$26*VLOOKUP($E$15,'G-7 Allocations'!$D$5:$N$106,'G-3 COST OF SERVICE'!J77,FALSE) -> 0 | K15: =+'G-5 Function Rate Base'!$D$26*VLOOKUP($E$15,'G-7 Allocations'!$D$5:$N$106,'G-3 COST OF SERVICE'!K77,FALSE) -> 0 | L15: =+'G-5 Function Rate Base'!$D$26*VLOOKUP($E$15,'G-7 Allocations'!$D$5:$N$106,'G-3 COST OF SERVICE'!L77,FALSE) -> 8712718.2 | M15: =+'G-5 Function Rate Base'!$D$26*VLOOKUP($E$15,'G-7 Allocations'!$D$5:$N$106,'G-3 COST OF SERVICE'!M77,FALSE) -> 0 | N15: =+'G-5 Function Rate Base'!$D$26*VLOOKUP($E$15,'G-7 Allocations'!$D$5:$N$106,'G-3 COST OF SERVICE'!N77,FALSE) -> 0 | O15: =+'G-5 Function Rate Base'!$D$26*VLOOKUP($E$15,'G-7 Allocations'!$D$5:$N$106,'G-3 COST OF SERVICE'!O77,FALSE) -> 316446.34 | Q15: =F15-'Rate Base'!C25 -> 0 | S15: =SUM(G15,J15,M15)-'G-5 Function Rate Base'!E26 -> 0 | T15: =SUM(H15,K15,N15)-'G-5 Function Rate Base'!F26 -> 0 | U15: =SUM(I15,L15,O15)-'G-5 Function Rate Base'!G26 -> 0
A16: =+A15+1 -> 13 | B16: 382 | C16: Meter Installations | D16: CUST382 | E16: =_xlfn.IFNA(VLOOKUP(D16,'G-7 Allocations'!$C$63:$D$106,2,),VLOOKUP(D16,'G-7 Allocations'!$C$10:$D$15,2,)) -> 6 | F16: =SUM(G16:O16) -> 15736000 | G16: =+'G-5 Function Rate Base'!$D$27*VLOOKUP($E$16,'G-7 Allocations'!$D$5:$N$106,'G-3 COST OF SERVICE'!G77,FALSE) -> 0 | H16: =+'G-5 Function Rate Base'!$D$27*VLOOKUP($E$16,'G-7 Allocations'!$D$5:$N$106,'G-3 COST OF SERVICE'!H77,FALSE) -> 0 | I16: =+'G-5 Function Rate Base'!$D$27*VLOOKUP($E$16,'G-7 Allocations'!$D$5:$N$106,'G-3 COST OF SERVICE'!I77,FALSE) -> 14503052 | J16: =+'G-5 Function Rate Base'!$D$27*VLOOKUP($E$16,'G-7 Allocations'!$D$5:$N$106,'G-3 COST OF SERVICE'!J77,FALSE) -> 0 | K16: =+'G-5 Function Rate Base'!$D$27*VLOOKUP($E$16,'G-7 Allocations'!$D$5:$N$106,'G-3 COST OF SERVICE'!K77,FALSE) -> 0 | L16: =+'G-5 Function Rate Base'!$D$27*VLOOKUP($E$16,'G-7 Allocations'!$D$5:$N$106,'G-3 COST OF SERVICE'!L77,FALSE) -> 1225760.5 | M16: =+'G-5 Function Rate Base'!$D$27*VLOOKUP($E$16,'G-7 Allocations'!$D$5:$N$106,'G-3 COST OF SERVICE'!M77,FALSE) -> 0 | N16: =+'G-5 Function Rate Base'!$D$27*VLOOKUP($E$16,'G-7 Allocations'!$D$5:$N$106,'G-3 COST OF SERVICE'!N77,FALSE) -> 0 | O16: =+'G-5 Function Rate Base'!$D$27*VLOOKUP($E$16,'G-7 Allocations'!$D$5:$N$106,'G-3 COST OF SERVICE'!O77,FALSE) -> 7186.724 | Q16: =F16-'Rate Base'!C26 -> 0 | S16: =SUM(G16,J16,M16)-'G-5 Function Rate Base'!E27 -> 0 | T16: =SUM(H16,K16,N16)-'G-5 Function Rate Base'!F27 -> 0 | U16: =SUM(I16,L16,O16)-'G-5 Function Rate Base'!G27 -> 0
A17: =+A16+1 -> 14 | B17: 383 | C17: House Regulators | D17: CUST383 | E17: =_xlfn.IFNA(VLOOKUP(D17,'G-7 Allocations'!$C$63:$D$106,2,),VLOOKUP(D17,'G-7 Allocations'!$C$10:$D$15,2,)) -> 7 | F17: =SUM(G17:O17) -> 5257376.1 | G17: =+'G-5 Function Rate Base'!$D$28*VLOOKUP($E$17,'G-7 Allocations'!$D$5:$N$106,'G-3 COST OF SERVICE'!G77,FALSE) -> 0 | H17: =+'G-5 Function Rate Base'!$D$28*VLOOKUP($E$17,'G-7 Allocations'!$D$5:$N$106,'G-3 COST OF SERVICE'!H77,FALSE) -> 0 | I17: =+'G-5 Function Rate Base'!$D$28*VLOOKUP($E$17,'G-7 Allocations'!$D$5:$N$106,'G-3 COST OF SERVICE'!I77,FALSE) -> 4525526.8 | J17: =+'G-5 Function Rate Base'!$D$28*VLOOKUP($E$17,'G-7 Allocations'!$D$5:$N$106,'G-3 COST OF SERVICE'!J77,FALSE) -> 0 | K17: =+'G-5 Function Rate Base'!$D$28*VLOOKUP($E$17,'G-7 Allocations'!$D$5:$N$106,'G-3 COST OF SERVICE'!K77,FALSE) -> 0 | L17: =+'G-5 Function Rate Base'!$D$28*VLOOKUP($E$17,'G-7 Allocations'!$D$5:$N$106,'G-3 COST OF SERVICE'!L77,FALSE) -> 698672.37 | M17: =+'G-5 Function Rate Base'!$D$28*VLOOKUP($E$17,'G-7 Allocations'!$D$5:$N$106,'G-3 COST OF SERVICE'!M77,FALSE) -> 0 | N17: =+'G-5 Function Rate Base'!$D$28*VLOOKUP($E$17,'G-7 Allocations'!$D$5:$N$106,'G-3 COST OF SERVICE'!N77,FALSE) -> 0 | O17: =+'G-5 Function Rate Base'!$D$28*VLOOKUP($E$17,'G-7 Allocations'!$D$5:$N$106,'G-3 COST OF SERVICE'!O77,FALSE) -> 33176.977 | Q17: =F17-'Rate Base'!C27 -> 0 | S17: =SUM(G17,J17,M17)-'G-5 Function Rate Base'!E28 -> 0 | T17: =SUM(H17,K17,N17)-'G-5 Function Rate Base'!F28 -> 0 | U17: =SUM(I17,L17,O17)-'G-5 Function Rate Base'!G28 -> 0
A18: =+A17+1 -> 15 | B18: 384 | C18: House Regulatory Installations | D18: CUST384 | E18: =_xlfn.IFNA(VLOOKUP(D18,'G-7 Allocations'!$C$63:$D$106,2,),VLOOKUP(D18,'G-7 Allocations'!$C$10:$D$15,2,)) -> 8 | F18: =SUM(G18:O18) -> 4523983.4 | G18: =+'G-5 Function Rate Base'!$D$29*VLOOKUP($E$18,'G-7 Allocations'!$D$5:$N$106,'G-3 COST OF SERVICE'!G77,FALSE) -> 0 | H18: =+'G-5 Function Rate Base'!$D$29*VLOOKUP($E$18,'G-7 Allocations'!$D$5:$N$106,'G-3 COST OF SERVICE'!H77,FALSE) -> 0 | I18: =+'G-5 Function Rate Base'!$D$29*VLOOKUP($E$18,'G-7 Allocations'!$D$5:$N$106,'G-3 COST OF SERVICE'!I77,FALSE) -> 4169520.2 | J18: =+'G-5 Function Rate Base'!$D$29*VLOOKUP($E$18,'G-7 Allocations'!$D$5:$N$106,'G-3 COST OF SERVICE'!J77,FALSE) -> 0 | K18: =+'G-5 Function Rate Base'!$D$29*VLOOKUP($E$18,'G-7 Allocations'!$D$5:$N$106,'G-3 COST OF SERVICE'!K77,FALSE) -> 0 | L18: =+'G-5 Function Rate Base'!$D$29*VLOOKUP($E$18,'G-7 Allocations'!$D$5:$N$106,'G-3 COST OF SERVICE'!L77,FALSE) -> 352397.06 | M18: =+'G-5 Function Rate Base'!$D$29*VLOOKUP($E$18,'G-7 Allocations'!$D$5:$N$106,'G-3 COST OF SERVICE'!M77,FALSE) -> 0 | N18: =+'G-5 Function Rate Base'!$D$29*VLOOKUP($E$18,'G-7 Allocations'!$D$5:$N$106,'G-3 COST OF SERVICE'!N77,FALSE) -> 0 | O18: =+'G-5 Function Rate Base'!$D$29*VLOOKUP($E$18,'G-7 Allocations'!$D$5:$N$106,'G-3 COST OF SERVICE'!O77,FALSE) -> 2066.13 | Q18: =F18-'Rate Base'!C28 -> 0 | S18: =SUM(G18,J18,M18)-'G-5 Function Rate Base'!E29 -> 0 | T18: =SUM(H18,K18,N18)-'G-5 Function Rate Base'!F29 -> 0 | U18: =SUM(I18,L18,O18)-'G-5 Function Rate Base'!G29 -> 0
A19: =+A18+1 -> 16 | B19: 385 | C19: Industrial Measuring Regulating Station Equipment | D19: CUST385 | E19: =_xlfn.IFNA(VLOOKUP(D19,'G-7 Allocations'!$C$63:$D$106,2,),VLOOKUP(D19,'G-7 Allocations'!$C$10:$D$15,2,)) -> 9 | F19: =SUM(G19:O19) -> 2736981.5 | G19: =+'G-5 Function Rate Base'!$D$30*VLOOKUP($E$19,'G-7 Allocations'!$D$5:$N$106,'G-3 COST OF SERVICE'!G77,FALSE) -> 0 | H19: =+'G-5 Function Rate Base'!$D$30*VLOOKUP($E$19,'G-7 Allocations'!$D$5:$N$106,'G-3 COST OF SERVICE'!H77,FALSE) -> 0 | I19: =+'G-5 Function Rate Base'!$D$30*VLOOKUP($E$19,'G-7 Allocations'!$D$5:$N$106,'G-3 COST OF SERVICE'!I77,FALSE) -> 0 | J19: =+'G-5 Function Rate Base'!$D$30*VLOOKUP($E$19,'G-7 Allocations'!$D$5:$N$106,'G-3 COST OF SERVICE'!J77,FALSE) -> 0 | K19: =+'G-5 Function Rate Base'!$D$30*VLOOKUP($E$19,'G-7 Allocations'!$D$5:$N$106,'G-3 COST OF SERVICE'!K77,FALSE) -> 0 | L19: =+'G-5 Function Rate Base'!$D$30*VLOOKUP($E$19,'G-7 Allocations'!$D$5:$N$106,'G-3 COST OF SERVICE'!L77,FALSE) -> 0 | M19: =+'G-5 Function Rate Base'!$D$30*VLOOKUP($E$19,'G-7 Allocations'!$D$5:$N$106,'G-3 COST OF SERVICE'!M77,FALSE) -> 0 | N19: =+'G-5 Function Rate Base'!$D$30*VLOOKUP($E$19,'G-7 Allocations'!$D$5:$N$106,'G-3 COST OF SERVICE'!N77,FALSE) -> 0 | O19: =+'G-5 Function Rate Base'!$D$30*VLOOKUP($E$19,'G-7 Allocations'!$D$5:$N$106,'G-3 COST OF SERVICE'!O77,FALSE) -> 2736981.5 | Q19: =F19-'Rate Base'!C29 -> 0 | S19: =SUM(G19,J19,M19)-'G-5 Function Rate Base'!E30 -> 0 | T19: =SUM(H19,K19,N19)-'G-5 Function Rate Base'!F30 -> 0 | U19: =SUM(I19,L19,O19)-'G-5 Function Rate Base'!G30 -> 0
A20: =+A19+1 -> 17 | B20: 387 | C20: Other Equipment | D20: DISTR | E20: =_xlfn.IFNA(VLOOKUP(D20,'G-7 Allocations'!$C$63:$D$106,2,),VLOOKUP(D20,'G-7 Allocations'!$C$10:$D$15,2,)) -> 42 | F20: =SUM(G20:O20) -> 2047314.9 | G20: =+'G-5 Function Rate Base'!$D$31*VLOOKUP($E$20,'G-7 Allocations'!$D$5:$N$106,'G-3 COST OF SERVICE'!G77,FALSE) -> 1121755.1 | H20: =+'G-5 Function Rate Base'!$D$31*VLOOKUP($E$20,'G-7 Allocations'!$D$5:$N$106,'G-3 COST OF SERVICE'!H77,FALSE) -> 0 | I20: =+'G-5 Function Rate Base'!$D$31*VLOOKUP($E$20,'G-7 Allocations'!$D$5:$N$106,'G-3 COST OF SERVICE'!I77,FALSE) -> 0 | J20: =+'G-5 Function Rate Base'!$D$31*VLOOKUP($E$20,'G-7 Allocations'!$D$5:$N$106,'G-3 COST OF SERVICE'!J77,FALSE) -> 482337.44 | K20: =+'G-5 Function Rate Base'!$D$31*VLOOKUP($E$20,'G-7 Allocations'!$D$5:$N$106,'G-3 COST OF SERVICE'!K77,FALSE) -> 0 | L20: =+'G-5 Function Rate Base'!$D$31*VLOOKUP($E$20,'G-7 Allocations'!$D$5:$N$106,'G-3 COST OF SERVICE'!L77,FALSE) -> 0 | M20: =+'G-5 Function Rate Base'!$D$31*VLOOKUP($E$20,'G-7 Allocations'!$D$5:$N$106,'G-3 COST OF SERVICE'!M77,FALSE) -> 443222.35 | N20: =+'G-5 Function Rate Base'!$D$31*VLOOKUP($E$20,'G-7 Allocations'!$D$5:$N$106,'G-3 COST OF SERVICE'!N77,FALSE) -> 0 | O20: =+'G-5 Function Rate Base'!$D$31*VLOOKUP($E$20,'G-7 Allocations'!$D$5:$N$106,'G-3 COST OF SERVICE'!O77,FALSE) -> 0 | Q20: =F20-'Rate Base'!C30 -> 0 | S20: =SUM(G20,J20,M20)-'G-5 Function Rate Base'!E31 -> 0 | T20: =SUM(H20,K20,N20)-'G-5 Function Rate Base'!F31 -> 0 | U20: =SUM(I20,L20,O20)-'G-5 Function Rate Base'!G31 -> 0
A21: =+A20+1 -> 18 | C21: Total Distribution Plant | F21: =SUM(F9:F20) -> 5.0608731e+08 | G21: =SUM(G9:G20) -> 71238127 | I21: =SUM(I9:I20) -> 3.3805909e+08 | J21: =SUM(J9:J20) -> 30631298 | L21: =SUM(L9:L20) -> 34698441 | M21: =SUM(M9:M20) -> 28147257 | O21: =SUM(O9:O20) -> 3313100.5 | Q21: =F21-'Rate Base'!C31 -> 0 | S21: =SUM(G21,J21,M21)-'G-5 Function Rate Base'!E32 -> 0 | T21: =SUM(H21,K21,N21)-'G-5 Function Rate Base'!F32 -> 0 | U21: =SUM(I21,L21,O21)-'G-5 Function Rate Base'!G32 -> 0
A22: =+A21+1 -> 19
A23: =+A22+1 -> 20 | B23: 389-398 | C23: Total General Plant | D23: PISXIG | E23: =_xlfn.IFNA(VLOOKUP(D23,'G-7 Allocations'!$C$63:$D$106,2,),VLOOKUP(D23,'G-7 Allocations'!$C$10:$D$15,2,)) -> 19 | F23: =SUM(G23:O23) -> 65877287 | G23: =+'G-5 Function Rate Base'!$D$47*VLOOKUP($E$23,'G-7 Allocations'!$D$5:$N$106,'G-3 COST OF SERVICE'!G77,FALSE) -> 10233332 | H23: =+'G-5 Function Rate Base'!$D$47*VLOOKUP($E$23,'G-7 Allocations'!$D$5:$N$106,'G-3 COST OF SERVICE'!H77,FALSE) -> 0 | I23: =+'G-5 Function Rate Base'!$D$47*VLOOKUP($E$23,'G-7 Allocations'!$D$5:$N$106,'G-3 COST OF SERVICE'!I77,FALSE) -> 42429627 | J23: =+'G-5 Function Rate Base'!$D$47*VLOOKUP($E$23,'G-7 Allocations'!$D$5:$N$106,'G-3 COST OF SERVICE'!J77,FALSE) -> 4400175.3 | K23: =+'G-5 Function Rate Base'!$D$47*VLOOKUP($E$23,'G-7 Allocations'!$D$5:$N$106,'G-3 COST OF SERVICE'!K77,FALSE) -> 0 | L23: =+'G-5 Function Rate Base'!$D$47*VLOOKUP($E$23,'G-7 Allocations'!$D$5:$N$106,'G-3 COST OF SERVICE'!L77,FALSE) -> 4354983.8 | M23: =+'G-5 Function Rate Base'!$D$47*VLOOKUP($E$23,'G-7 Allocations'!$D$5:$N$106,'G-3 COST OF SERVICE'!M77,FALSE) -> 4043343.7 | N23: =+'G-5 Function Rate Base'!$D$47*VLOOKUP($E$23,'G-7 Allocations'!$D$5:$N$106,'G-3 COST OF SERVICE'!N77,FALSE) -> 0 | O23: =+'G-5 Function Rate Base'!$D$47*VLOOKUP($E$23,'G-7 Allocations'!$D$5:$N$106,'G-3 COST OF SERVICE'!O77,FALSE) -> 415825.58 | Q23: =F23-'Rate Base'!C44 -> 0 | S23: =SUM(G23,J23,M23)-'G-5 Function Rate Base'!E47 -> 0 | T23: =SUM(H23,K23,N23)-'G-5 Function Rate Base'!F47 -> 0 | U23: =SUM(I23,L23,O23)-'G-5 Function Rate Base'!G47 -> 0
A24: =+A23+1 -> 21
A25: =+A24+1 -> 22 | C25: TOTAL PLANT IN SERVICE EXCLUDING INTANGIBLE | F25: =SUM(G25:O25) -> 590756190 | G25: =G27-G4 -> 91767657 | H25: =H27-H4 -> 0 | I25: =I27-I4 -> 3.8048872e+08 | J25: =J27-J4 -> 39458680 | K25: =K27-K4 -> 0 | L25: =L27-L4 -> 39053424 | M25: =M27-M4 -> 36258784 | N25: =N27-N4 -> 0 | O25: =O27-O4 -> 3728926.5
A26: =+A25+1 -> 23
A27: =+A26+1 -> 24 | C27: TOTAL GAS PLANT IN SERVICE | F27: =SUM(G27:O27) -> 592552817 | G27: =+ROUND(G23+G21+G6+G4,0) -> 92046744 | H27: =+ROUND(H23+H21+H6+H4,0) -> 0 | I27: =+ROUND(I23+I21+I6+I4,0) -> 381645873 | J27: =+ROUND(J23+J21+J6+J4,0) -> 39578683 | K27: =+ROUND(K23+K21+K6+K4,0) -> 0 | L27: =+ROUND(L23+L21+L6+L4,0) -> 39172195 | M27: =+ROUND(M23+M21+M6+M4,0) -> 36369055 | N27: =+ROUND(N23+N21+N6+N4,0) -> 0 | O27: =+ROUND(O23+O21+O6+O4,0) -> 3740267 | Q27: =F27-'Rate Base'!C51 -> 1.3945487 | S27: =SUM(G27,J27,M27)-'G-5 Function Rate Base'!E54 -> 0.55710521 | T27: =SUM(H27,K27,N27)-'G-5 Function Rate Base'!F54 -> 0 | U27: =SUM(I27,L27,O27)-'G-5 Function Rate Base'!G54 -> 0.26744348
A28: =+A27+1 -> 25
A29: =+A28+1 -> 26
A30: =+A29+1 -> 27 | C30: Less: Accumulated Depreciation (AD)
A31: =+A30+1 -> 28 | B31: 302-303 | C31: Total Intangible Plant AD | D31: =D4 -> PISXIG | E31: =_xlfn.IFNA(VLOOKUP(D31,'G-7 Allocations'!$C$63:$D$106,2,),VLOOKUP(D31,'G-7 Allocations'!$C$10:$D$15,2,)) -> 19 | F31: =SUM(G31:O31) -> 378521.84 | G31: =+'G-5 Function Rate Base'!$D$60*VLOOKUP($E$31,'G-7 Allocations'!$D$5:$N$106,'G-3 COST OF SERVICE'!G77,FALSE) -> 58799.32 | H31: =+'G-5 Function Rate Base'!$D$60*VLOOKUP($E$31,'G-7 Allocations'!$D$5:$N$106,'G-3 COST OF SERVICE'!H77,FALSE) -> 0 | I31: =+'G-5 Function Rate Base'!$D$60*VLOOKUP($E$31,'G-7 Allocations'!$D$5:$N$106,'G-3 COST OF SERVICE'!I77,FALSE) -> 243794.8 | J31: =+'G-5 Function Rate Base'!$D$60*VLOOKUP($E$31,'G-7 Allocations'!$D$5:$N$106,'G-3 COST OF SERVICE'!J77,FALSE) -> 25282.803 | K31: =+'G-5 Function Rate Base'!$D$60*VLOOKUP($E$31,'G-7 Allocations'!$D$5:$N$106,'G-3 COST OF SERVICE'!K77,FALSE) -> 0 | L31: =+'G-5 Function Rate Base'!$D$60*VLOOKUP($E$31,'G-7 Allocations'!$D$5:$N$106,'G-3 COST OF SERVICE'!L77,FALSE) -> 25023.139 | M31: =+'G-5 Function Rate Base'!$D$60*VLOOKUP($E$31,'G-7 Allocations'!$D$5:$N$106,'G-3 COST OF SERVICE'!M77,FALSE) -> 23232.497 | N31: =+'G-5 Function Rate Base'!$D$60*VLOOKUP($E$31,'G-7 Allocations'!$D$5:$N$106,'G-3 COST OF SERVICE'!N77,FALSE) -> 0 | O31: =+'G-5 Function Rate Base'!$D$60*VLOOKUP($E$31,'G-7 Allocations'!$D$5:$N$106,'G-3 COST OF SERVICE'!O77,FALSE) -> 2389.2766 | Q31: =F31-'Rate Base'!C58 -> 0 | S31: =SUM(G31,J31,M31)-'G-5 Function Rate Base'!E60 -> 0 | T31: =SUM(H31,K31,N31)-'G-5 Function Rate Base'!F60 -> 0 | U31: =SUM(I31,L31,O31)-'G-5 Function Rate Base'!G60 -> 0
A32: =+A31+1 -> 29
A33: =+A32+1 -> 30 | B33: 365-371 | C33: Total Transmission Plant AD | D33: =D6 -> TRANS | E33: =_xlfn.IFNA(VLOOKUP(D33,'G-7 Allocations'!$C$63:$D$106,2,),VLOOKUP(D33,'G-7 Allocations'!$C$10:$D$15,2,)) -> 41 | F33: =SUM(G33:O33) -> 9689748.1 | G33: =+'G-5 Function Rate Base'!$D$68*VLOOKUP($E$33,'G-7 Allocations'!$D$5:$N$106,'G-3 COST OF SERVICE'!G77,FALSE) -> 5309161 | H33: =+'G-5 Function Rate Base'!$D$68*VLOOKUP($E$33,'G-7 Allocations'!$D$5:$N$106,'G-3 COST OF SERVICE'!H77,FALSE) -> 0 | I33: =+'G-5 Function Rate Base'!$D$68*VLOOKUP($E$33,'G-7 Allocations'!$D$5:$N$106,'G-3 COST OF SERVICE'!I77,FALSE) -> 0 | J33: =+'G-5 Function Rate Base'!$D$68*VLOOKUP($E$33,'G-7 Allocations'!$D$5:$N$106,'G-3 COST OF SERVICE'!J77,FALSE) -> 2282857.5 | K33: =+'G-5 Function Rate Base'!$D$68*VLOOKUP($E$33,'G-7 Allocations'!$D$5:$N$106,'G-3 COST OF SERVICE'!K77,FALSE) -> 0 | L33: =+'G-5 Function Rate Base'!$D$68*VLOOKUP($E$33,'G-7 Allocations'!$D$5:$N$106,'G-3 COST OF SERVICE'!L77,FALSE) -> 0 | M33: =+'G-5 Function Rate Base'!$D$68*VLOOKUP($E$33,'G-7 Allocations'!$D$5:$N$106,'G-3 COST OF SERVICE'!M77,FALSE) -> 2097729.5 | N33: =+'G-5 Function Rate Base'!$D$68*VLOOKUP($E$33,'G-7 Allocations'!$D$5:$N$106,'G-3 COST OF SERVICE'!N77,FALSE) -> 0 | O33: =+'G-5 Function Rate Base'!$D$68*VLOOKUP($E$33,'G-7 Allocations'!$D$5:$N$106,'G-3 COST OF SERVICE'!O77,FALSE) -> 0 | Q33: =F33-'Rate Base'!C66 -> 0 | S33: =SUM(G33,J33,M33)-'G-5 Function Rate Base'!E68 -> 0 | T33: =SUM(H33,K33,N33)-'G-5 Function Rate Base'!F68 -> 0 | U33: =SUM(I33,L33,O33)-'G-5 Function Rate Base'!G68 -> 0
A34: =+A33+1 -> 31
A35: =+A34+1 -> 32 | C35: Distribution Plant AD
A36: =+A35+1 -> 33 | B36: 374.1 | C36: Land and Land Rights | D36: =+'G-7 Allocations'!$C$13 -> DISTR | E36: =_xlfn.IFNA(VLOOKUP(D36,'G-7 Allocations'!$C$63:$D$106,2,),VLOOKUP(D36,'G-7 Allocations'!$C$10:$D$15,2,)) -> 42 | F36: =SUM(G36:O36) -> -92336.965 | G36: =+'G-5 Function Rate Base'!$D$71*VLOOKUP($E$36,'G-7 Allocations'!$D$5:$N$106,'G-3 COST OF SERVICE'!G77,FALSE) -> -50592.834 | H36: =+'G-5 Function Rate Base'!$D$71*VLOOKUP($E$36,'G-7 Allocations'!$D$5:$N$106,'G-3 COST OF SERVICE'!H77,FALSE) -> 0 | I36: =+'G-5 Function Rate Base'!$D$71*VLOOKUP($E$36,'G-7 Allocations'!$D$5:$N$106,'G-3 COST OF SERVICE'!I77,FALSE) -> 0 | J36: =+'G-5 Function Rate Base'!$D$71*VLOOKUP($E$36,'G-7 Allocations'!$D$5:$N$106,'G-3 COST OF SERVICE'!J77,FALSE) -> -21754.14 | K36: =+'G-5 Function Rate Base'!$D$71*VLOOKUP($E$36,'G-7 Allocations'!$D$5:$N$106,'G-3 COST OF SERVICE'!K77,FALSE) -> 0 | L36: =+'G-5 Function Rate Base'!$D$71*VLOOKUP($E$36,'G-7 Allocations'!$D$5:$N$106,'G-3 COST OF SERVICE'!L77,FALSE) -> 0 | M36: =+'G-5 Function Rate Base'!$D$71*VLOOKUP($E$36,'G-7 Allocations'!$D$5:$N$106,'G-3 COST OF SERVICE'!M77,FALSE) -> -19989.991 | N36: =+'G-5 Function Rate Base'!$D$71*VLOOKUP($E$36,'G-7 Allocations'!$D$5:$N$106,'G-3 COST OF SERVICE'!N77,FALSE) -> 0 | O36: =+'G-5 Function Rate Base'!$D$71*VLOOKUP($E$36,'G-7 Allocations'!$D$5:$N$106,'G-3 COST OF SERVICE'!O77,FALSE) -> 0 | Q36: =F36-'Rate Base'!C69 -> 0 | S36: =SUM(G36,J36,M36)-'G-5 Function Rate Base'!E71 -> 0 | T36: =SUM(H36,K36,N36)-'G-5 Function Rate Base'!F71 -> 0 | U36: =SUM(I36,L36,O36)-'G-5 Function Rate Base'!G71 -> 0
A37: =+A36+1 -> 34 | B37: =+B36+1 -> 375.1 | C37: Structures & Improvements | D37: =+'G-7 Allocations'!$C$13 -> DISTR | E37: =_xlfn.IFNA(VLOOKUP(D37,'G-7 Allocations'!$C$63:$D$106,2,),VLOOKUP(D37,'G-7 Allocations'!$C$10:$D$15,2,)) -> 42 | F37: =SUM(G37:O37) -> 22598.333 | G37: =+'G-5 Function Rate Base'!$D$72*VLOOKUP($E$37,'G-7 Allocations'!$D$5:$N$106,'G-3 COST OF SERVICE'!G77,FALSE) -> 12381.972 | H37: =+'G-5 Function Rate Base'!$D$72*VLOOKUP($E$37,'G-7 Allocations'!$D$5:$N$106,'G-3 COST OF SERVICE'!H77,FALSE) -> 0 | I37: =+'G-5 Function Rate Base'!$D$72*VLOOKUP($E$37,'G-7 Allocations'!$D$5:$N$106,'G-3 COST OF SERVICE'!I77,FALSE) -> 0 | J37: =+'G-5 Function Rate Base'!$D$72*VLOOKUP($E$37,'G-7 Allocations'!$D$5:$N$106,'G-3 COST OF SERVICE'!J77,FALSE) -> 5324.0575 | K37: =+'G-5 Function Rate Base'!$D$72*VLOOKUP($E$37,'G-7 Allocations'!$D$5:$N$106,'G-3 COST OF SERVICE'!K77,FALSE) -> 0 | L37: =+'G-5 Function Rate Base'!$D$72*VLOOKUP($E$37,'G-7 Allocations'!$D$5:$N$106,'G-3 COST OF SERVICE'!L77,FALSE) -> 0 | M37: =+'G-5 Function Rate Base'!$D$72*VLOOKUP($E$37,'G-7 Allocations'!$D$5:$N$106,'G-3 COST OF SERVICE'!M77,FALSE) -> 4892.3037 | N37: =+'G-5 Function Rate Base'!$D$72*VLOOKUP($E$37,'G-7 Allocations'!$D$5:$N$106,'G-3 COST OF SERVICE'!N77,FALSE) -> 0 | O37: =+'G-5 Function Rate Base'!$D$72*VLOOKUP($E$37,'G-7 Allocations'!$D$5:$N$106,'G-3 COST OF SERVICE'!O77,FALSE) -> 0 | Q37: =F37-'Rate Base'!C70 -> 0 | S37: =SUM(G37,J37,M37)-'G-5 Function Rate Base'!E72 -> 0 | T37: =SUM(H37,K37,N37)-'G-5 Function Rate Base'!F72 -> 0 | U37: =SUM(I37,L37,O37)-'G-5 Function Rate Base'!G72 -> 0
A38: =+A37+1 -> 35 | B38: =+B37+1 -> 376.1 | C38: Mains | D38: =+'G-7 Allocations'!$C$14 -> DISTMAIN | E38: =_xlfn.IFNA(VLOOKUP(D38,'G-7 Allocations'!$C$63:$D$106,2,),VLOOKUP(D38,'G-7 Allocations'!$C$10:$D$15,2,)) -> 43 | F38: =SUM(G38:O38) -> 1.0178564e+08 | G38: =+'G-5 Function Rate Base'!$D$73*VLOOKUP($E$38,'G-7 Allocations'!$D$5:$N$106,'G-3 COST OF SERVICE'!G77,FALSE) -> 27040736 | H38: =+'G-5 Function Rate Base'!$D$73*VLOOKUP($E$38,'G-7 Allocations'!$D$5:$N$106,'G-3 COST OF SERVICE'!H77,FALSE) -> 0 | I38: =+'G-5 Function Rate Base'!$D$73*VLOOKUP($E$38,'G-7 Allocations'!$D$5:$N$106,'G-3 COST OF SERVICE'!I77,FALSE) -> 48325321 | J38: =+'G-5 Function Rate Base'!$D$73*VLOOKUP($E$38,'G-7 Allocations'!$D$5:$N$106,'G-3 COST OF SERVICE'!J77,FALSE) -> 11627100 | K38: =+'G-5 Function Rate Base'!$D$73*VLOOKUP($E$38,'G-7 Allocations'!$D$5:$N$106,'G-3 COST OF SERVICE'!K77,FALSE) -> 0 | L38: =+'G-5 Function Rate Base'!$D$73*VLOOKUP($E$38,'G-7 Allocations'!$D$5:$N$106,'G-3 COST OF SERVICE'!L77,FALSE) -> 4084331.1 | M38: =+'G-5 Function Rate Base'!$D$73*VLOOKUP($E$38,'G-7 Allocations'!$D$5:$N$106,'G-3 COST OF SERVICE'!M77,FALSE) -> 10684202 | N38: =+'G-5 Function Rate Base'!$D$73*VLOOKUP($E$38,'G-7 Allocations'!$D$5:$N$106,'G-3 COST OF SERVICE'!N77,FALSE) -> 0 | O38: =+'G-5 Function Rate Base'!$D$73*VLOOKUP($E$38,'G-7 Allocations'!$D$5:$N$106,'G-3 COST OF SERVICE'!O77,FALSE) -> 23946.734 | Q38: =F38-'Rate Base'!C71 -> 0 | S38: =SUM(G38,J38,M38)-'G-5 Function Rate Base'!E73 -> 0 | T38: =SUM(H38,K38,N38)-'G-5 Function Rate Base'!F73 -> 0 | U38: =SUM(I38,L38,O38)-'G-5 Function Rate Base'!G73 -> 0
A39: =+A38+1 -> 36 | B39: 378 | C39: Measuring and Regulating Station Equipment-General | D39: =+'G-7 Allocations'!$C$15 -> DISTREG | E39: =_xlfn.IFNA(VLOOKUP(D39,'G-7 Allocations'!$C$63:$D$106,2,),VLOOKUP(D39,'G-7 Allocations'!$C$10:$D$15,2,)) -> 44 | F39: =SUM(G39:O39) -> 2284171.2 | G39: =+'G-5 Function Rate Base'!$D$74*VLOOKUP($E$39,'G-7 Allocations'!$D$5:$N$106,'G-3 COST OF SERVICE'!G77,FALSE) -> 1251532.3 | H39: =+'G-5 Function Rate Base'!$D$74*VLOOKUP($E$39,'G-7 Allocations'!$D$5:$N$106,'G-3 COST OF SERVICE'!H77,FALSE) -> 0 | I39: =+'G-5 Function Rate Base'!$D$74*VLOOKUP($E$39,'G-7 Allocations'!$D$5:$N$106,'G-3 COST OF SERVICE'!I77,FALSE) -> 0 | J39: =+'G-5 Function Rate Base'!$D$74*VLOOKUP($E$39,'G-7 Allocations'!$D$5:$N$106,'G-3 COST OF SERVICE'!J77,FALSE) -> 538139.62 | K39: =+'G-5 Function Rate Base'!$D$74*VLOOKUP($E$39,'G-7 Allocations'!$D$5:$N$106,'G-3 COST OF SERVICE'!K77,FALSE) -> 0 | L39: =+'G-5 Function Rate Base'!$D$74*VLOOKUP($E$39,'G-7 Allocations'!$D$5:$N$106,'G-3 COST OF SERVICE'!L77,FALSE) -> 0 | M39: =+'G-5 Function Rate Base'!$D$74*VLOOKUP($E$39,'G-7 Allocations'!$D$5:$N$106,'G-3 COST OF SERVICE'!M77,FALSE) -> 494499.26 | N39: =+'G-5 Function Rate Base'!$D$74*VLOOKUP($E$39,'G-7 Allocations'!$D$5:$N$106,'G-3 COST OF SERVICE'!N77,FALSE) -> 0 | O39: =+'G-5 Function Rate Base'!$D$74*VLOOKUP($E$39,'G-7 Allocations'!$D$5:$N$106,'G-3 COST OF SERVICE'!O77,FALSE) -> 0 | Q39: =F39-'Rate Base'!C72 -> 0 | S39: =SUM(G39,J39,M39)-'G-5 Function Rate Base'!E74 -> 0 | T39: =SUM(H39,K39,N39)-'G-5 Function Rate Base'!F74 -> 0 | U39: =SUM(I39,L39,O39)-'G-5 Function Rate Base'!G74 -> 0
A40: =+A39+1 -> 37 | B40: =+B39+1 -> 379 | C40: Measuring and Regulating Station Equipment-City | D40: =+'G-7 Allocations'!$C$15 -> DISTREG | E40: =_xlfn.IFNA(VLOOKUP(D40,'G-7 Allocations'!$C$63:$D$106,2,),VLOOKUP(D40,'G-7 Allocations'!$C$10:$D$15,2,)) -> 44 | F40: =SUM(G40:O40) -> 1501138.2 | G40: =+'G-5 Function Rate Base'!$D$75*VLOOKUP($E$40,'G-7 Allocations'!$D$5:$N$106,'G-3 COST OF SERVICE'!G77,FALSE) -> 822496.55 | H40: =+'G-5 Function Rate Base'!$D$75*VLOOKUP($E$40,'G-7 Allocations'!$D$5:$N$106,'G-3 COST OF SERVICE'!H77,FALSE) -> 0 | I40: =+'G-5 Function Rate Base'!$D$75*VLOOKUP($E$40,'G-7 Allocations'!$D$5:$N$106,'G-3 COST OF SERVICE'!I77,FALSE) -> 0 | J40: =+'G-5 Function Rate Base'!$D$75*VLOOKUP($E$40,'G-7 Allocations'!$D$5:$N$106,'G-3 COST OF SERVICE'!J77,FALSE) -> 353660.86 | K40: =+'G-5 Function Rate Base'!$D$75*VLOOKUP($E$40,'G-7 Allocations'!$D$5:$N$106,'G-3 COST OF SERVICE'!K77,FALSE) -> 0 | L40: =+'G-5 Function Rate Base'!$D$75*VLOOKUP($E$40,'G-7 Allocations'!$D$5:$N$106,'G-3 COST OF SERVICE'!L77,FALSE) -> 0 | M40: =+'G-5 Function Rate Base'!$D$75*VLOOKUP($E$40,'G-7 Allocations'!$D$5:$N$106,'G-3 COST OF SERVICE'!M77,FALSE) -> 324980.77 | N40: =+'G-5 Function Rate Base'!$D$75*VLOOKUP($E$40,'G-7 Allocations'!$D$5:$N$106,'G-3 COST OF SERVICE'!N77,FALSE) -> 0 | O40: =+'G-5 Function Rate Base'!$D$75*VLOOKUP($E$40,'G-7 Allocations'!$D$5:$N$106,'G-3 COST OF SERVICE'!O77,FALSE) -> 0 | Q40: =F40-'Rate Base'!C73 -> 0 | S40: =SUM(G40,J40,M40)-'G-5 Function Rate Base'!E75 -> 0 | T40: =SUM(H40,K40,N40)-'G-5 Function Rate Base'!F75 -> 0 | U40: =SUM(I40,L40,O40)-'G-5 Function Rate Base'!G75 -> 0
A41: =+A40+1 -> 38 | B41: =+B40+1 -> 380 | C41: Services | D41: CUST380 | E41: =_xlfn.IFNA(VLOOKUP(D41,'G-7 Allocations'!$C$63:$D$106,2,),VLOOKUP(D41,'G-7 Allocations'!$C$10:$D$15,2,)) -> 4 | F41: =SUM(G41:O41) -> 74196129 | G41: =+'G-5 Function Rate Base'!$D$76*VLOOKUP($E$41,'G-7 Allocations'!$D$5:$N$106,'G-3 COST OF SERVICE'!G77,FALSE) -> 0 | H41: =+'G-5 Function Rate Base'!$D$76*VLOOKUP($E$41,'G-7 Allocations'!$D$5:$N$106,'G-3 COST OF SERVICE'!H77,FALSE) -> 0 | I41: =+'G-5 Function Rate Base'!$D$76*VLOOKUP($E$41,'G-7 Allocations'!$D$5:$N$106,'G-3 COST OF SERVICE'!I77,FALSE) -> 68366171 | J41: =+'G-5 Function Rate Base'!$D$76*VLOOKUP($E$41,'G-7 Allocations'!$D$5:$N$106,'G-3 COST OF SERVICE'!J77,FALSE) -> 0 | K41: =+'G-5 Function Rate Base'!$D$76*VLOOKUP($E$41,'G-7 Allocations'!$D$5:$N$106,'G-3 COST OF SERVICE'!K77,FALSE) -> 0 | L41: =+'G-5 Function Rate Base'!$D$76*VLOOKUP($E$41,'G-7 Allocations'!$D$5:$N$106,'G-3 COST OF SERVICE'!L77,FALSE) -> 5763887.3 | M41: =+'G-5 Function Rate Base'!$D$76*VLOOKUP($E$41,'G-7 Allocations'!$D$5:$N$106,'G-3 COST OF SERVICE'!M77,FALSE) -> 0 | N41: =+'G-5 Function Rate Base'!$D$76*VLOOKUP($E$41,'G-7 Allocations'!$D$5:$N$106,'G-3 COST OF SERVICE'!N77,FALSE) -> 0 | O41: =+'G-5 Function Rate Base'!$D$76*VLOOKUP($E$41,'G-7 Allocations'!$D$5:$N$106,'G-3 COST OF SERVICE'!O77,FALSE) -> 66071.009 | Q41: =F41-'Rate Base'!C74 -> 0 | S41: =SUM(G41,J41,M41)-'G-5 Function Rate Base'!E76 -> 0 | T41: =SUM(H41,K41,N41)-'G-5 Function Rate Base'!F76 -> 0 | U41: =SUM(I41,L41,O41)-'G-5 Function Rate Base'!G76 -> 0
A42: =+A41+1 -> 39 | B42: =+B41+1 -> 381 | C42: Meters | D42: CUST381 | E42: =_xlfn.IFNA(VLOOKUP(D42,'G-7 Allocations'!$C$63:$D$106,2,),VLOOKUP(D42,'G-7 Allocations'!$C$10:$D$15,2,)) -> 5 | F42: =SUM(G42:O42) -> 7955789.8 | G42: =+'G-5 Function Rate Base'!$D$77*VLOOKUP($E$42,'G-7 Allocations'!$D$5:$N$106,'G-3 COST OF SERVICE'!G77,FALSE) -> 0 | H42: =+'G-5 Function Rate Base'!$D$77*VLOOKUP($E$42,'G-7 Allocations'!$D$5:$N$106,'G-3 COST OF SERVICE'!H77,FALSE) -> 0 | I42: =+'G-5 Function Rate Base'!$D$77*VLOOKUP($E$42,'G-7 Allocations'!$D$5:$N$106,'G-3 COST OF SERVICE'!I77,FALSE) -> 6283705.3 | J42: =+'G-5 Function Rate Base'!$D$77*VLOOKUP($E$42,'G-7 Allocations'!$D$5:$N$106,'G-3 COST OF SERVICE'!J77,FALSE) -> 0 | K42: =+'G-5 Function Rate Base'!$D$77*VLOOKUP($E$42,'G-7 Allocations'!$D$5:$N$106,'G-3 COST OF SERVICE'!K77,FALSE) -> 0 | L42: =+'G-5 Function Rate Base'!$D$77*VLOOKUP($E$42,'G-7 Allocations'!$D$5:$N$106,'G-3 COST OF SERVICE'!L77,FALSE) -> 1613482.7 | M42: =+'G-5 Function Rate Base'!$D$77*VLOOKUP($E$42,'G-7 Allocations'!$D$5:$N$106,'G-3 COST OF SERVICE'!M77,FALSE) -> 0 | N42: =+'G-5 Function Rate Base'!$D$77*VLOOKUP($E$42,'G-7 Allocations'!$D$5:$N$106,'G-3 COST OF SERVICE'!N77,FALSE) -> 0 | O42: =+'G-5 Function Rate Base'!$D$77*VLOOKUP($E$42,'G-7 Allocations'!$D$5:$N$106,'G-3 COST OF SERVICE'!O77,FALSE) -> 58601.769 | Q42: =F42-'Rate Base'!C75 -> 0 | S42: =SUM(G42,J42,M42)-'G-5 Function Rate Base'!E77 -> 0 | T42: =SUM(H42,K42,N42)-'G-5 Function Rate Base'!F77 -> 0 | U42: =SUM(I42,L42,O42)-'G-5 Function Rate Base'!G77 -> 0
A43: =+A42+1 -> 40 | B43: =+B42+1 -> 382 | C43: Meter Installations | D43: CUST382 | E43: =_xlfn.IFNA(VLOOKUP(D43,'G-7 Allocations'!$C$63:$D$106,2,),VLOOKUP(D43,'G-7 Allocations'!$C$10:$D$15,2,)) -> 6 | F43: =SUM(G43:O43) -> 2202668.3 | G43: =+'G-5 Function Rate Base'!$D$78*VLOOKUP($E$43,'G-7 Allocations'!$D$5:$N$106,'G-3 COST OF SERVICE'!G77,FALSE) -> 0 | H43: =+'G-5 Function Rate Base'!$D$78*VLOOKUP($E$43,'G-7 Allocations'!$D$5:$N$106,'G-3 COST OF SERVICE'!H77,FALSE) -> 0 | I43: =+'G-5 Function Rate Base'!$D$78*VLOOKUP($E$43,'G-7 Allocations'!$D$5:$N$106,'G-3 COST OF SERVICE'!I77,FALSE) -> 2030084.8 | J43: =+'G-5 Function Rate Base'!$D$78*VLOOKUP($E$43,'G-7 Allocations'!$D$5:$N$106,'G-3 COST OF SERVICE'!J77,FALSE) -> 0 | K43: =+'G-5 Function Rate Base'!$D$78*VLOOKUP($E$43,'G-7 Allocations'!$D$5:$N$106,'G-3 COST OF SERVICE'!K77,FALSE) -> 0 | L43: =+'G-5 Function Rate Base'!$D$78*VLOOKUP($E$43,'G-7 Allocations'!$D$5:$N$106,'G-3 COST OF SERVICE'!L77,FALSE) -> 171577.51 | M43: =+'G-5 Function Rate Base'!$D$78*VLOOKUP($E$43,'G-7 Allocations'!$D$5:$N$106,'G-3 COST OF SERVICE'!M77,FALSE) -> 0 | N43: =+'G-5 Function Rate Base'!$D$78*VLOOKUP($E$43,'G-7 Allocations'!$D$5:$N$106,'G-3 COST OF SERVICE'!N77,FALSE) -> 0 | O43: =+'G-5 Function Rate Base'!$D$78*VLOOKUP($E$43,'G-7 Allocations'!$D$5:$N$106,'G-3 COST OF SERVICE'!O77,FALSE) -> 1005.9716 | Q43: =F43-'Rate Base'!C76 -> 0 | S43: =SUM(G43,J43,M43)-'G-5 Function Rate Base'!E78 -> 0 | T43: =SUM(H43,K43,N43)-'G-5 Function Rate Base'!F78 -> 0 | U43: =SUM(I43,L43,O43)-'G-5 Function Rate Base'!G78 -> 0
A44: =+A43+1 -> 41 | B44: =+B43+1 -> 383 | C44: House Regulators | D44: CUST383 | E44: =_xlfn.IFNA(VLOOKUP(D44,'G-7 Allocations'!$C$63:$D$106,2,),VLOOKUP(D44,'G-7 Allocations'!$C$10:$D$15,2,)) -> 7 | F44: =SUM(G44:O44) -> 2760214.3 | G44: =+'G-5 Function Rate Base'!$D$79*VLOOKUP($E$44,'G-7 Allocations'!$D$5:$N$106,'G-3 COST OF SERVICE'!G77,FALSE) -> 0 | H44: =+'G-5 Function Rate Base'!$D$79*VLOOKUP($E$44,'G-7 Allocations'!$D$5:$N$106,'G-3 COST OF SERVICE'!H77,FALSE) -> 0 | I44: =+'G-5 Function Rate Base'!$D$79*VLOOKUP($E$44,'G-7 Allocations'!$D$5:$N$106,'G-3 COST OF SERVICE'!I77,FALSE) -> 2375980.6 | J44: =+'G-5 Function Rate Base'!$D$79*VLOOKUP($E$44,'G-7 Allocations'!$D$5:$N$106,'G-3 COST OF SERVICE'!J77,FALSE) -> 0 | K44: =+'G-5 Function Rate Base'!$D$79*VLOOKUP($E$44,'G-7 Allocations'!$D$5:$N$106,'G-3 COST OF SERVICE'!K77,FALSE) -> 0 | L44: =+'G-5 Function Rate Base'!$D$79*VLOOKUP($E$44,'G-7 Allocations'!$D$5:$N$106,'G-3 COST OF SERVICE'!L77,FALSE) -> 366815.19 | M44: =+'G-5 Function Rate Base'!$D$79*VLOOKUP($E$44,'G-7 Allocations'!$D$5:$N$106,'G-3 COST OF SERVICE'!M77,FALSE) -> 0 | N44: =+'G-5 Function Rate Base'!$D$79*VLOOKUP($E$44,'G-7 Allocations'!$D$5:$N$106,'G-3 COST OF SERVICE'!N77,FALSE) -> 0 | O44: =+'G-5 Function Rate Base'!$D$79*VLOOKUP($E$44,'G-7 Allocations'!$D$5:$N$106,'G-3 COST OF SERVICE'!O77,FALSE) -> 17418.492 | Q44: =F44-'Rate Base'!C77 -> 0 | S44: =SUM(G44,J44,M44)-'G-5 Function Rate Base'!E79 -> 0 | T44: =SUM(H44,K44,N44)-'G-5 Function Rate Base'!F79 -> 0 | U44: =SUM(I44,L44,O44)-'G-5 Function Rate Base'!G79 -> 0
A45: =+A44+1 -> 42 | B45: =+B44+1 -> 384 | C45: House Regulator Installations | D45: CUST384 | E45: =_xlfn.IFNA(VLOOKUP(D45,'G-7 Allocations'!$C$63:$D$106,2,),VLOOKUP(D45,'G-7 Allocations'!$C$10:$D$15,2,)) -> 8 | F45: =SUM(G45:O45) -> 1602310.7 | G45: =+'G-5 Function Rate Base'!$D$80*VLOOKUP($E$45,'G-7 Allocations'!$D$5:$N$106,'G-3 COST OF SERVICE'!G77,FALSE) -> 0 | H45: =+'G-5 Function Rate Base'!$D$80*VLOOKUP($E$45,'G-7 Allocations'!$D$5:$N$106,'G-3 COST OF SERVICE'!H77,FALSE) -> 0 | I45: =+'G-5 Function Rate Base'!$D$80*VLOOKUP($E$45,'G-7 Allocations'!$D$5:$N$106,'G-3 COST OF SERVICE'!I77,FALSE) -> 1476766.5 | J45: =+'G-5 Function Rate Base'!$D$80*VLOOKUP($E$45,'G-7 Allocations'!$D$5:$N$106,'G-3 COST OF SERVICE'!J77,FALSE) -> 0 | K45: =+'G-5 Function Rate Base'!$D$80*VLOOKUP($E$45,'G-7 Allocations'!$D$5:$N$106,'G-3 COST OF SERVICE'!K77,FALSE) -> 0 | L45: =+'G-5 Function Rate Base'!$D$80*VLOOKUP($E$45,'G-7 Allocations'!$D$5:$N$106,'G-3 COST OF SERVICE'!L77,FALSE) -> 124812.48 | M45: =+'G-5 Function Rate Base'!$D$80*VLOOKUP($E$45,'G-7 Allocations'!$D$5:$N$106,'G-3 COST OF SERVICE'!M77,FALSE) -> 0 | N45: =+'G-5 Function Rate Base'!$D$80*VLOOKUP($E$45,'G-7 Allocations'!$D$5:$N$106,'G-3 COST OF SERVICE'!N77,FALSE) -> 0 | O45: =+'G-5 Function Rate Base'!$D$80*VLOOKUP($E$45,'G-7 Allocations'!$D$5:$N$106,'G-3 COST OF SERVICE'!O77,FALSE) -> 731.78478 | Q45: =F45-'Rate Base'!C78 -> 0 | S45: =SUM(G45,J45,M45)-'G-5 Function Rate Base'!E80 -> 0 | T45: =SUM(H45,K45,N45)-'G-5 Function Rate Base'!F80 -> 0 | U45: =SUM(I45,L45,O45)-'G-5 Function Rate Base'!G80 -> 0
A46: =+A45+1 -> 43 | B46: 385 | C46: Industrial Measuring Regulating Station Equipment | D46: CUST385 | E46: =_xlfn.IFNA(VLOOKUP(D46,'G-7 Allocations'!$C$63:$D$106,2,),VLOOKUP(D46,'G-7 Allocations'!$C$10:$D$15,2,)) -> 9 | F46: =SUM(G46:O46) -> 1086037.8 | G46: =+'G-5 Function Rate Base'!$D$81*VLOOKUP($E$46,'G-7 Allocations'!$D$5:$N$106,'G-3 COST OF SERVICE'!G77,FALSE) -> 0 | H46: =+'G-5 Function Rate Base'!$D$81*VLOOKUP($E$46,'G-7 Allocations'!$D$5:$N$106,'G-3 COST OF SERVICE'!H77,FALSE) -> 0 | I46: =+'G-5 Function Rate Base'!$D$81*VLOOKUP($E$46,'G-7 Allocations'!$D$5:$N$106,'G-3 COST OF SERVICE'!I77,FALSE) -> 0 | J46: =+'G-5 Function Rate Base'!$D$81*VLOOKUP($E$46,'G-7 Allocations'!$D$5:$N$106,'G-3 COST OF SERVICE'!J77,FALSE) -> 0 | K46: =+'G-5 Function Rate Base'!$D$81*VLOOKUP($E$46,'G-7 Allocations'!$D$5:$N$106,'G-3 COST OF SERVICE'!K77,FALSE) -> 0 | L46: =+'G-5 Function Rate Base'!$D$81*VLOOKUP($E$46,'G-7 Allocations'!$D$5:$N$106,'G-3 COST OF SERVICE'!L77,FALSE) -> 0 | M46: =+'G-5 Function Rate Base'!$D$81*VLOOKUP($E$46,'G-7 Allocations'!$D$5:$N$106,'G-3 COST OF SERVICE'!M77,FALSE) -> 0 | N46: =+'G-5 Function Rate Base'!$D$81*VLOOKUP($E$46,'G-7 Allocations'!$D$5:$N$106,'G-3 COST OF SERVICE'!N77,FALSE) -> 0 | O46: =+'G-5 Function Rate Base'!$D$81*VLOOKUP($E$46,'G-7 Allocations'!$D$5:$N$106,'G-3 COST OF SERVICE'!O77,FALSE) -> 1086037.8 | Q46: =F46-'Rate Base'!C79 -> 0 | S46: =SUM(G46,J46,M46)-'G-5 Function Rate Base'!E81 -> 0 | T46: =SUM(H46,K46,N46)-'G-5 Function Rate Base'!F81 -> 0 | U46: =SUM(I46,L46,O46)-'G-5 Function Rate Base'!G81 -> 0
A47: =+A46+1 -> 44 | B47: 387 | C47: Other Equipment | D47: =+'G-7 Allocations'!$C$13 -> DISTR | E47: =_xlfn.IFNA(VLOOKUP(D47,'G-7 Allocations'!$C$63:$D$106,2,),VLOOKUP(D47,'G-7 Allocations'!$C$10:$D$15,2,)) -> 42 | F47: =SUM(G47:O47) -> 1443407.6 | G47: =+'G-5 Function Rate Base'!$D$82*VLOOKUP($E$47,'G-7 Allocations'!$D$5:$N$106,'G-3 COST OF SERVICE'!G77,FALSE) -> 790865.07 | H47: =+'G-5 Function Rate Base'!$D$82*VLOOKUP($E$47,'G-7 Allocations'!$D$5:$N$106,'G-3 COST OF SERVICE'!H77,FALSE) -> 0 | I47: =+'G-5 Function Rate Base'!$D$82*VLOOKUP($E$47,'G-7 Allocations'!$D$5:$N$106,'G-3 COST OF SERVICE'!I77,FALSE) -> 0 | J47: =+'G-5 Function Rate Base'!$D$82*VLOOKUP($E$47,'G-7 Allocations'!$D$5:$N$106,'G-3 COST OF SERVICE'!J77,FALSE) -> 340059.81 | K47: =+'G-5 Function Rate Base'!$D$82*VLOOKUP($E$47,'G-7 Allocations'!$D$5:$N$106,'G-3 COST OF SERVICE'!K77,FALSE) -> 0 | L47: =+'G-5 Function Rate Base'!$D$82*VLOOKUP($E$47,'G-7 Allocations'!$D$5:$N$106,'G-3 COST OF SERVICE'!L77,FALSE) -> 0 | M47: =+'G-5 Function Rate Base'!$D$82*VLOOKUP($E$47,'G-7 Allocations'!$D$5:$N$106,'G-3 COST OF SERVICE'!M77,FALSE) -> 312482.7 | N47: =+'G-5 Function Rate Base'!$D$82*VLOOKUP($E$47,'G-7 Allocations'!$D$5:$N$106,'G-3 COST OF SERVICE'!N77,FALSE) -> 0 | O47: =+'G-5 Function Rate Base'!$D$82*VLOOKUP($E$47,'G-7 Allocations'!$D$5:$N$106,'G-3 COST OF SERVICE'!O77,FALSE) -> 0 | Q47: =F47-'Rate Base'!C80 -> 0 | S47: =SUM(G47,J47,M47)-'G-5 Function Rate Base'!E82 -> 0 | T47: =SUM(H47,K47,N47)-'G-5 Function Rate Base'!F82 -> 0 | U47: =SUM(I47,L47,O47)-'G-5 Function Rate Base'!G82 -> 0
A48: =+A47+1 -> 45 | C48: Total Distribution Plant AD | F48: =SUM(F36:F47) -> 1.9674777e+08 | G48: =SUM(G36:G47) -> 29867419 | H48: =SUM(H36:H47) -> 0 | I48: =SUM(I36:I47) -> 1.2885803e+08 | J48: =SUM(J36:J47) -> 12842530 | K48: =SUM(K36:K47) -> 0 | L48: =SUM(L36:L47) -> 12124906 | M48: =SUM(M36:M47) -> 11801067 | ... O48: =SUM(O36:O47) -> 1253813.6 | Q48: =F48-'Rate Base'!C82 -> 0 | S48: =SUM(G48,J48,M48)-'G-5 Function Rate Base'!E83 -> 0 | T48: =SUM(H48,K48,N48)-'G-5 Function Rate Base'!F83 -> 0 | U48: =SUM(I48,L48,O48)-'G-5 Function Rate Base'!G83 -> 0
A49: =+A48+1 -> 46
A50: =+A49+1 -> 47 | B50: 389-398 | C50: Total General Plant AD | D50: PISXIG | E50: =_xlfn.IFNA(VLOOKUP(D50,'G-7 Allocations'!$C$63:$D$106,2,),VLOOKUP(D50,'G-7 Allocations'!$C$10:$D$15,2,)) -> 19 | F50: =SUM(G50:O50) -> 23696110 | G50: =+'G-5 Function Rate Base'!$D$96*VLOOKUP($E$50,'G-7 Allocations'!$D$5:$N$106,'G-3 COST OF SERVICE'!G77,FALSE) -> 3680937.3 | H50: =+'G-5 Function Rate Base'!$D$96*VLOOKUP($E$50,'G-7 Allocations'!$D$5:$N$106,'G-3 COST OF SERVICE'!H77,FALSE) -> 0 | I50: =+'G-5 Function Rate Base'!$D$96*VLOOKUP($E$50,'G-7 Allocations'!$D$5:$N$106,'G-3 COST OF SERVICE'!I77,FALSE) -> 15261969 | J50: =+'G-5 Function Rate Base'!$D$96*VLOOKUP($E$50,'G-7 Allocations'!$D$5:$N$106,'G-3 COST OF SERVICE'!J77,FALSE) -> 1582746.4 | K50: =+'G-5 Function Rate Base'!$D$96*VLOOKUP($E$50,'G-7 Allocations'!$D$5:$N$106,'G-3 COST OF SERVICE'!K77,FALSE) -> 0 | L50: =+'G-5 Function Rate Base'!$D$96*VLOOKUP($E$50,'G-7 Allocations'!$D$5:$N$106,'G-3 COST OF SERVICE'!L77,FALSE) -> 1566491 | M50: =+'G-5 Function Rate Base'!$D$96*VLOOKUP($E$50,'G-7 Allocations'!$D$5:$N$106,'G-3 COST OF SERVICE'!M77,FALSE) -> 1454393.8 | N50: =+'G-5 Function Rate Base'!$D$96*VLOOKUP($E$50,'G-7 Allocations'!$D$5:$N$106,'G-3 COST OF SERVICE'!N77,FALSE) -> 0 | O50: =+'G-5 Function Rate Base'!$D$96*VLOOKUP($E$50,'G-7 Allocations'!$D$5:$N$106,'G-3 COST OF SERVICE'!O77,FALSE) -> 149572.78 | Q50: =F50-'Rate Base'!C96 -> 0 | S50: =SUM(G50,J50,M50)-'G-5 Function Rate Base'!E96 -> 0 | T50: =SUM(H50,K50,N50)-'G-5 Function Rate Base'!F96 -> 0 | U50: =SUM(I50,L50,O50)-'G-5 Function Rate Base'!G96 -> 0
A51: =+A50+1 -> 48
A52: =+A51+1 -> 49 | C52: TOTAL ACCUMULATED DEPRECIATION | F52: =+F50+F48+F33+F31 -> 2.3051215e+08 | G52: =+G50+G48+G33+G31 -> 38916317 | H52: =+H50+H48+H33+H31 -> 0 | I52: =+I50+I48+I33+I31 -> 1.4436379e+08 | J52: =+J50+J48+J33+J31 -> 16733417 | K52: =+K50+K48+K33+K31 -> 0 | L52: =+L50+L48+L33+L31 -> 13716420 | M52: =+M50+M48+M33+M31 -> 15376423 | ... O52: =+O50+O48+O33+O31 -> 1405775.6 | Q52: =F52-'Rate Base'!C103 -> 0 | S52: =SUM(G52,J52,M52)-'G-5 Function Rate Base'!E103 -> 0 | T52: =SUM(H52,K52,N52)-'G-5 Function Rate Base'!F103 -> 0 | U52: =SUM(I52,L52,O52)-'G-5 Function Rate Base'!G103 -> 0
A53: =+A52+1 -> 50
A54: =+A53+1 -> 51 | C54: TOTAL NET PLANT IN SERVICE | F54: =+F27-F52 -> 3.6204067e+08 | G54: =+G27-SUM(G31,G33,G48,G50) -> 53130427 | H54: =+H27-SUM(H31,H33,H48,H50) -> 0 | I54: =+I27-SUM(I31,I33,I48,I50) -> 2.3728208e+08 | J54: =+J27-SUM(J31,J33,J48,J50) -> 22845266 | K54: =+K27-SUM(K31,K33,K48,K50) -> 0 | L54: =+L27-SUM(L31,L33,L48,L50) -> 25455775 | M54: =+M27-SUM(M31,M33,M48,M50) -> 20992632 | N54: =+N27-SUM(N31,N33,N48,N50) -> 0 | O54: =+O27-SUM(O31,O33,O48,O50) -> 2334491.4 | Q54: =F54-'Rate Base'!C110 -> 1.3945487 | S54: =SUM(G54,J54,M54)-'G-5 Function Rate Base'!E106 -> 0.55710521 | T54: =SUM(H54,K54,N54)-'G-5 Function Rate Base'!F106 -> 0 | U54: =SUM(I54,L54,O54)-'G-5 Function Rate Base'!G106 -> 0.26744348
C56: Working Capital
